Workbook
Name Constr: '23727'!$A$1
Name Constr: '23857'!$A$7
Name Constr: '23938'!$A$1
Name Constr: '24221'!$A$7
Name Constr: '24289'!$A$7
Name Constr: '24659'!$A$1
Name Constr: '24671'!$A$1
Name Constr: '24715'!$A$1
Name Constr: '24780'!$A$1
Name Constr: '24798'!$A$1
Name Constr: '24817'!$A$1
Name Constr: '24865'!$A$1
Name Constr: '24903'!$A$1
Name FOT: '23727'!$D$17
Name FOT: '23857'!$D$17
Name FOT: '23938'!$D$17
Name FOT: '24221'!$D$15
Name FOT: '24289'!$D$17
Name FOT: '24659'!$D$18
Name FOT: '24671'!$D$18
Name FOT: '24715'!$D$18
Name FOT: '24780'!$D$18
Name FOT: '24798'!$D$18
Name FOT: '24817'!$D$18
Name FOT: '24865'!$D$18
Name FOT: '24903'!$D$18
Name Ind: '23727'!$G$9
Name Ind: '23857'!$H$9
Name Ind: '23938'!#REF!
Name Ind: '24221'!$H$9
Name Ind: '24289'!$H$9
Name Ind: '24659'!$G$9
Name Ind: '24671'!$G$9
Name Ind: '24715'!$G$9
Name Ind: '24780'!$G$9
Name Ind: '24798'!$G$9
Name Ind: '24817'!$G$9
Name Ind: '24865'!$G$9
Name Ind: '24903'!$G$9
Name Obj: '23727'!$D$11
Name Obj: '23857'!#REF!
Name Obj: '23938'!$D$10
Name Obj: '24221'!#REF!
Name Obj: '24289'!#REF!
Name Obj: '24659'!#REF!
Name Obj: '24671'!#REF!
Name Obj: '24715'!#REF!
Name Obj: '24780'!#REF!
Name Obj: '24798'!#REF!
Name Obj: '24817'!#REF!
Name Obj: '24865'!$D$11
Name Obj: '24903'!#REF!
Name Obosn: '23727'!$D$12
Name Obosn: '23857'!$D$13
Name Obosn: '23938'!$D$13
Name Obosn: '24221'!$D$13
Name Obosn: '24289'!$D$13
Name Obosn: '24659'!$D$13
Name Obosn: '24671'!$D$13
Name Obosn: '24715'!$D$13

Sheet 23727
A1: СОГЛАСОВАНО: | E1: ФГУП "Комбинат "Электрохимприбор" | M1: УТВЕРЖДАЮ:
G2: (наименование стройки) | M2: Зам. генерального директора
M3: Е.В.Гордеев
A4: _________________ | M4: _________________
A5: " _____ " ________________ 2013 г. | M5: "______ " __________2013 г.
G6: ЛОКАЛЬНЫЙ СМЕТНЫЙ РАСЧЕТ № 23727-П13
G7: (пересчет сметы № 23727)
D9: на монтаж АПС и СОУЭ. Здание 411. Инв.№ 5500453
H10: (наименование работ и затрат, наименование объекта)
D12: Основание: проект № 23769-10-СС Тема КПМ Т6228.220 | N12: Справочно, в тыс.руб. :
D13: Сметная стоимость _______________________________________________________________________________________________ | J13: ___________________________23,501 | L13: тыс. руб. | N13: ВСЕГО: | P13: =P14+P15+P16 -> 134.83551
D14: монтажных работ _______________________________________________________________________________________________ | J14: _______________________________________________________________________________________________16,120 | L14: тыс. руб. | N14: с К=5,56 | P14: =16.12*5.56 -> 89.6272
D15: прочих (ПНР "в холостую") _______________________________________________________________________________________________ | J15: _______________________________________________________________________________________________2,784 | L15: тыс. руб. | N15: с К=9,32 | P15: =9.32*2.784 -> 25.94688
D16: оборудования _______________________________________________________________________________________________ | J16: _______________________________________________________________________________________________4,597 | L16: тыс. руб. | N16: с К=4,19 | P16: =4.19*4.597 -> 19.26143
D17: Средства на оплату труда _______________________________________________________________________________________________ | J17: ___________________________5,352 | L17: тыс. руб. | N17: с К=5,56 | P17: =5.352*5.56 -> 29.75712
D18: Сметная трудоемкость _______________________________________________________________________________________________ | J18: _______________________________________________________________________________________________357,76 | L18: чел.час
D19: Материалы ______________________________________ | K19: =K94/1000 -> 5.977 | L19: тыс.руб. | N19: с К=5,56 | P19: =K19*5.56 -> 33.23212
D20: Составлен(а) в базовых ценах 2001г. в редакции 2009г.
A22: № пп | B22: Обоснова-ние | C22: Наименование | D22: Ед. изм. | E22: Кол. | F22: Стоимость единицы, руб. | J22: Общая стоимость, руб. | O22: Т/з осн. раб.на ед. | P22: Т/з осн. раб. Всего | Q22: Общая масса обору-дования, т
F23: Всего | G23: В том числе | J23: Обору-дование | K23: Всего | L23: В том числе
G24: Осн.З/п | H24: Эк.Маш | I24: З/пМех | L24: Осн.З/п | M24: Эк.Маш | N24: З/пМех
A25: 1 | B25: 2 | C25: 3 | D25: 4 | E25: 5 | F25: 6 | G25: 7 | H25: 8 | I25: 9 | J25: 10 | K25: 11 | L25: 12 | M25: 13 | N25: 14 | O25: 15 | P25: 16 | Q25: 17
A26: Раздел 1. Монтажные работы
A27: 1 | B27: Цена поставщика | C27: ППК "Сигнал-10" (Ц:3698,10руб:1,18:4,19) | D27: шт | E27: 1 | J27: 728 | K27: 728
A28: 2 | B28: ТЕРм10-08-001-06 | C28: Приборы приемно-контрольные сигнальные, концентратор блок базовый на 10 лучей | D28: 1 шт. | E28: 1 | F28: 79.87 | G28: 68.02 | H28: 0.46 | K28: 80 | L28: 68 | O28: 4.8 | P28: 4.8
A29: 3 | B29: Цена поставщика | C29: ИБП "СКАТ-1200Д" (Ц:3910руб:1,18:4,19) | D29: шт | E29: 1 | J29: 791 | K29: 791
A30: 4 | B30: ТЕРм10-02-016-06 | C30: Отдельно устанавливаемый преобразователь или блок питания | D30: 1 шт. | E30: 1 | F30: 256.7 | G30: 157.76 | H30: 33.83 | I30: 6.87 | K30: 257 | L30: 158 | M30: 34 | N30: 7 | O30: 10.1 | P30: 10.1
A31: 5 | B31: Цена поставщика | C31: АКБ 12в 26 А/ч (Ц:2952,40руб:1,18:5.56) | D31: шт | E31: 1 | F31: 450.01 | K31: 450
A32: 6 | B32: Цена поставщика | C32: Пульт контроля и управления С2000-БИ (Ц:4336,20руб:1,18:4,19) | D32: 1 шт. | E32: 1 | J32: 877 | K32: 877
A33: 7 | B33: ТЕРм10-08-001-13 | C33: Монтаж: пульт контроля и управления С2000-БИ | D33: 1 шт. | E33: 1 | F33: 64.92 | G33: 57.52 | H33: 0.37 | K33: 65 | L33: 58 | O33: 4 | P33: 4
A34: 8 | B34: Цена поставщика | C34: Преобразователь интерфейса RS-232 – RS-485, повторитель интерфейса RS-485 с гальванической развязкой, разделитель интерфейса. От +1 до +45С. С2000-ПИ (Ц:3443,80руб:1,18:4,19) | D34: 1 шт. | E34: 1 | J34: 697 | K34: 697
A35: 9 | B35: ТЕРм10-08-001-13 | C35: Монтаж преобразователя интерфейсов | D35: 1 шт. | E35: 1 | F35: 64.92 | G35: 57.52 | H35: 0.37 | K35: 65 | L35: 58 | O35: 4 | P35: 4
A36: 10 | B36: Цена поставщика | C36: Извещатель ИП-212-45 (Ц:240,79руб :1,18:5,56) | D36: шт | E36: 38 | F36: 36.7 | K36: 1395
A37: 11 | B37: ТЕРм10-08-002-02 | C37: Извещатель ПС автоматический дымовой, фотоэлектрический, радиоизотопный, световой в нормальном исполнении | D37: 1 шт. | E37: 34 | F37: 28.38 | G37: 22.76 | H37: 0.46 | K37: 965 | L37: 774 | M37: 16 | O37: 1.68 | P37: 57.12
A38: 12 | B38: Цена поставщика | C38: Извещатель пожарный ручной "ИПР-3СУ" (Ц:171,93руб :1,18:5,56) | D38: шт | E38: 3 | F38: 26.21 | K38: 79
A39: 13 | B39: ТЕРм10-04-066-05 прим. | C39: Монтаж: извещатель ручной | D39: 1 шт. | E39: 3 | F39: 13.89 | G39: 12.78 | K39: 42 | L39: 38 | O39: 1 | P39: 3
A40: 14 | B40: Цена поставщика | C40: Сирена "Колибри" (Ц:189,97руб :1,18:5,56) | D40: шт | E40: 3 | F40: 28.96 | K40: 87
A41: 15 | B41: Цена поставщика | C41: Сирена "ТОН-1С-12" (Ц:274,56руб :1,18:5,56) | D41: шт | E41: 1 | F41: 41.85 | K41: 42
A42: 16 | B42: ТЕРм10-04-066-05 | C42: Монтаж: оповещатель звуковой | D42: 1 шт. | E42: 4 | F42: 13.89 | G42: 12.78 | K42: 56 | L42: 51 | O42: 1 | P42: 4
A43: 17 | B43: Цена поставщика | C43: Оповещатель световой "Блик-С12" (Ц:219,12руб :1,18:5,56) | D43: шт | E43: 4 | F43: 33.4 | K43: 134
A44: 18 | B44: ТЕРм10-04-066-06 | C44: Монтаж: оповещатель световой | D44: 1 шт. | E44: 4 | F44: 98.76 | G44: 74.88 | K44: 395 | L44: 300 | O44: 6 | P44: 24
A45: 19 | B45: Цена поставщика | C45: Пульт контроля и управления С2000-М (Ц:6504,30руб:1,18:4,19) | D45: 1 шт. | E45: 1 | J45: 1316 | K45: 1316
A46: 20 | B46: ТЕРм10-08-001-13 | C46: Монтаж: пульт контроля и управления С2000-М | D46: 1 шт. | E46: 1 | F46: 64.92 | G46: 57.52 | H46: 0.37 | K46: 65 | L46: 58 | O46: 4 | P46: 4
A47: 21 | B47: цена поставщика | C47: Шкаф автоматики со стеклянной дверцей 800х600х250 SR 8625V (Ц:9262,94руб :1,18:5,56) | D47: шт | E47: 1 | F47: 1411.86 | K47: 1412
A48: 22 | B48: цена поставщика | C48: Плата монтажная PF 8060 (Ц:2817,94руб :1,18:5,56) | D48: шт | E48: 1 | F48: 429.51 | K48: 430
A49: 23 | B49: цена поставщика | C49: Петли для крепления шкафа АА 1206 (Ц:351,13руб :1,18:5,56) | D49: копл-кт | E49: 1 | F49: 53.52 | K49: 54
A50: 24 | B50: цена поставщика | C50: Комплект стоек длиной 25 мм (12 шт) АА 8025 (Ц:554,68руб :1,18:5,56) | D50: шт | E50: 1 | F50: 84.54 | K50: 85
A51: 25 | B51: ТЕРм10-06-037-05 | C51: Шкаф для приборов | D51: 1 шт. | E51: 1 | F51: 121.87 | G51: 26.33 | H51: 2.39 | K51: 122 | L51: 26 | M51: 2 | O51: 2.06 | P51: 2.06
A52: 26 | B52: ТЕРм08-01-082-01 | C52: Монтаж: рейка зажимов | D52: 100 шт. | E52: 0.01 | F52: 1335.56 | G52: 636.85 | H52: 33.85 | I52: 2 | K52: 13 | L52: 6 | O52: 47 | P52: 0.47
A53: 27 | B53: ТСЦ-509-0064 | C53: DIN-рейка | D53: м | E53: 0.15 | F53: 51.17 | K53: 8
A54: 28 | B54: ТЕРм10-01-038-08 | C54: Монтаж: короб металлический | D54: 1 м | E54: 74 | F54: 11.87 | G54: 9.37 | H54: 2.31 | I54: 0.47 | K54: 878 | L54: 693 | M54: 171 | N54: 35 | O54: 0.78 | P54: 57.72
A55: 29 | B55: ФССЦ-509-1841 | C55: Кабель-канал (короб) 15х15 мм с комплектующими элементами КОЭФ. К ПОЗИЦИИ: Приведение расценок ФЕР к территориальному уровню (Письмо УРЦЦС Ц-297 от 12.04.2011) ОЗП=1,41; ЭМ=1,242; ЗПМ=1,41; МАТ=1,052 | D55: м | E55: 74 | F55: 7.52 | K55: 556
A56: 30 | B56: ТСЦ-509-0584 | C56: Резисторы | D56: шт. | E56: 37 | F56: 1.19 | K56: 44
A57: 31 | B57: ТЕРм11-03-001-01 | C57: Монтаж: резисторы, диоды | D57: 1 шт. | E57: 37 | F57: 8.41 | G57: 7.26 | K57: 311 | L57: 269 | O57: 0.52 | P57: 19.24
A58: 32 | B58: ТЕРм08-02-399-01 | C58: Провод в коробах, сечением до 6 мм2 | D58: 100 м | E58: 3.33 | F58: 189.23 | G58: 46.64 | H58: 56.09 | I58: 24.55 | K58: 630 | L58: 155 | M58: 187 | N58: 82 | O58: 3.52 | P58: 11.72
A59: 33 | B59: ТСЦ-502-0581 | C59: Провода кроссовые станционные с изоляцией из поливинилхлоридного пластиката марки ПКСВ с двумя медными однопроволочными жилами диаметром 0,5 мм | D59: 1000 м | E59: 0.298 | F59: 750 | K59: 224
A60: 34 | B60: Цена поставщика | C60: Кабель для информационных сетей UT1 Cat 5 (500м) 1х2х0,52мм (Ц:1980руб :1,18:5,56) | D60: м | E60: 12 | F60: 0.6 | K60: 7
A61: 35 | B61: ФССЦ-501-8442 | C61: Кабель силовой с медными жилами с поливинилхлоридной изоляцией и оболочкой, не распространяющий горение марки ВВГнг, напряжением 0,66 кВ, с числом жил - 3 и сечением 1,5 мм2 КОЭФ. К ПОЗИЦИИ: Приведение расценок ФЕР к территориальному уровню (Письмо УРЦЦС Ц-297 от 12.04.2011) ОЗП=1,41; ЭМ=1,242; ЗПМ=1,41; МАТ=1,052 | D61: 1000 м | E61: 0.011 | F61: 3194.61 | K61: 35
A62: 36 | B62: ФССЦ-501-8183 | C62: Кабель силовой с медными жилами с поливинилхлоридной изоляцией в поливинилхлоридной оболочке без защитного покрова ВВГ, напряжением 0,66 Кв, число жил – 2 и сечением 1,5 мм2 КОЭФ. К ПОЗИЦИИ: Приведение расценок ФЕР к территориальному уровню (Письмо УРЦЦС Ц-297 от 12.04.2011) ОЗП=1,41; ЭМ=1,242; ЗПМ=1,41; МАТ=1,052 | D62: 1000 м | E62: 0.012 | F62: 2414.37 | K62: 29
A63: Раздел 2. Пусконаладочные работы (в холостую 80%)
A64: 37 | B64: ТЕРп01-10-001-01 | C64: Сбор и реализация сигналов информации устройств защиты, автоматики электрических и технологических режимов КОЭФ. К ПОЗИЦИИ: 0.10 При выполнении пусконаладочных работ на высоте от 2 до 8м ОЗП=1,1; ТЗ=1,1 | D64: 1 сигнал | E64: 45 | F64: 27.19 | G64: 27.19 | K64: 1224 | L64: 1224 | O64: 1.65 | P64: 74.25
A65: 38 | B65: ТЕРп01-10-010-01 | C65: Схема контроля изоляции электрической сети с помощью электроизмерительных приборов | D65: 1 схема | E65: 2 | F65: 95.38 | G65: 95.38 | K65: 191 | L65: 191 | O65: 6 | P65: 12
A66: Итого прямые затраты по смете в ценах 2001г. | K66: 14839 | L66: 4127 | M66: 410 | N66: 124 | P66: 292.48
A67: Итого прямые затраты по смете с учетом коэффициентов к итогам | K67: 16313 | L67: 5177 | M67: 562 | N67: 175 | P67: 357.76
A68: В том числе, справочно:
A69: Районный к-т 4,3% (Поз. 2, 4, 7, 9, 11, 20, 28, 31, 13, 16, 18, 25-26, 32, 37-38) | K69: 184 | L69: 177 | M69: 5 | N69: 5
A70: Заготовительно-складские расходы на материалы - согласно п.4.64 из МДС 81-35.2004 МАТ=1,02 (Поз. 5, 10, 12, 14-15, 17, 21-24, 34) | K70: 84
A71: Транспортные расходы на оборудование - согласно п.4.60 из МДС 81-35.2004 ПЗ=1,03 (ОЗП=1,03; ЭМ=1,03; МАТ=1,03) (Поз. 1, 3, 6, 8, 19) | K71: 133
A72: Заготовительно-складские расходы на оборудование - согласно п.4.64 из МДС 81-35.2004 ПЗ=1,012 (ОЗП=1,012; ЭМ=1,012; МАТ=1,012) (Поз. 1, 3, 6, 8, 19) | K72: 55
A73: 2. Производство монтажных работ в существующих зданиях и сооружениях в стесненных условиях ОЗП=1,35; ЭМ=1,35; ЗПМ=1,35; ТЗ=1,35; ТЗМ=1,35 (Поз. 2, 4, 7, 9, 11, 20, 28, 31, 13, 16, 18, 25-26, 32) | K73: 1136 | L73: 990 | M73: 146 | N73: 46 | P73: 72.1805
A74: 3. ПНР на действующих предприятиях в зданиях при наличии в зоне производства работ загромождающих помещения предметов ОЗП=1,15; ТЗ=1,15 (Поз. 37-38) | K74: 221 | L74: 221 | P74: 12.9375
A75: Пусконаладочные работы (в холостую 80%) ПЗ=0,8 (ОЗП=0,8; ЭМ=0,8; ЗПМ=0,8; МАТ=0,8; ТЗ=0,8; ТЗМ=0,8) (Поз. 37-38) | K75: -339 | L75: -339 | P75: -19.838
A76: Накладные расходы | K76: 4203
A77: В том числе, справочно:
A78: 65% ФОТ (от 1358) (Поз. 37-38) | K78: 883
A79: 80% ФОТ (от 3067) (Поз. 2, 4, 7, 9, 11, 20, 28, 31) | K79: 2454
A80: 92% ФОТ (от 548) (Поз. 13, 16, 18) | K80: 504
A81: 95% ФОТ (от 343) (Поз. 26, 32) | K81: 326
A82: 100% ФОТ (от 36) (Поз. 25) | K82: 36
A83: Сметная прибыль | K83: 2985
A84: В том числе, справочно:
A85: 40% ФОТ (от 1358) (Поз. 37-38) | K85: 543
A86: 60% ФОТ (от 3067) (Поз. 2, 4, 7, 9, 11, 20, 28, 31) | K86: 1840
A87: 65% ФОТ (от 927) (Поз. 13, 16, 18, 25-26, 32) | K87: 602
A88: Итоги по смете:
A89: Итого Монтажные работы | K89: 16120 | P89: 278.41
A90: Итого Оборудование | K90: 4597
A91: Итого Прочие затраты | K91: 2784 | P91: 79.35
A92: Итого | K92: 23501 | P92: 357.76
A93: В том числе:
A94: Материалы | K94: 5977
A95: Машины и механизмы | K95: =562-N67 -> 387
A96: ФОТ | K96: 5352
A97: Оборудование | K97: 4597
A98: Накладные расходы | K98: 4203
A99: Сметная прибыль | K99: 2985
A100: ВСЕГО по смете | K100: =SUM(K94:K99) -> 23501 | P100: 357.76

Sheet 23857
A1: СОГЛАСОВАНО: | E1: ФГУП "Комбинат "Электрохимприбор" | M1: УТВЕРЖДАЮ:
G2: (наименование стройки) | M2: Зам. генерального директора
M3: Е.В.Гордеев
A4: _________________ | M4: _________________
A5: " _____ " ________________ 2013 г. | M5: "______ " __________2013 г.
G6: ЛОКАЛЬНЫЙ СМЕТНЫЙ РАСЧЕТ № 23857-П13
G7: (пересчет сметы № 23857)
C9: на | D9: монтаж СОУЭ, системы отключения вентиляции при пожаре. Здание 292. Инв. № 7612877
D10: Раздел: Система оповещения и управления эвакуацией людей при пожаре
G11: (наименование работ и затрат, наименование объекта)
D13: Основание: проект №23854-10-СС Тема КПМ Т6243.220 | N13: Справочно, в тыс.руб. :
D14: Сметная стоимость _______________________________________________________________________________________________ | J14: ___________________________152,475 | L14: тыс. руб. | N14: ВСЕГО: | P14: =P15+P16 -> 866.51212
D15: монтажных работ _______________________________________________________________________________________________ | J15: _______________________________________________________________________________________________147,488 | L15: тыс. руб. | N15: с К=5,56 | P15: =147.488*5.56 -> 820.03328
D16: прочих (ПНР "в холостую") _______________________________________________________________________________________________ | J16: _______________________________________________________________________________________________4,987 | L16: тыс. руб. | N16: с К=9,32 | P16: =4.987*9.32 -> 46.47884
D17: Средства на оплату труда _______________________________________________________________________________________________ | J17: ___________________________29,598 | L17: тыс. руб. | N17: с К=5,56 | P17: =29.598*5.56 -> 164.56488
D18: Сметная трудоемкость _______________________________________________________________________________________________ | J18: _______________________________________________________________________________________________2078,05 | L18: чел.час
D19: Составлен(а) в базовых ценах 2001г. в редакции 2009г.
A21: № пп | B21: Обоснование | C21: Наименование | D21: Ед. изм. | E21: Кол. | F21: Стоимость единицы, руб. | J21: Общая стоимость, руб. | N21: Т/з осн. раб.на ед. | O21: Т/з осн. раб. Всего | P21: Т/з мех. на ед. | Q21: Т/з мех. Всего
F22: Всего | G22: В том числе | J22: Всего | K22: В том числе
G23: Осн.З/п | H23: Эк.Маш | I23: З/пМех | K23: Осн.З/п | L23: Эк.Маш | M23: З/пМех
A24: 1 | B24: 2 | C24: 3 | D24: 4 | E24: 5 | F24: 6 | G24: 7 | H24: 8 | I24: 9 | J24: 10 | K24: 11 | L24: 12 | M24: 13 | N24: 14 | O24: 15 | P24: 16 | Q24: 17
A25: Раздел 1. Монтажные работы
A26: 1 | B26: ФССЦ-509-1778 | C26: Источник бесперебойного питания СКАТ-1200, без аккумулятора КОЭФ. К ПОЗИЦИИ: Приведение расценок ФЕР к территориальному уровню (Письмо УРЦЦС Ц-297 от 12.04.2011) ОЗП=1,41; ЭМ=1,242; ЗПМ=1,41; МАТ=1,052 | D26: шт. | E26: 2 | F26: 1335.61 | J26: 2671
A27: 2 | B27: ТЕРм10-02-016-06 | C27: Монтаж: преобразователь или блок питания | D27: 1 шт. | E27: 2 | F27: 256.7 | G27: 157.76 | H27: 33.83 | I27: 6.87 | J27: 513 | K27: 316 | L27: 68 | M27: 14 | N27: 10.1 | O27: 20.2 | P27: 0.44 | Q27: 0.88
A28: 3 | B28: ФССЦ-509-1810 | C28: Батарея аккумуляторная АКБ-7 12В/7 А/ч КОЭФ. К ПОЗИЦИИ: Приведение расценок ФЕР к территориальному уровню (Письмо УРЦЦС Ц-297 от 12.04.2011) ОЗП=1,41; ЭМ=1,242; ЗПМ=1,41; МАТ=1,052 | D28: шт. | E28: 2 | F28: 81.53 | J28: 163
A29: 4 | B29: ФССЦ-509-1930 прим. | C29: Оповещатель комбинированный светозвуковой МАЯК 12-3М КОЭФ. К ПОЗИЦИИ: Приведение расценок ФЕР к территориальному уровню (Письмо УРЦЦС Ц-297 от 12.04.2011) ОЗП=1,41; ЭМ=1,242; ЗПМ=1,41; МАТ=1,052 | D29: шт. | E29: 19 | F29: 47.67 | J29: 906
A30: 5 | B30: ТЕРм10-04-066-06 | C30: Монтаж оповещателя светового Маяк | D30: 1 шт. | E30: 17 | F30: 98.76 | G30: 74.88 | J30: 1679 | K30: 1273 | N30: 6 | O30: 102
A31: 6 | B31: ФССЦ-509-1919 | C31: Извещатель охранный для закрытых помещений, совмещенный СОВА-3 КОЭФ. К ПОЗИЦИИ: Приведение расценок ФЕР к территориальному уровню (Письмо УРЦЦС Ц-297 от 12.04.2011) ОЗП=1,41; ЭМ=1,242; ЗПМ=1,41; МАТ=1,052 | D31: шт. | E31: 6 | F31: 459.6 | J31: 2758
A32: 7 | B32: ФССЦ-509-1919 | C32: Извещатель охранный для закрытых помещений, совмещенный СОВА КОЭФ. К ПОЗИЦИИ: Приведение расценок ФЕР к территориальному уровню (Письмо УРЦЦС Ц-297 от 12.04.2011) ОЗП=1,41; ЭМ=1,242; ЗПМ=1,41; МАТ=1,052 | D32: шт. | E32: 10 | F32: 459.6 | J32: 4596
A33: 8 | B33: ТЕРм10-04-066-06 прим. | C33: Монтаж оповещателя комбинированного | D33: 1 шт. | E33: 16 | F33: 98.76 | G33: 74.88 | J33: 1580 | K33: 1198 | N33: 6 | O33: 96
A34: 9 | B34: Цена поставщика | C34: Оповещатель световой "Блик-С12" (Ц:219,12руб :1,18:5,56) | D34: шт | E34: 32 | F34: 33.4 | J34: 1069
A35: 10 | B35: Цена поставщика | C35: Оповещатель световой "Блик-С24" (Ц:219,12руб :1,18:5,56) | D35: шт | E35: 15 | F35: 33.4 | J35: 501
A36: 11 | B36: ТЕРм10-04-066-06 | C36: Монтаж оповещателя светового | D36: 1 шт. | E36: 44 | F36: 98.76 | G36: 74.88 | J36: 4345 | K36: 3295 | N36: 6 | O36: 264
A37: 12 | B37: ТСЦ-503-0455 | C37: Коробка телефонная распределительная марки КРТ-10 | D37: шт. | E37: 5 | F37: 55.3 | J37: 277
A38: 13 | B38: ТЕРм10-06-034-12 | C38: Коробка распределительная настенная на кабеле с пластмассовой оболочкой | D38: 1 коробка | E38: 5 | F38: 85.55 | G38: 27.1 | H38: 42.92 | I38: 5.31 | J38: 428 | K38: 136 | L38: 215 | M38: 27 | N38: 2 | O38: 10 | P38: 0.34 | Q38: 1.7
A39: 14 | B39: ФССЦ-503-0541 прим. | C39: Разветвительная коробка КЗНС-08 КОЭФ. К ПОЗИЦИИ: Приведение расценок ФЕР к территориальному уровню (Письмо УРЦЦС Ц-297 от 12.04.2011) ОЗП=1,41; ЭМ=1,242; ЗПМ=1,41; МАТ=1,052 | D39: шт. | E39: 22 | F39: 499.42 | J39: 10987
A40: 15 | B40: ТЕРм08-03-545-05 | C40: Коробка с зажимами, устанавливаемая на конструкции на стене или колонне, для кабелей или проводов сечением до 10 мм2, с количеством зажимов до 4 | D40: 1 шт. | E40: 22 | F40: 137.5 | G40: 31.8 | H40: 2.36 | J40: 3025 | K40: 700 | L40: 52 | N40: 2.4 | O40: 52.8
A41: 16 | B41: ТЕРм08-02-399-01 | C41: Провод в коробах, сечением до 6 мм2 | D41: 100 м | E41: 15 | F41: 189.23 | G41: 46.64 | H41: 56.09 | I41: 24.55 | J41: 2838 | K41: 700 | L41: 841 | M41: 368 | N41: 3.52 | O41: 52.8 | P41: 1.57 | Q41: 23.55
A42: 17 | B42: Цена поставщика | C42: Провода кроссовые станционные с изоляцией из поливинилхлоридного пластиката марки ПКСВ с двумя медными однопроволочными жилами диаметром 1,5 мм (Ц:7070руб:1,18:5,56) | D42: 1000 м | E42: 1.1 | F42: 1077.61 | J42: 1185
A43: 18 | B43: Цена поставщика | C43: Провода марки ТСВ 10х2х0,5 (Ц:23710руб:1,18:5,56) | D43: 1000 м | E43: 0.4 | F43: 36125.17 | J43: 14450
A44: 19 | B44: ТЕРм10-01-038-08 | C44: Монтаж: короб металлический | D44: 1 м | E44: 900 | F44: 11.87 | G44: 9.37 | H44: 2.31 | I44: 0.47 | J44: 10683 | K44: 8433 | L44: 2079 | M44: 423 | N44: 0.78 | O44: 702 | P44: 0.03 | Q44: 27
A45: 20 | B45: ФССЦ-509-1841 | C45: Кабель-канал (короб) 15х15 мм с комплектующими элементами КОЭФ. К ПОЗИЦИИ: Приведение расценок ФЕР к территориальному уровню (Письмо УРЦЦС Ц-297 от 12.04.2011) ОЗП=1,41; ЭМ=1,242; ЗПМ=1,41; МАТ=1,052 | D45: м | E45: 300 | F45: 7.52 | J45: 2256
A46: 21 | B46: ФССЦ-509-1842 | C46: Кабель-канал (короб) 20х25 мм с комплектующими элементами КОЭФ. К ПОЗИЦИИ: Приведение расценок ФЕР к территориальному уровню (Письмо УРЦЦС Ц-297 от 12.04.2011) ОЗП=1,41; ЭМ=1,242; ЗПМ=1,41; МАТ=1,052 | D46: м | E46: 600 | F46: 15.04 | J46: 9024
A47: 22 | B47: ТЕРм08-02-146-01 | C47: Кабель до 35 кВ с креплением накладными скобами, масса 1 м кабеля до 0,5 кг КОЭФ. К ПОЗИЦИИ: 0.6 При производстве работ на высоте свыше расстояний, указанных в вводных указаниях к разделам: св.2 до 8м ОЗП=1,05; ТЗ=1,05 | D47: 100 м кабеля | E47: 4 | F47: 2838.69 | G47: 209.15 | H47: 1292.95 | I47: 147.72 | J47: 11355 | K47: 837 | L47: 5172 | M47: 591 | N47: 15.44 | O47: 61.76 | P47: 8.36 | Q47: 33.44
A48: 23 | B48: Цена поставщика | C48: Кабель КВБбШв 4х1,5 (Ц:46440руб :1,18:5,56) | D48: 1000 м | E48: 0.4 | F48: 7078.41 | J48: 2831
A49: 24 | B49: Цена поставщика | C49: Релейный усилитель на 2 канала УК-ВК/02 (Ц:381,26руб:1,18:5,56) | D49: шт | E49: 20 | F49: 58.11 | J49: 1162
A50: 25 | B50: ТЕРм10-08-003-04 прим. | C50: Монтаж: Релейный усилитель УК-ВК | D50: 1 шт. | E50: 19 | F50: 55.9 | G50: 48.78 | H50: 0.37 | J50: 1062 | K50: 927 | L50: 7 | N50: 3.6 | O50: 68.4
A51: 26 | B51: ТЕРм10-06-037-05 | C51: Шкаф настенный для приборов | D51: 1 шт. | E51: 1 | F51: 121.87 | G51: 26.33 | H51: 2.39 | J51: 122 | K51: 26 | L51: 2 | N51: 2.06 | O51: 2.06
A52: 27 | B52: ТЕРм10-03-001-04 | C52: Монтаж: модульная панель в шкаф | D52: 1 шт. | E52: 1 | F52: 34.97 | G52: 27.5 | H52: 6.92 | I52: 1.41 | J52: 35 | K52: 28 | L52: 7 | M52: 1 | N52: 2.29 | O52: 2.29 | P52: 0.09 | Q52: 0.09
A53: 28 | B53: Цена поставщика | C53: Шкаф автоматики со стеклянной дверцей 800х600х300 SR 8630V (Ц:8667,29руб :1,18:5,56) | D53: шт | E53: 1 | F53: 1321.07 | J53: 1321
A54: 29 | B54: Цена поставщика | C54: Плата монтажная для шкафов SR 8630V TQ 1280 (Ц:15822,38руб :1,18:5,56) | D54: шт | E54: 1 | F54: 2411.65 | J54: 2412
A55: 30 | B55: Цена поставщика | C55: Петли для крепления шкафа АА 1206 (Ц:320,31руб :1,18:5,56) | D55: комп-кт | E55: 1 | F55: 48.82 | J55: 49
A56: Раздел 2. Пусконаладочные работы (в холостую 80%)
A57: Пусконаладочные работы пожарной сигнализации и СОУЭ
A58: 31 | B58: ТЕРп01-10-001-01 | C58: Сбор и реализация сигналов информации устройств защиты, автоматики электрических и технологических режимов КОЭФ. К ПОЗИЦИИ: 0.10 При выполнении пусконаладочных работ на высоте от 2 до 8м ОЗП=1,1; ТЗ=1,1 | D58: 1 сигнал | E58: 77 | F58: 27.19 | G58: 27.19 | J58: 2094 | K58: 2094 | N58: 1.65 | O58: 127.05
A59: 32 | B59: ТЕРп01-10-010-01 | C59: Схема контроля изоляции электрической сети с помощью электроизмерительных приборов | D59: 1 схема | E59: 2 | F59: 95.38 | G59: 95.38 | J59: 191 | K59: 191 | N59: 6 | O59: 12
A60: Пусконаладочные работы автоматического отключения вентиляции при пожаре
A61: 33 | B61: ТЕРп01-09-010-03 | C61: Функциональная группа управления релейно-контакторная с общим числом внешних блокировочных связей до 10 | D61: 1 шт. | E61: 1 | F61: 250.28 | G61: 250.28 | J61: 250 | K61: 250 | N61: 15 | O61: 15
A62: Итого прямые затраты по смете в ценах 2001г. | J62: 98818 | K62: 20404 | L62: 8443 | M62: 1424 | O62: 1588.36 | Q62: 86.66
A63: Итого прямые затраты по смете с учетом коэффициентов к итогам | J63: 109544 | K63: 27593 | L63: 11480 | M63: 2005 | O63: 2078.05 | Q63: 117
A64: В том числе, справочно:
A65: Районный к-т 4,3% (Поз. 2, 19, 25, 27, 5, 8, 11, 13, 26, 15-16, 22, 31-33) | J65: 938 | K65: 877 | L65: 61 | M65: 61
A66: Заготовительно-складские расходы на материалы - согласно п.4.64 из МДС 81-35.2004 МАТ=1,02 (Поз. 9-10, 17-18, 23-24, 28-30) | J66: 500
A67: 2. Производство монтажных работ в существующих зданиях и сооружениях в стесненных условиях ОЗП=1,35; ЭМ=1,35; ЗПМ=1,35; ТЗ=1,35; ТЗМ=1,35 (Поз. 2, 19, 25, 27, 5, 8, 11, 13, 26, 15-16, 22) | J67: 9499 | K67: 6523 | L67: 2976 | M67: 520 | O67: 502.0085 | Q67: 30.331
A68: 3. ПНР на действующих предприятиях в зданиях при наличии в зоне производства работ загромождающих помещения предметов ОЗП=1,15; ТЗ=1,15 (Поз. 31-33) | J68: 397 | K68: 397 | O68: 23.1075
A69: Пусконаладочные работы (в холостую 80%) ПЗ=0,8 (ОЗП=0,8; ЭМ=0,8; ЗПМ=0,8; МАТ=0,8; ТЗ=0,8; ТЗМ=0,8) (Поз. 31-33) | J69: -608 | K69: -608 | O69: -35.432
A70: Накладные расходы | J70: 25015
A71: В том числе, справочно:
A72: 65% ФОТ (от 2433) (Поз. 31-33) | J72: 1581
A73: 80% ФОТ (от 14280) (Поз. 2, 19, 25, 27) | J73: 11424
A74: 92% ФОТ (от 8119) (Поз. 5, 8, 11) | J74: 7469
A75: 95% ФОТ (от 4500) (Поз. 15-16, 22) | J75: 4275
A76: 100% ФОТ (от 266) (Поз. 13, 26) | J76: 266
A77: Сметная прибыль | J77: 17916
A78: В том числе, справочно:
A79: 40% ФОТ (от 2433) (Поз. 31-33) | J79: 973
A80: 60% ФОТ (от 14280) (Поз. 2, 19, 25, 27) | J80: 8568
A81: 65% ФОТ (от 12885) (Поз. 5, 8, 11, 13, 26, 15-16, 22) | J81: 8375
A82: Итоги по смете:
A83: Итого Монтажные работы | J83: 147488 | O83: 1936.32 | Q83: 117
A84: Итого Прочие затраты | J84: 4987 | O84: 141.73
A85: Итого | J85: 152475 | O85: 2078.05 | Q85: 117
A86: В том числе:
A87: Материалы | J87: 70471
A88: Машины и механизмы | J88: =11480-M63 -> 9475
A89: ФОТ | J89: 29598
A90: Накладные расходы | J90: 25015
A91: Сметная прибыль | J91: 17916
A92: ВСЕГО по смете | J92: =SUM(J87:J91) -> 152475 | O92: 2078.05 | Q92: 117

Sheet 23938
A1: СОГЛАСОВАНО: | E1: ФГУП "Комбинат "Электрохимприбор" | M1: УТВЕРЖДАЮ:
G2: (наименование стройки) | M2: Зам. генерального директора
M3: Е.В.Гордеев
A4: _________________ | M4: _________________
A5: " _____ " ________________ 2013 г. | M5: "______ " __________2013 г.
G6: ЛОКАЛЬНЫЙ СМЕТНЫЙ РАСЧЕТ № 23938-П13
G7: (пересчет сметы № 23938)
C9: на | D9: монтаж СОУЭ, системы отключения вентиляции при пожаре. Здание 292. Инв. № 7612877
D10: Раздел: электроснабжение огнезадерживающих клапанов.
G11: (наименование работ и затрат, наименование объекта)
D13: Основание: проект № 23926-11-ЭМ "И" Тема КПМ Т6243.220 | N13: Справочно, в тыс.руб. :
D14: Сметная стоимость _______________________________________________________________________________________________ | J14: ___________________________160,906 | L14: тыс. руб. | N14: ВСЕГО: | P14: =P15+P16 -> 731.21691
D15: монтажных работ _______________________________________________________________________________________________ | J15: _______________________________________________________________________________________________41,621 | L15: тыс. руб. | N15: с К=5,56 | P15: =41.621*5.56 -> 231.41276
D16: оборудования _______________________________________________________________________________________________ | J16: _______________________________________________________________________________________________119,285 | L16: тыс. руб. | N16: с К=4,19 | P16: =119.285*4.19 -> 499.80415
D17: Средства на оплату труда _______________________________________________________________________________________________ | J17: ___________________________5,393 | L17: тыс. руб. | N17: с К=5,56 | P17: =5.393*5.56 -> 29.98508
D18: Сметная трудоемкость _______________________________________________________________________________________________ | J18: _______________________________________________________________________________________________274,74 | L18: чел.час
D19: Составлен(а) в базовых ценах 2001г. в редакции 2009г.
A21: № пп | B21: Обоснова-ние | C21: Наименование | D21: Ед. изм. | E21: Кол. | F21: Стоимость единицы, руб. | J21: Общая стоимость, руб. | O21: Т/з осн. раб.на ед. | P21: Т/з осн. раб. Всего | Q21: Общая масса обору-дования, т
F22: Всего | G22: В том числе | J22: Обору-дование | K22: Всего | L22: В том числе
G23: Осн.З/п | H23: Эк.Маш | I23: З/пМех | L23: Осн.З/п | M23: Эк.Маш | N23: З/пМех
A24: 1 | B24: 2 | C24: 3 | D24: 4 | E24: 5 | F24: 6 | G24: 7 | H24: 8 | I24: 9 | J24: 10 | K24: 11 | L24: 12 | M24: 13 | N24: 14 | O24: 15 | P24: 16 | Q24: 17
A25: Раздел 1. Монтажные работы
A26: 1 | B26: ФССЦ-501-8443 | C26: Кабель силовой с медными жилами с поливинилхлоридной изоляцией и оболочкой, не распространяющий горение марки ВВГнг, напряжением 0,66 кВ, с числом жил - 3 и сечением 2,5 мм2 КОЭФ. К ПОЗИЦИИ: Приведение расценок ФЕР к территориальному уровню (Письмо УРЦЦС Ц-297 от 12.04.2011) ОЗП=1,41; ЭМ=1,242; ЗПМ=1,41; МАТ=1,052 | D26: 1000 м | E26: 0.612 | F26: 5064.35 | K26: 3099
A27: 2 | B27: ТСЦ-501-0796 | C27: Кабели контрольные с медными жилами с поливинилхлоридной изоляцией и оболочкой марки КВВГ, с числом жил - 4 и сечением 1 мм2 | D27: 1000 м | E27: 0.0306 | F27: 6929 | K27: 212
A28: 3 | B28: ТЕРм08-02-148-01 | C28: Кабель до 35 кВ в проложенных трубах, блоках и коробах, масса 1 м кабеля до 1 кг | D28: 100 м кабеля | E28: 0.5 | F28: 798.84 | G28: 168.02 | H28: 544.81 | I28: 57.87 | K28: 399 | L28: 84 | M28: 272 | N28: 29 | O28: 12.4 | P28: 6.2
A29: 4 | B29: ТЕРм08-02-146-01 | C29: Кабель до 35 кВ с креплением накладными скобами, масса 1 м кабеля до 0,5 кг | D29: 100 м кабеля | E29: 5.8 | F29: 2828.73 | G29: 199.19 | H29: 1292.95 | I29: 147.72 | K29: 16407 | L29: 1155 | M29: 7499 | N29: 857 | O29: 14.7 | P29: 85.26
A30: 5 | B30: ТЕРм08-02-407-01 | C30: Труба стальная по установленным конструкциям, по стенам с креплением скобами, диаметр до 25 мм | D30: 100 м | E30: 0.5 | F30: 2527.2 | G30: 408.1 | H30: 897.93 | I30: 320.97 | K30: 1264 | L30: 204 | M30: 449 | N30: 160 | O30: 30.8 | P30: 15.4
A31: 6 | B31: ТЕРм08-02-158-04 | C31: Заделка концевая сухая для контрольного кабеля сечением одной жилы до 2,5 мм2, количество жил до 4 | D31: 1 шт. | E31: 42 | F31: 38.4 | G31: 3.52 | H31: 2.92 | I31: 0.18 | K31: 1613 | L31: 148 | M31: 123 | N31: 8 | O31: 0.26 | P31: 10.92
A32: 7 | B32: ТЕРм08-02-144-01 | C32: Присоединение к зажимам жил проводов или кабелей сечением до 2,5 мм2 | D32: 100 шт. | E32: 1.26 | F32: 165.85 | G32: 162.6 | K32: 209 | L32: 205 | O32: 12 | P32: 15.12
A33: 8 | B33: ТЕРм08-03-481-20 | C33: Подготовка электрической машины переменного тока с короткозамкнутым ротором, со щитовыми подшипниками, поступающей в собранном виде, к испытанию, сдаче под наладку и пуску, присоединение к электрической сети, масса до 0,15 т | D33: 1 шт. | E33: 37 | F33: 94.2 | G33: 16.9 | H33: 0.99 | K33: 3485 | L33: 625 | M33: 37 | O33: 1.21 | P33: 44.77
A34: 9 | B34: Цена поставщика | C34: Устройство сигнально-пусковое УСПП "Диабаз-БМ" НС 199.000.04 (Ц:565805,98:1,18:4,19) счет № 02-9050-42 от 11.12.2012г. | D34: шт | E34: 1 | J34: 114438 | K34: 114438
A35: 10 | B35: ТЕРм10-08-001-01 прим. | C35: Монтаж: устройство сигнально-пусковое УСПП "Диабаз-БМ" | D35: 1 шт. | E35: 1 | F35: 117.52 | G35: 102.02 | H35: 0.46 | K35: 118 | L35: 102 | O35: 7.2 | P35: 7.2
A36: 11 | B36: ТСЦ-103-0001 | C36: Трубы стальные сварные водогазопроводные с резьбой черные легкие (неоцинкованные) диаметр условного прохода 15 мм, толщина стенки 2,5 мм | D36: м | E36: 3.6 | F36: 12.41 | K36: 45
A37: 12 | B37: ТЕРм08-02-407-06 | C37: Монтаж: труба стальная (гильза) | D37: 100 м | E37: 0.036 | F37: 1621.52 | G37: 251.75 | H37: 175.48 | I37: 8.55 | K37: 58 | L37: 9 | M37: 6 | O37: 19 | P37: 0.68
A38: 13 | B38: ТСЦ-103-0002 | C38: Трубы стальные сварные водогазопроводные с резьбой черные легкие (неоцинкованные) диаметр условного прохода 20 мм, толщина стенки 2,5 мм | D38: м | E38: 50 | F38: 14.72 | K38: 736
A39: 14 | B39: ТЕРм08-02-407-06 | C39: Труба стальная по установленным конструкциям, в готовых бороздах, по основанию пола, диаметр до 25 мм | D39: 100 м | E39: 0.5 | F39: 1621.52 | G39: 251.75 | H39: 175.48 | I39: 8.55 | K39: 811 | L39: 126 | M39: 88 | N39: 4 | O39: 19 | P39: 9.5
A40: 15 | B40: ТЕРм08-02-155-01 | C40: Герметизация проходов при вводе кабелей во взрывоопасные помещения уплотнительной массой | D40: 1 проход кабеля | E40: 18 | F40: 22.58 | G40: 6.37 | K40: 406 | L40: 115 | O40: 0.47 | P40: 8.46
A41: Итого прямые затраты по смете в ценах 2001г. | K41: 143300 | L41: 2773 | M41: 8474 | N41: 1058 | P41: 203.51
A42: Итого прямые затраты по смете с учетом коэффициентов к итогам | K42: 152305 | L42: 3904 | M42: 11501 | N42: 1489 | P42: 274.74
A43: В том числе, справочно:
A44: Районный к-т 4,3% (Поз. 3-8, 12, 14-15, 10) | K44: 164 | L44: 119 | M44: 45 | N44: 45
A45: Транспортные расходы на оборудование - согласно п.4.60 из МДС 81-35.2004 ПЗ=1,03 (ОЗП=1,03; ЭМ=1,03; МАТ=1,03) (Поз. 9) | K45: 3433
A46: Заготовительно-складские расходы на оборудование - согласно п.4.64 из МДС 81-35.2004 ПЗ=1,012 (ОЗП=1,012; ЭМ=1,012; МАТ=1,012) (Поз. 9) | K46: 1414
A47: 2. Производство монтажных работ в существующих зданиях и сооружениях в стесненных условиях ОЗП=1,35; ЭМ=1,35; ЗПМ=1,35; ТЗ=1,35; ТЗМ=1,35 (Поз. 3-8, 12, 14-15, 10) | K47: 3994 | L47: 1012 | M47: 2982 | N47: 386 | P47: 71.2285
A48: Накладные расходы | K48: 5102
A49: В том числе, справочно:
A50: 80% ФОТ (от 143) (Поз. 10) | K50: 114
A51: 95% ФОТ (от 5250) (Поз. 3-8, 12, 14-15) | K51: 4988
A52: Сметная прибыль | K52: 3499
A53: В том числе, справочно:
A54: 60% ФОТ (от 143) (Поз. 10) | K54: 86
A55: 65% ФОТ (от 5250) (Поз. 3-8, 12, 14-15) | K55: 3413
A56: Итоги по смете:
A57: Итого Монтажные работы | K57: 41621 | P57: 274.74
A58: Итого Оборудование | K58: 119285
A59: Итого | K59: 160906 | P59: 274.74
A60: В том числе:
A61: Материалы | K61: 17615
A62: Машины и механизмы | K62: =11501-N42 -> 10012
A63: ФОТ | K63: 5393
A64: Оборудование | K64: 119285
A65: Накладные расходы | K65: 5102
A66: Сметная прибыль | K66: 3499
A67: ВСЕГО по смете | K67: =SUM(K61:K66) -> 160906 | P67: 274.74

Sheet 24221
A1: СОГЛАСОВАНО: | E1: ФГУП "Комбинат "Электрохимприбор" | M1: УТВЕРЖДАЮ:
G2: (наименование стройки) | M2: Зам. генерального директора
M3: Е.В.Гордеев
A4: _________________ | M4: _________________
A5: " _____ " ________________ 2013 г. | M5: "______ " __________2013 г.
G6: ЛОКАЛЬНЫЙ СМЕТНЫЙ РАСЧЕТ № 24221-П13
G7: (пересчет сметы № 24221)
C9: на | D9: монтаж СОУЭ, системы отключения вентиляции при пожаре. Здание 292. Инв. № 7612877
D10: Раздел: управление пожарной автоматикой
G11: (наименование работ и затрат, наименование объекта)
D13: Основание: проект № 22262-04-АЭЛ "И" Тема КПМ Т6243.220 | N13: Справочно, в тыс.руб. :
D14: Сметная стоимость монтажных работ _______________________________________________________________________________________________ | J14: ___________________________187,278 | L14: тыс. руб. | N14: ВСЕГО: | P14: =187.278*5.56 -> 1041.2657
D15: Средства на оплату труда _______________________________________________________________________________________________ | J15: ___________________________20,280 | L15: тыс. руб. | N15: с К=5,56 | P15: =20.28*5.56 -> 112.7568
D16: Сметная трудоемкость _______________________________________________________________________________________________ | J16: _______________________________________________________________________________________________960,78 | L16: чел.час
D17: Составлен(а) в базовых ценах 2001г. в редакции 2009г.
A19: № пп | B19: Обоснование | C19: Наименование | D19: Ед. изм. | E19: Кол. | F19: Стоимость единицы, руб. | J19: Общая стоимость, руб. | N19: Т/з осн. раб.на ед. | O19: Т/з осн. раб. Всего | P19: Т/з мех. на ед. | Q19: Т/з мех. Всего
F20: Всего | G20: В том числе | J20: Всего | K20: В том числе
G21: Осн.З/п | H21: Эк.Маш | I21: З/пМех | K21: Осн.З/п | L21: Эк.Маш | M21: З/пМех
A22: 1 | B22: 2 | C22: 3 | D22: 4 | E22: 5 | F22: 6 | G22: 7 | H22: 8 | I22: 9 | J22: 10 | K22: 11 | L22: 12 | M22: 13 | N22: 14 | O22: 15 | P22: 16 | Q22: 17
A23: Раздел 1. Монтажные работы
A24: 1 | B24: ФССЦ-503-0533 | C24: Разветвительная коробка У-614 КОЭФ. К ПОЗИЦИИ: Приведение расценок ФЕР к территориальному уровню (Письмо УРЦЦС Ц-297 от 12.04.2011) ОЗП=1,41; ЭМ=1,242; ЗПМ=1,41; МАТ=1,052 | D24: шт. | E24: 10 | F24: 336.38 | J24: 3364
A25: 2 | B25: ТЕРм08-03-545-01 | C25: Коробка (ящик) с зажимами для кабелей и проводов сечением до 6 мм2, устанавливаемая на конструкции на стене или колонне, количество зажимов до 10 | D25: 1 шт. | E25: 10 | F25: 160.78 | G25: 43.86 | H25: 2.36 | J25: 1608 | K25: 439 | L25: 24 | N25: 3.31 | O25: 33.1
A26: 3 | B26: ФССЦ-503-0534 | C26: Разветвительная коробка У-615 КОЭФ. К ПОЗИЦИИ: Приведение расценок ФЕР к территориальному уровню (Письмо УРЦЦС Ц-297 от 12.04.2011) ОЗП=1,41; ЭМ=1,242; ЗПМ=1,41; МАТ=1,052 | D26: шт. | E26: 8 | F26: 588.54 | J26: 4708
A27: 4 | B27: ТЕРм08-03-545-02 | C27: Коробка (ящик) с зажимами для кабелей и проводов сечением до 6 мм2, устанавливаемая на конструкции на стене или колонне, количество зажимов до 20 | D27: 1 шт. | E27: 8 | F27: 260.86 | G27: 69.28 | H27: 3.07 | J27: 2087 | K27: 554 | L27: 25 | N27: 5.17 | O27: 41.36
A28: 5 | B28: ТСЦ-103-0002 | C28: Трубы стальные сварные водогазопроводные с резьбой черные легкие (неоцинкованные) диаметр условного прохода 20 мм, толщина стенки 2,5 мм | D28: м | E28: 100 | F28: 14.72 | J28: 1472
A29: 6 | B29: ТЕРм08-02-407-01 | C29: Труба стальная по установленным конструкциям, по стенам с креплением скобами, диаметр до 25 мм | D29: 100 м | E29: 1 | F29: 2527.2 | G29: 408.1 | H29: 897.93 | I29: 320.97 | J29: 2527 | K29: 408 | L29: 898 | M29: 321 | N29: 30.8 | O29: 30.8 | P29: 20.47 | Q29: 20.47
A30: 7 | B30: ТЕРм08-02-146-02 | C30: Кабель до 35 кВ с креплением накладными скобами, масса 1 м кабеля до 1 кг КОЭФ. К ПОЗИЦИИ: 0.6 При производстве работ на высоте свыше расстояний, указанных в вводных указаниях к разделам: св.2 до 8м ОЗП=1,05; ТЗ=1,05 | D30: 100 м кабеля | E30: 25.58 | F30: 3072.43 | G30: 237.6 | H30: 1497.69 | I30: 168.84 | J30: 78593 | K30: 6078 | L30: 38311 | M30: 4319 | N30: 17.54 | O30: 448.67 | P30: 9.55 | Q30: 244.29
A31: 8 | B31: ТЕРм08-02-148-01 | C31: Кабель до 35 кВ в проложенных трубах, блоках и коробах, масса 1 м кабеля до 1 кг | D31: 100 м кабеля | E31: 2.16 | F31: 798.84 | G31: 168.02 | H31: 544.81 | I31: 57.87 | J31: 1725 | K31: 363 | L31: 1177 | M31: 125 | N31: 12.4 | O31: 26.78 | P31: 3.39 | Q31: 7.32
A32: 9 | B32: ТЕРм08-02-158-04 | C32: Заделка концевая сухая для контрольного кабеля сечением одной жилы до 2,5 мм2, количество жил до 4 | D32: 1 шт. | E32: 64 | F32: 38.4 | G32: 3.52 | H32: 2.92 | I32: 0.18 | J32: 2458 | K32: 225 | L32: 187 | M32: 12 | N32: 0.26 | O32: 16.64 | P32: 0.01 | Q32: 0.64
A33: 10 | B33: ТЕРм08-02-158-06 | C33: Заделка концевая сухая для контрольного кабеля сечением одной жилы до 2,5 мм2, количество жил до 10 | D33: 1 шт. | E33: 10 | F33: 44.11 | G33: 7.05 | H33: 2.92 | I33: 0.18 | J33: 441 | K33: 71 | L33: 29 | M33: 2 | N33: 0.52 | O33: 5.2 | P33: 0.01 | Q33: 0.1
A34: 11 | B34: ТЕРм08-02-158-07 | C34: Заделка концевая сухая для контрольного кабеля сечением одной жилы до 2,5 мм2, количество жил до 14 | D34: 1 шт. | E34: 34 | F34: 46.46 | G34: 9.35 | H34: 2.92 | I34: 0.18 | J34: 1580 | K34: 318 | L34: 99 | M34: 6 | N34: 0.69 | O34: 23.46 | P34: 0.01 | Q34: 0.34
A35: 12 | B35: ТЕРм08-02-144-01 | C35: Присоединение к зажимам жил проводов или кабелей сечением до 2,5 мм2 | D35: 100 шт. | E35: 7.14 | F35: 165.85 | G35: 162.6 | J35: 1184 | K35: 1161 | N35: 12 | O35: 85.68
A36: 13 | B36: Цена поставщика | C36: Кабель судовой марки КНР с медными жилами: сечение жилы 1,0 мм2, 2 жилы (Цена:50800руб:1,18:4,38) | D36: км | E36: 1.85 | F36: 9828.96 | J36: 18184
A37: 14 | B37: Цена поставщика | C37: Кабели марок КУПР с неэкранированными жилами: сечение жилы 1,0 мм2, 4 жил (Цена:37490руб:1,18:4,38) | D37: км | E37: 0.18 | F37: 7253.7 | J37: 1306
A38: 15 | B38: Цена поставщика | C38: Кабели марок КУПР с неэкранированными жилами: сечение жилы 1,0 мм2, 7 жил (Цена:47590руб:1,18:4,38) | D38: км | E38: 0.08 | F38: 9207.88 | J38: 737
A39: 16 | B39: Цена поставщика | C39: Кабели марок КУПР с неэкранированными жилами: сечение жилы 1,0 мм2, 14 жил (Цена:80530руб:1,18:4,38) | D39: км | E39: 0.88 | F39: 15581.22 | J39: 13711
A40: Итого прямые затраты по смете в ценах 2001г. | J40: 135685 | K40: 9617 | L40: 40750 | M40: 4785 | O40: 711.69 | Q40: 273.16
A41: Итого прямые затраты по смете с учетом коэффициентов к итогам | J41: 154830 | K41: 13542 | L41: 55291 | M41: 6738 | O41: 960.78 | Q41: 368.77
A42: В том числе, справочно:
A43: Районный к-т 4,3% (Поз. 2, 4, 6-12) | J43: 620 | K43: 414 | L43: 206 | M43: 206
A44: Заготовительно-складские расходы на материалы - согласно п.4.64 из МДС 81-35.2004 МАТ=1,02 (Поз. 13-16) | J44: 679
A45: 2. Производство монтажных работ в существующих зданиях и сооружениях в стесненных условиях ОЗП=1,35; ЭМ=1,35; ЗПМ=1,35; ТЗ=1,35; ТЗМ=1,35 (Поз. 2, 4, 6-12) | J45: 17846 | K45: 3511 | L45: 14335 | M45: 1747 | O45: 249.0915 | Q45: 95.606
A46: Накладные расходы | J46: 19266
A47: В том числе, справочно:
A48: 95% ФОТ (от 20280) (Поз. 2, 4, 6-12) | J48: 19266
A49: Сметная прибыль | J49: 13182
A50: В том числе, справочно:
A51: 65% ФОТ (от 20280) (Поз. 2, 4, 6-12) | J51: 13182
A52: Итоги по смете:
A53: Итого | J53: 187278 | O53: 960.78 | Q53: 368.77
A54: В том числе:
A55: Материалы | J55: 85997
A56: Машины и механизмы | J56: =55291-M41 -> 48553
A57: ФОТ | J57: 20280
A58: Накладные расходы | J58: 19266
A59: Сметная прибыль | J59: 13182
A60: ВСЕГО по смете | J60: =SUM(J55:J59) -> 187278 | O60: 960.78 | Q60: 368.77

Sheet 24289
A1: СОГЛАСОВАНО: | E1: ФГУП "Комбинат "Электрохимприбор" | M1: УТВЕРЖДАЮ:
G2: (наименование стройки) | M2: Зам. генерального директора
M3: Е.В.Гордеев
A4: _________________ | M4: _________________
A5: " _____ " ________________ 2013 г. | M5: "______ " __________2013 г.
G6: ЛОКАЛЬНЫЙ СМЕТНЫЙ РАСЧЕТ № 24289-П13
G7: (пересчет сметы № 24289)
C9: на | D9: монтаж СОУЭ, системы отключения вентиляции при пожаре. Здание 292. Инв. № 7612877
D10: Раздел: управление пожарной автоматикой
G11: (наименование работ и затрат, наименование объекта)
D13: Основание: проект № ЖАЕ 10120 Тема КПМ Т6243.220 | N13: Справочно, в тыс.руб. :
D14: Сметная стоимость _______________________________________________________________________________________________ | J14: 9.494 | L14: тыс. руб. | N14: ВСЕГО: | P14: =P15+P16 -> 49.50138
D15: монтажных работ _______________________________________________________________________________________________ | J15: 7.096 | L15: тыс. руб. | N15: с К=5,56 | P15: =7.096*5.56 -> 39.45376
D16: оборудования _______________________________________________________________________________________________ | J16: 2.398 | L16: тыс. руб. | N16: с К=4,19 | P16: =4.19*2.398 -> 10.04762
D17: Средства на оплату труда _______________________________________________________________________________________________ | J17: ___________________________1,457 | L17: тыс. руб. | N17: с К=5,56 | P17: =1.457*5.56 -> 8.10092
D18: Сметная трудоемкость _______________________________________________________________________________________________ | J18: _______________________________________________________________________________________________108,59 | L18: чел.час
D19: Составлен(а) в базовых ценах 2001г. в редакции 2009г.
A21: № пп | B21: Обоснование | C21: Наименование | D21: Ед. изм. | E21: Кол. | F21: Стоимость единицы, руб. | J21: Общая стоимость, руб. | N21: Т/з осн. раб.на ед. | O21: Т/з осн. раб. Всего | P21: Т/з мех. на ед. | Q21: Т/з мех. Всего
F22: Всего | G22: В том числе | J22: Всего | K22: В том числе
G23: Осн.З/п | H23: Эк.Маш | I23: З/пМех | K23: Осн.З/п | L23: Эк.Маш | M23: З/пМех
A24: 1 | B24: 2 | C24: 3 | D24: 4 | E24: 5 | F24: 6 | G24: 7 | H24: 8 | I24: 9 | J24: 10 | K24: 11 | L24: 12 | M24: 13 | N24: 14 | O24: 15 | P24: 16 | Q24: 17
A25: Раздел 1. Монтажные работы
A26: 1 | B26: ФССЦ-509-1778 | C26: Источник бесперебойного питания СКАТ-1200, без аккумулятора КОЭФ. К ПОЗИЦИИ: Приведение расценок ФЕР к территориальному уровню (Письмо УРЦЦС Ц-297 от 12.04.2011) ОЗП=1,41; ЭМ=1,242; ЗПМ=1,41; МАТ=1,052 | D26: шт. | E26: 1 | F26: 1335.61 | J26: 1336
A27: 2 | B27: ТЕРм10-02-016-06 прим. | C27: Монтаж: резервированный источник питания | D27: 1 шт. | E27: 1 | F27: 256.7 | G27: 157.76 | H27: 33.83 | I27: 6.87 | J27: 257 | K27: 158 | L27: 34 | M27: 7 | N27: 10.1 | O27: 10.1 | P27: 0.44 | Q27: 0.44
A28: 3 | B28: ФССЦ-509-1811 | C28: Батарея аккумуляторная АКБ-12 12В/12 А/ч КОЭФ. К ПОЗИЦИИ: Приведение расценок ФЕР к территориальному уровню (Письмо УРЦЦС Ц-297 от 12.04.2011) ОЗП=1,41; ЭМ=1,242; ЗПМ=1,41; МАТ=1,052 | D28: шт. | E28: 2 | F28: 163.06 | J28: 326
A29: 4 | B29: ФССЦ-503-0438 прим. | C29: Бокс металлический размером 600х300х155 мм КОЭФ. К ПОЗИЦИИ: Приведение расценок ФЕР к территориальному уровню (Письмо УРЦЦС Ц-297 от 12.04.2011) ОЗП=1,41; ЭМ=1,242; ЗПМ=1,41; МАТ=1,052 | D29: шт. | E29: 1 | F29: 871.75 | J29: 872
A30: 5 | B30: ТЕРм08-03-573-04 | C30: Монтаж: шкаф (пульт) управления навесной, высота, ширина и глубина до 600х600х350 мм | D30: 1 шт. | E30: 1 | F30: 99.26 | G30: 33.11 | H30: 62.05 | I30: 4.71 | J30: 99 | K30: 33 | L30: 62 | M30: 5 | N30: 2.37 | O30: 2.37 | P30: 0.29 | Q30: 0.29
A31: 6 | B31: ТСЦ-509-1032 | C31: Кронштейн | D31: компл. | E31: 1 | F31: 186.08 | J31: 186
A32: 7 | B32: ТСЦ-509-0224 прим. | C32: Клемма | D32: уп | E32: 1 | F32: 77.79 | J32: 78
A33: 8 | B33: ТСЦ-509-0245 прим. | C33: Оконечный стопор | D33: комп-кт | E33: 1 | F33: 177.71 | J33: 178
A34: 9 | B34: ТЕРм11-01-001-01 прим. | C34: Монтаж: оконечный стопор | D34: 1 шт. | E34: 1 | F34: 34.2 | G34: 6.41 | H34: 7.18 | I34: 0.81 | J34: 34 | K34: 6 | L34: 7 | M34: 1 | N34: 0.52 | O34: 0.52 | P34: 0.06 | Q34: 0.06
A35: 10 | B35: ТСЦ-509-0210 | C35: Вилка | D35: шт. | E35: 1 | F35: 46.81 | J35: 47
A36: 11 | B36: ТЕРм08-03-545-05 прим. | C36: Монтаж вилки | D36: 1 шт. | E36: 1 | F36: 137.5 | G36: 31.8 | H36: 2.36 | J36: 138 | K36: 32 | L36: 2 | N36: 2.4 | O36: 2.4
A37: 12 | B37: ТСЦ-509-0158 | C37: Плакат по ТБ | D37: 100 шт. | E37: 0.01 | F37: 4296.64 | J37: 43
A38: 13 | B38: ТСЦ-509-0064 | C38: Профиль монтажный (DIN-рейка) | D38: м | E38: 2 | F38: 51.17 | J38: 102
A39: 14 | B39: ТЕРм10-01-039-02 прим. | C39: Монтаж DIN-рейки | D39: 1 м | E39: 2 | F39: 19.2 | G39: 13.09 | H39: 3.08 | I39: 0.62 | J39: 38 | K39: 26 | L39: 6 | M39: 1 | N39: 1.09 | O39: 2.18 | P39: 0.04 | Q39: 0.08
A40: 15 | B40: ТСЦ-509-0587 прим. | C40: Блок (реле Finder; модуль Finder; модуль индикации Finder) | D40: шт. | E40: 30 | J40: 2398
A41: 16 | B41: ТЕРм10-01-039-06 | C41: Реле, ключ, кнопка и др. с подготовкой места установки | D41: 1 шт. | E41: 30 | F41: 24.5 | G41: 24.02 | J41: 735 | K41: 721 | N41: 2 | O41: 60
A42: 17 | B42: ТСЦ-502-0578 | C42: Провода монтажные с волокнистой или пленочной и поливинилхлоридной изоляцией марки МГШВ экранированные с двумя жилами из медной луженной проволоки сечением 0,50 мм | D42: 1000 м | E42: 0.03 | F42: 1853.8 | J42: 56
A43: 18 | B43: ТСЦ-501-0625 | C43: Кабели силовые переносные с гибкими медными жилами в резиновой оболочке марки КГ, с числом жил - 3 и сечением 1 мм2 | D43: 1000 м | E43: 0.001 | F43: 5800 | J43: 6
A44: 19 | B44: ТЕРм11-06-002-01 | C44: Электрические проводки в щитах и пультах шкафных и панельных | D44: 100 м | E44: 0.31 | F44: 164.55 | G44: 144.8 | J44: 51 | K44: 45 | N44: 9.27 | O44: 2.87
A45: Итого прямые затраты по смете в ценах 2001г. | J45: 6980 | K45: 1021 | L45: 111 | M45: 14 | O45: 80.44 | Q45: 0.87
A46: Итого прямые затраты по смете с учетом коэффициентов к итогам | J46: 7435 | K46: 1438 | L46: 149 | M46: 19 | O46: 108.59 | Q46: 1.17
A47: В том числе, справочно:
A48: Районный к-т 4,3% (Поз. 2, 9, 14, 16-19, 5-8, 10-13) | J48: 44 | K48: 44 | L48: 1 | M48: 1
A49: 2. Производство монтажных работ в сущ.зданиях в стесн. условиях с наличием в зоне производства работ действующего тех. оборудования ОЗП=1,35; ЭМ=1,35; ЗПМ=1,35; ТЗ=1,35; ТЗМ=1,35 (Поз. 2, 9, 14, 16-19, 5-8, 10-13) | J49: 411 | K49: 373 | L49: 39 | M49: 5 | O49: 28.154 | Q49: 0.3045
A50: Накладные расходы | J50: 1180
A51: В том числе, справочно:
A52: 80% ФОТ (от 1358) (Поз. 2, 9, 14, 16-19) | J52: 1086
A53: 95% ФОТ (от 99) (Поз. 5-8, 10-13) | J53: 94
A54: Сметная прибыль | J54: 879
A55: В том числе, справочно:
A56: 60% ФОТ (от 1358) (Поз. 2, 9, 14, 16-19) | J56: 815
A57: 65% ФОТ (от 99) (Поз. 5-8, 10-13) | J57: 64
A58: Итоги по смете:
A59: Итого Монтажные работы | J59: 7096 | O59: 108.59 | Q59: 1.17
A60: Итого Оборудование | J60: 2398
A61: Итого | J61: =SUM(J59:J60) -> 9494 | O61: 108.59 | Q61: 1.17
A62: Справочно, в ценах 2001г.:
A63: Материалы | J63: 3450
A64: Машины и механизмы | J64: =149-M46 -> 130
A65: ФОТ | J65: 1457
A66: Оборудование | J66: 2398
A67: Накладные расходы | J67: 1180
A68: Сметная прибыль | J68: 879
A69: ВСЕГО по смете | J69: =SUM(J63:J68) -> 9494 | O69: 108.59 | Q69: 1.17

Sheet 24659
A1: СОГЛАСОВАНО: | E1: ФГУП "Комбинат "Электрохимприбор" | M1: УТВЕРЖДАЮ:
G2: (наименование стройки) | M2: Зам. генерального директора
M3: Е.В.Гордеев
A4: _________________ | M4: _________________
A5: " _____ " ________________ 2013 г. | M5: "______ " __________2013 г.
G6: ЛОКАЛЬНЫЙ СМЕТНЫЙ РАСЧЕТ № 24659-П13
G7: (пересчет сметы № 24659)
C9: на | D9: Монтаж автоматических установок пожаротушения с подключением к существующей АПС
D10: в помещении большой окрасочной камеры. Здание 142 участок 2. Инв. № 6200279
H11: (наименование работ и затрат, наименование объекта)
D13: Основание: проект № 24420-12-ПТ Тема КПМ Т6270.121Н | N13: Справочно, в тыс.руб. :
D14: Сметная стоимость _______________________________________________________________________________________________ | J14: ___________________________143,066 | L14: тыс. руб. | N14: ВСЕГО: | P14: =P15+P16+P17 -> 750.3091
D15: монтажных работ _______________________________________________________________________________________________ | J15: _______________________________________________________________________________________________103,899 | L15: тыс. руб. | N15: с К=5,56 | P15: =103.899*5.56 -> 577.67844
D16: прочих (ПНР "в холостую") _______________________________________________________________________________________________ | J16: _______________________________________________________________________________________________1,661 | L16: тыс. руб. | N16: с К=9,32 | P16: =1.661*9.32 -> 15.48052
D17: оборудования _______________________________________________________________________________________________ | J17: _______________________________________________________________________________________________37,506 | L17: тыс. руб. | N17: с К=4,19 | P17: =37.506*4.19 -> 157.15014
D18: Средства на оплату труда _______________________________________________________________________________________________ | J18: ___________________________12,385 | L18: тыс. руб. | N18: с К=5,56 | P18: =12.385*5.56 -> 68.8606
D19: Сметная трудоемкость _______________________________________________________________________________________________ | J19: _______________________________________________________________________________________________789,13 | L19: чел.час
D20: Материалы ______________________________________ | K20: =K128/1000 -> 72.564 | L20: тыс.руб. | N20: с К=5,56 | P20: =K20*5.56 -> 403.45584
D21: Составлен(а) в базовых ценах 2001г. в редакции 2009г.
A23: № пп | B23: Обоснова-ние | C23: Наименование | D23: Ед. изм. | E23: Кол. | F23: Стоимость единицы, руб. | J23: Общая стоимость, руб. | O23: Т/з осн. раб.на ед. | P23: Т/з осн. раб. Всего | Q23: Общая масса обору-дования, т
F24: Всего | G24: В том числе | J24: Обору-дование | K24: Всего | L24: В том числе
G25: Осн.З/п | H25: Эк.Маш | I25: З/пМех | L25: Осн.З/п | M25: Эк.Маш | N25: З/пМех
A26: 1 | B26: 2 | C26: 3 | D26: 4 | E26: 5 | F26: 6 | G26: 7 | H26: 8 | I26: 9 | J26: 10 | K26: 11 | L26: 12 | M26: 13 | N26: 14 | O26: 15 | P26: 16 | Q26: 17
A27: Раздел 1. Замена извещателей в малярном отделении
A28: 1 | B28: ТЕРм10-08-003-07 | C28: Демонтаж извещателей пламени "Спектрон 101" КОЭФ. К ПОЗИЦИИ: демонтаж ОЗП=0,3; ЭМ=0,3 к расх.; ЗПМ=0,3; МАТ=0 к расх.; ТЗ=0,3; ТЗМ=0,3 | D28: 1 компл. | E28: 6 | F28: 26.64 | G28: 26.34 | H28: 0.3 | K28: 160 | L28: 158 | M28: 2 | O28: 1.94 | P28: 11.64
A29: 2 | B29: Цена поставщика | C29: Извещатель пламени т.Пульсар 3-015 НК (Ц:16697руб :1,18:4,19) | D29: шт | E29: 7 | J29: 23640 | K29: 23640
A30: 3 | B30: ТЕРм10-08-003-07 | C30: Монтаж извещателей пламени "Пульсар 3-015" | D30: 1 компл. | E30: 6 | F30: 104.48 | G30: 87.8 | H30: 1 | K30: 627 | L30: 527 | M30: 6 | O30: 6.48 | P30: 38.88
A31: 4 | B31: Цена поставщика | C31: Кабель оптоволоконный в металлорукаве для извещателя пламени пожарный "Пульсар 3-015 (Ц:944руб :1,18:5,56) | D31: м | E31: 175 | F31: 143.88 | K31: 25179
A32: 5 | B32: ТЕРм10-01-055-02 | C32: Прокладка оптоволоконного кабеля в металлорукаве для "ПУЛЬСАР 3-015" | D32: 100 м кабеля | E32: 1.5 | F32: 1837.57 | G32: 474.14 | H32: 129.78 | I32: 23.9 | K32: 2756 | L32: 711 | M32: 195 | N32: 36 | O32: 37.1 | P32: 55.65
A33: 6 | B33: Цена поставщика | C33: Источник питания СКАТ2400М (Ц:3175руб:1,18:4,19) | D33: 1 шт. | E33: 1 | J33: 642 | K33: 642
A34: 7 | B34: ТЕРм10-02-016-06 | C34: Монтаж: преобразователь или блок питания | D34: 1 шт. | E34: 1 | F34: 256.7 | G34: 157.76 | H34: 33.83 | I34: 6.87 | K34: 257 | L34: 158 | M34: 34 | N34: 7 | O34: 10.1 | P34: 10.1
A35: 8 | B35: Цена поставщика | C35: АКБ 12в 4,5 А/ч (Ц:429,77руб:1,18:5.56) | D35: шт | E35: 2 | F35: 65.51 | K35: 131
A36: 9 | B36: Цена поставщика | C36: Кабель КПСнг(А)-FRLS 1х2х0,5 (Ц:26709руб :1,18:5,56) | D36: 1000 м | E36: 0.2193 | F36: 4071 | K36: 893
A37: 10 | B37: ТЕРм10-01-055-02 | C37: Прокладка кабеля, масса 1 м до 1 кг, по стене кирпичной | D37: 100 м кабеля | E37: 2.15 | F37: 1837.57 | G37: 474.14 | H37: 129.78 | I37: 23.9 | K37: 3951 | L37: 1019 | M37: 279 | N37: 51 | O37: 37.1 | P37: 79.77
A38: 11 | B38: Цена поставщика | C38: Реле промежуточное РПУ-2М211 6022 (Ц:505руб :1,18:5,56) | D38: шт | E38: 1 | F38: 76.97 | K38: 77
A39: 12 | B39: ТЕРм10-04-030-02 | C39: Дополнительная установка на пультах и панелях реле | D39: 1 шт. | E39: 1 | F39: 6.52 | G39: 6.39 | K39: 7 | L39: 6 | O39: 0.5 | P39: 0.5
A40: 13 | B40: ТСЦ-509-7053 | C40: Микровыключатели | D40: шт. | E40: 1 | F40: 27.16 | K40: 27
A41: 14 | B41: ТЕРм10-04-030-03 | C41: Дополнительная установка на пультах и панелях кнопки | D41: 1 шт. | E41: 1 | F41: 11.74 | G41: 11.51 | K41: 12 | L41: 12 | O41: 1 | P41: 1
A42: 15 | B42: Цена поставщика | C42: Блок защиты от скачков напряжения "Альбатрос-500" (Ц:528руб:1,18:5,56) | D42: шт | E42: 1 | F42: 80.48 | K42: 80
A43: 16 | B43: ТЕРм10-08-003-03 | C43: Монтаж: блок защиты от скачков напряжения "АЛЬБАТРОС-500" | D43: 1 шт. | E43: 1 | F43: 59.97 | G43: 51.77 | H43: 0.37 | K43: 60 | L43: 52 | O43: 3.6 | P43: 3.6
A44: 17 | B44: ТСЦ-509-0324 прим. | C44: Выключатели автоматические ВА47-29М | D44: шт. | E44: 1 | F44: 27.74 | K44: 28
A45: 18 | B45: ТЕРм08-03-526-01 | C45: Автомат одно-, двух-, трехполюсный, устанавливаемый на конструкции на стене или колонне, на ток до 25 А | D45: 1 шт. | E45: 1 | F45: 174.77 | G45: 20.9 | H45: 1.28 | K45: 175 | L45: 21 | M45: 1 | O45: 1.56 | P45: 1.56
A46: Раздел 2. Установка порошкового пожаротушения
A47: 19 | B47: Цена поставщика | C47: Прибор управления порошковым, аэрозольным или газовым пожаротушением ППК С2000-АСТП (Цена 5916.90руб.:1.18:4.19) | D47: шт | E47: 1 | J47: 1197 | K47: 1197
A48: 20 | B48: ТЕРм10-08-001-01 | C48: Приборы ПС приемно-контрольные, пусковые, концентратор блок базовый на 10 лучей | D48: 1 шт. | E48: 1 | F48: 117.52 | G48: 102.02 | H48: 0.46 | K48: 118 | L48: 102 | O48: 7.2 | P48: 7.2
A49: 21 | B49: Цена поставщика | C49: АКБ 12В 7А/ч (Ц:551,65руб:1,18:5.56) | D49: шт | E49: 2 | F49: 84.08 | K49: 168
A50: 22 | B50: Цена поставщика | C50: Световое табло ЭКРАН-С (компл. 01), Uпит. 12-24В, 300mA, Токр. среды -550…+850, 1Exm[ib]IICT4X, IP65 (Ц: 7208руб:1.18:5,56) | D50: шт | E50: 3 | F50: 1098.65 | K50: 3296
A51: 23 | B51: ТЕРм10-08-002-03 | C51: Извещатель ПС автоматический тепловой, дымовой, световой во взрывозащищенном исполнении | D51: 1 шт. | E51: 3 | F51: 34.49 | G51: 27.97 | H51: 0.54 | K51: 103 | L51: 84 | M51: 2 | O51: 1.68 | P51: 5.04
A52: 24 | B52: Цена поставщика | C52: Оповещатель световой "Молния-24В" с надписью "ПОРОШОК! НЕ ВХОДИ!" (Ц:180руб:1,18:5,56) | D52: шт | E52: 3 | F52: 27.44 | K52: 82
A53: 25 | B53: Цена поставщика | C53: Оповещатель световой "Молния-24В" с надписью "АВТОМАТИКА ОТКЛЮЧЕНА" (Ц:180руб:1,18:5,56) | D53: шт | E53: 3 | F53: 27.44 | K53: 82
A54: 26 | B54: ТЕРм10-04-066-06 | C54: Монтаж: оповещатель световой | D54: 1 шт. | E54: 6 | F54: 98.76 | G54: 74.88 | K54: 593 | L54: 449 | O54: 6 | P54: 36
A55: 27 | B55: ТЕРм10-06-037-05 | C55: Шкаф настенный для приборов, размер до 640х840 мм | D55: 1 шт. | E55: 1 | F55: 121.87 | G55: 26.33 | H55: 2.39 | K55: 122 | L55: 26 | M55: 2 | O55: 2.06 | P55: 2.06
A56: 28 | B56: Цена поставщика | C56: Шкаф автоматики со стеклянной дверцей 700х500х200 SR 7520V (Ц:9083,13руб :1,18:5,56) | D56: шт | E56: 1 | F56: 1384.45 | K56: 1384
A57: 29 | B57: Цена поставщика | C57: Панель модульная PF 7050 (Ц:2180,56руб :1,18:5,56) | D57: шт | E57: 1 | F57: 332.36 | K57: 332
A58: 30 | B58: Цена поставщика | C58: Петли для крепления шкафа АА 1206 (Ц:351,13руб :1,18:5,56) | D58: копл-кт | E58: 1 | F58: 53.52 | K58: 54
A59: 31 | B59: Цена поставщика | C59: Комплект стоек длиной 25 мм (12 шт) АА 8025 (Ц:554,68руб :1,18:5,56) | D59: шт | E59: 1 | F59: 84.54 | K59: 85
A60: 32 | B60: Цена поставщика | C60: Извещатель пламени т.Пульсар 3-015 Н (Ц:15989руб :1,18:4,19) | D60: шт | E60: 3 | J60: 9702 | K60: 9702
A61: 33 | B61: ТЕРм10-08-003-07 | C61: Монтаж извещателей пламени "Пульсар 3-015" | D61: 1 компл. | E61: 2 | F61: 104.48 | G61: 87.8 | H61: 1 | K61: 209 | L61: 176 | M61: 2 | O61: 6.48 | P61: 12.96
A62: 34 | B62: Цена поставщика | C62: Кабель оптоволоконный в металлорукаве для извещателя пламени пожарный "Пульсар 3-015 (Ц:944руб :1,18:5,56) | D62: м | E62: 75 | F62: 143.88 | K62: 10791
A63: 35 | B63: ТЕРм10-01-055-02 | C63: Прокладка оптоволоконного кабеля в металлорукаве для "ПУЛЬСАР 3-015" | D63: 100 м кабеля | E63: 0.5 | F63: 1837.57 | G63: 474.14 | H63: 129.78 | I63: 23.9 | K63: 919 | L63: 237 | M63: 65 | N63: 12 | O63: 37.1 | P63: 18.55
A64: 36 | B64: Цена поставщика | C64: Извещатель пожарный ручной уличного исполнения WCP3A-R000SF (Ц:4823руб :1,18:5.56) | D64: шт | E64: 3 | F64: 739.11 | K64: 2217
A65: 37 | B65: ТЕРм10-04-066-05 | C65: Монтаж: извещатель ручной | D65: 1 шт. | E65: 2 | F65: 13.89 | G65: 12.78 | K65: 28 | L65: 26 | O65: 1 | P65: 2
A66: 38 | B66: Цена поставщика | C66: Извещатель магнитоконтактный взрывозащищенный ЕхИО102-1В-02-К (Ц:4568руб :1,18:5,56) | D66: шт | E66: 5 | F66: 696.26 | K66: 3481
A67: 39 | B67: Цена поставщика | C67: Оповещатель звуковой взрывозащищенный ВС-07е (Ц:4749руб :1,18:5,56) | D67: шт | E67: 1 | F67: 723.84 | K67: 724
A68: 40 | B68: ТЕРм10-08-002-03 | C68: Извещатель ПС автоматический тепловой, дымовой, световой во взрывозащищенном исполнении | D68: 1 шт. | E68: 5 | F68: 34.49 | G68: 27.97 | H68: 0.54 | K68: 172 | L68: 140 | M68: 3 | O68: 1.68 | P68: 8.4
A69: 41 | B69: ТСЦ-509-0324 прим. | C69: Выключатели автоматические ВА47-29М | D69: шт. | E69: 1 | F69: 27.74 | K69: 28
A70: 42 | B70: ТЕРм08-03-526-01 | C70: Автомат одно-, двух-, трехполюсный, устанавливаемый на конструкции на стене или колонне, на ток до 25 А | D70: 1 шт. | E70: 1 | F70: 174.77 | G70: 20.9 | H70: 1.28 | K70: 175 | L70: 21 | M70: 1 | O70: 1.56 | P70: 1.56
A71: 43 | B71: Цена поставщика | C71: Блок защиты от скачков напряжения "Альбатрос-500" (Ц:528руб:1,18:5,56) | D71: шт | E71: 1 | F71: 80.48 | K71: 80
A72: 44 | B72: ТЕРм10-08-003-03 | C72: Монтаж: блок защиты от скачков напряжения "АЛЬБАТРОС-500" | D72: 1 шт. | E72: 1 | F72: 59.97 | G72: 51.77 | H72: 0.37 | K72: 60 | L72: 52 | O72: 3.6 | P72: 3.6
A73: 45 | B73: Цена поставщика | C73: ППК ВЭРС-ПК-8М (Ц:2986,80руб:1,18:4,19) | D73: шт | E73: 1 | J73: 604 | K73: 604
A74: 46 | B74: ТЕРм10-08-001-01 | C74: Приборы ПС приемно-контрольные, пусковые, концентратор блок базовый на 10 лучей | D74: 1 шт. | E74: 1 | F74: 117.52 | G74: 102.02 | H74: 0.46 | K74: 118 | L74: 102 | O74: 7.2 | P74: 7.2
A75: 47 | B75: Цена поставщика | C75: Релейный усилитель на 2 канала УК-ВК/04 (Ц:381,26руб:1,18:5,56) | D75: шт | E75: 3 | F75: 58.11 | K75: 174
A76: 48 | B76: ТЕРм10-08-003-04 прим. | C76: Монтаж: Релейный усилитель УК-ВК | D76: 1 шт. | E76: 3 | F76: 55.9 | G76: 48.78 | H76: 0.37 | K76: 168 | L76: 146 | M76: 1 | O76: 3.6 | P76: 10.8
A77: 49 | B77: Цена поставщика | C77: Контрольно-пусковой блок с 6 исполнительными реле С2000-КПБ (Ц:2710,40руб:1,18:4,19) | D77: шт | E77: 1 | J77: 548 | K77: 548
A78: 50 | B78: ТЕРм10-08-001-13 | C78: Монтаж: блок контрольно-пусковой С2000-КПБ | D78: 1 шт. | E78: 1 | F78: 64.92 | G78: 57.52 | H78: 0.37 | K78: 65 | L78: 58 | O78: 4 | P78: 4
A79: 51 | B79: ТСЦ-509-0584 | C79: Резисторы | D79: шт. | E79: 8 | F79: 1.19 | K79: 10
A80: 52 | B80: ТЕРм11-03-001-01 | C80: Монтаж: резисторы, диоды | D80: 1 шт. | E80: 8 | F80: 8.41 | G80: 7.26 | K80: 67 | L80: 58 | O80: 0.52 | P80: 4.16
A81: 53 | B81: Цена поставщика | C81: Модуль порошкового пожаротушения МПП(Н-Взр)-2(п)-И-ГЭ-У2 (Тунгус) Ц:2244руб:1,18:4,19) | D81: шт | E81: 4 | F81: 453.87 | K81: 1815
A82: 54 | B82: ТЕРм37-01-002-02 | C82: Монтаж: модуль порошкового пожаротушения в помещении. Масса оборудования, т: 0,05 | D82: 1 шт. | E82: 2 | F82: 483.41 | G82: 239.39 | H82: 48.04 | K82: 967 | L82: 479 | M82: 96 | O82: 18.5 | P82: 37
A83: 55 | B83: ТСЦ-501-8190 | C83: Кабель силовой с медными жилами с поливинилхлоридной изоляцией в поливинилхлоридной оболочке без защитного покрова ВВГ, напряжением 0,66 Кв, число жил 3 и сечением 1,5 мм2 | D83: 1000 м | E83: 0.0306 | F83: 6962.8 | K83: 213
A84: 56 | B84: ТСЦ-501-0790 | C84: Кабели контрольные с медными жилами с поливинилхлоридной изоляцией и оболочкой марки КВВГ, с числом жил - 14 и сечением 0,75 мм2 | D84: 1000 м | E84: 0.015 | F84: 13756 | K84: 206
A85: 57 | B85: Цена поставщика | C85: Кабель КВБбШзнг 4х0,75 (Ц:46442руб :1,18:5,56) | D85: 1000 м | E85: 0.1836 | F85: 7078.71 | K85: 1300
A86: 58 | B86: ТЕРм08-02-401-01 | C86: Кабель двух-четырехжильный сечением жилы до 16 мм2 с креплением накладными скобами, полосками с установкой ответвительных коробок | D86: 100 м | E86: 2.25 | F86: 4032.86 | G86: 683.7 | H86: 957.86 | I86: 390.47 | K86: 9074 | L86: 1538 | M86: 2155 | N86: 879 | O86: 51.6 | P86: 116.1
A87: 59 | B87: Цена поставщика | C87: Кабель КПСнг(А)-FRLS 2х2х0,5 (Ц:50064руб :1,18:5,56) | D87: 1000 м | E87: 0.0561 | F87: 7630.78 | K87: 428
A88: 60 | B88: Цена поставщика | C88: Кабель КПСнг(А)-FRLS 1х2х0,5 (Ц:26709руб :1,18:5,56) | D88: 1000 м | E88: 0.5661 | F88: 4071 | K88: 2305
A89: 61 | B89: Цена поставщика | C89: Кабель КПСЭнг(А)-FRLS 4х1,5 (Ц:138095руб :1,18:5,56) | D89: 1000 м | E89: 0.09384 | F89: 21048.5 | K89: 1975
A90: 62 | B90: ТЕРм10-01-055-02 | C90: Прокладка кабеля, масса 1 м до 1 кг, по стене кирпичной | D90: 100 м кабеля | E90: 0.702 | F90: 1837.57 | G90: 474.14 | H90: 129.78 | I90: 23.9 | K90: 1290 | L90: 333 | M90: 91 | N90: 17 | O90: 37.1 | P90: 26.04
A91: 63 | B91: Цена поставщика | C91: Коробка взрывозащищенная ККВ-07е-Т (Ц:1915руб :1,18:5,56) | D91: шт | E91: 3 | F91: 291.89 | K91: 876
A92: 64 | B92: ТЕРм10-04-066-04 | C92: Монтаж: коробка коммутационная | D92: 1 шт. | E92: 3 | F92: 58.16 | G92: 48.04 | K92: 174 | L92: 144 | O92: 4 | P92: 12
A93: 65 | B93: ТЕРм10-04-066-04 | C93: Монтаж: коробка ответвительная с кабельными вводами DKC | D93: 1 шт. | E93: 8 | F93: 58.16 | G93: 48.04 | K93: 465 | L93: 384 | O93: 4 | P93: 32
A94: 66 | B94: Цена поставщика | C94: Коробка ответвительная DKC 100х100мм 53800 (Цена:68руб :1,18:5,56) | D94: шт | E94: 7 | F94: 10.36 | K94: 73
A95: 67 | B95: Цена поставщика | C95: Коробка ответвительная DKC 240х190мм 54200 (Цена:377руб :1,18:5,56) | D95: шт | E95: 1 | F95: 57.46 | K95: 57
A96: 68 | B96: Цена поставщика | C96: Пластина монтажная DKC 240х190мм 59607 (Цена:76руб :1,18:5,56) | D96: шт | E96: 1 | F96: 11.58 | K96: 12
A97: Раздел 3. Пусконаладочные работы (в холостую 80%)
A98: 69 | B98: ТЕРп01-10-001-01 | C98: Сбор и реализация сигналов информации устройств защиты, автоматики электрических и технологических режимов КОЭФ. К ПОЗИЦИИ: 0.10 При выполнении пусконаладочных работ на высоте от 2 до 8м ОЗП=1,1; ТЗ=1,1 | D98: 1 сигнал | E98: 24 | F98: 27.19 | G98: 27.19 | K98: 653 | L98: 653 | O98: 1.65 | P98: 39.6
A99: 70 | B99: ТЕРп01-10-010-01 | C99: Схема контроля изоляции электрической сети с помощью электроизмерительных приборов | D99: 1 схема | E99: 2 | F99: 95.38 | G99: 95.38 | K99: 191 | L99: 191 | O99: 6 | P99: 12
A100: Итого прямые затраты по смете в ценах 2001г. | K100: 118732 | L100: 8063 | M100: 2935 | N100: 1002 | P100: 600.97
A101: Итого прямые затраты по смете с учетом коэффициентов к итогам | K101: 125064 | L101: 10974 | M101: 4020 | N101: 1411 | P101: 789.13
A102: В том числе, справочно:
A103: Районный к-т 4,3% (Поз. 1, 3, 5, 7, 10, 16, 20, 23, 33, 35, 40, 44, 46, 48, 50, 52, 54, 62, 12, 14, 26, 37, 64-65, 18, 42, 58, 27, 69-70) | K103: 389 | L103: 347 | M103: 43 | N103: 43
...

Sheet 24671
A1: СОГЛАСОВАНО: | E1: ФГУП "Комбинат "Электрохимприбор" | M1: УТВЕРЖДАЮ:
G2: (наименование стройки) | M2: Зам. генерального директора
M3: Е.В.Гордеев
A4: _________________ | M4: _________________
A5: " _____ " ________________ 2012 г. | M5: "______ " __________2012 г.
G6: ЛОКАЛЬНЫЙ СМЕТНЫЙ РАСЧЕТ № 24671
G7: (локальная смета)
C9: на | D9: автоматическую установку пожарной сигнализации и СОУЭ. Отключение вентсистем
E10: Площадка 1. Здание 301
H11: (наименование работ и затрат, наименование объекта)
D13: Основание: проект № 24447-12-ПТ Тема КПМ Т6267.121Н | N13: Справочно, в тыс.руб. :
D14: Сметная стоимость _______________________________________________________________________________________________ | J14: ___________________________193,899 | L14: тыс. руб. | N14: ВСЕГО: | P14: =P15+P16+P17 -> 983.55208
D15: монтажных работ _______________________________________________________________________________________________ | J15: _______________________________________________________________________________________________94,058 | L15: тыс. руб. | N15: с К=5,56 | P15: =94.058*5.56 -> 522.96248
D16: прочих (ПНР "в холостую") _______________________________________________________________________________________________ | J16: _______________________________________________________________________________________________8,237 | L16: тыс. руб. | N16: с К=9,32 | P16: =8.237*9.32 -> 76.76884
D17: оборудования _______________________________________________________________________________________________ | J17: _______________________________________________________________________________________________91,604 | L17: тыс. руб. | N17: с К=4,19 | P17: =91.604*4.19 -> 383.82076
D18: Средства на оплату труда _______________________________________________________________________________________________ | J18: ___________________________22,507 | L18: тыс. руб. | N18: с К=5,56 | P18: =22.507*5.56 -> 125.13892
D19: Сметная трудоемкость _______________________________________________________________________________________________ | J19: _______________________________________________________________________________________________1483,93 | L19: чел.час
D20: Материалы ______________________________________ | K20: =K128/1000 -> 44.184 | L20: тыс.руб. | N20: с К=5,56 | P20: =K20*5.56 -> 245.66304
D21: Составлен(а) в базовых ценах 2001г. в редакции 2009г.
A23: № пп | B23: Обоснова-ние | C23: Наименование | D23: Ед. изм. | E23: Кол. | F23: Стоимость единицы, руб. | J23: Общая стоимость, руб. | O23: Т/з осн. раб.на ед. | P23: Т/з осн. раб. Всего | Q23: Общая масса обору-дования, т
F24: Всего | G24: В том числе | J24: Обору-дование | K24: Всего | L24: В том числе
G25: Осн.З/п | H25: Эк.Маш | I25: З/пМех | L25: Осн.З/п | M25: Эк.Маш | N25: З/пМех
A26: 1 | B26: 2 | C26: 3 | D26: 4 | E26: 5 | F26: 6 | G26: 7 | H26: 8 | I26: 9 | J26: 10 | K26: 11 | L26: 12 | M26: 13 | N26: 14 | O26: 15 | P26: 16 | Q26: 17
A27: Раздел 1. Монтажные работы
A28: 1 | B28: Цена поставщика | C28: ППКОПУ 03041-4-1 "Юнитроник-496" (Ц:14240руб :1,18:4,19) | D28: шт | E28: 1 | J28: 2880 | K28: 2880
A29: 2 | B29: ТЕРм10-08-001-01 | C29: Приборы ПС приемно-контрольные, пусковые, концентратор блок базовый на 10 лучей "Юнитроник-496" | D29: 1 шт. | E29: 1 | F29: 117.52 | G29: 102.02 | H29: 0.46 | K29: 118 | L29: 102 | O29: 7.2 | P29: 7.2
A30: 3 | B30: Цена поставщика | C30: Источник питания СКАТ2400И7 (Ц:4752руб:1,18:4,19) | D30: 1 шт. | E30: 1 | J30: 961 | K30: 961
A31: 4 | B31: ТЕРм10-02-016-06 | C31: Монтаж: преобразователь или блок питания | D31: 1 шт. | E31: 1 | F31: 256.7 | G31: 157.76 | H31: 33.83 | I31: 6.87 | K31: 257 | L31: 158 | M31: 34 | N31: 7 | O31: 10.1 | P31: 10.1
A32: 5 | B32: Цена поставщика | C32: АКБ 12в 4,5 А/ч (Ц:429,77руб:1,18:5.56) | D32: шт | E32: 1 | F32: 65.51 | K32: 66
A33: 6 | B33: Цена поставщика | C33: Метка пожарная адресная МА-7ТСН (Ц:590руб :1,18:4,19) | D33: шт | E33: 19 | J33: 2267 | K33: 2267
A34: 7 | B34: Цена поставщика | C34: Метка адресная управляющая "МА-4У" (Ц:3520руб :1,18:4,19) | D34: шт | E34: 3 | J34: 698 | K34: 698
A35: 8 | B35: Цена поставщика | C35: Метка адресная управляющая "МА-У" (Ц:1750руб :1,18:4,19) | D35: шт | E35: 11 | J35: 2559 | K35: 2559
A36: 9 | B36: Цена поставщика | C36: Метка адресная управляющая "МА-УОП" (Ц:1150руб :1,18:4,19) | D36: шт | E36: 2 | J36: 465 | K36: 465
A37: 10 | B37: ТЕРм10-08-003-05 прим. | C37: Монтаж: метка адресная "Юнитроник" "МА-УОП"; "МА-4У"; "МА-У"; "МА-7ТСН" | D37: 1 шт. | E37: 31 | F37: 86.32 | G37: 78.05 | H37: 0.37 | K37: 2676 | L37: 2420 | M37: 11 | O37: 5.76 | P37: 178.56
A38: 11 | B38: Цена поставщика | C38: Дымовой извещатель "ИП-212-92" (Ц:595руб :1,18:5,56) | D38: шт | E38: 59 | F38: 90.69 | K38: 5351
A39: 12 | B39: ТЕРм10-08-002-02 | C39: Извещатель ПС автоматический дымовой, фотоэлектрический, радиоизотопный, световой в нормальном исполнении | D39: 1 шт. | E39: 54 | F39: 28.38 | G39: 22.76 | H39: 0.46 | K39: 1533 | L39: 1229 | M39: 25 | O39: 1.68 | P39: 90.72
A40: 13 | B40: Цена поставщика | C40: Извещатель пламени т.Пульсар 3-015 НК (Ц:16697руб :1,18:4,19) | D40: шт | E40: 23 | J40: 77673 | K40: 77673
A41: 14 | B41: ТЕРм10-08-003-07 | C41: Монтаж извещателей пламени "Пульсар 3-015" | D41: 1 компл. | E41: 21 | F41: 104.48 | G41: 87.8 | H41: 1 | K41: 2194 | L41: 1844 | M41: 21 | O41: 6.48 | P41: 136.08
A42: 15 | B42: Цена поставщика | C42: Кабель оптоволоконный в металлорукаве для извещателя пламени пожарный "Пульсар 3-015 (Ц:944руб :1,18:5,56) | D42: м | E42: 70 | F42: 143.88 | K42: 10072
A43: 16 | B43: Цена поставщика | C43: Муфта герметизирующая для извещателя пламени (Ц:900руб :1,18:5,56) | D43: шт | E43: 21 | F43: 137.18 | K43: 2881
A44: 17 | B44: ТЕРм10-01-055-02 | C44: Прокладка оптоволоконного кабеля в металлорукаве для "ПУЛЬСАР 3-015" | D44: 100 м кабеля | E44: 0.7 | F44: 1837.57 | G44: 474.14 | H44: 129.78 | I44: 23.9 | K44: 1286 | L44: 332 | M44: 91 | N44: 17 | O44: 37.1 | P44: 25.97
A45: 18 | B45: Цена поставщика | C45: Крепежно-юстировочное устройство к извещателю Спектрон К-03 (Ц:100руб:1,18:5.56) | D45: шт | E45: 21 | F45: 15.24 | K45: 320
A46: 19 | B46: ТЕРм10-08-002-06 | C46: Конструкция для установки извещателя: крепежно-юстировочное устройство К-03 | D46: 1 шт. | E46: 21 | F46: 8.84 | G46: 4.74 | H46: 1.08 | K46: 186 | L46: 100 | M46: 23 | O46: 0.35 | P46: 7.35
A47: 20 | B47: Цена поставщика | C47: Извещатель пожарный ручной "ИПР-3СУ" (Ц:171,93руб :1,18:5,56) | D47: шт | E47: 11 | F47: 26.21 | K47: 288
A48: 21 | B48: ТЕРм10-04-066-05 | C48: Монтаж: извещатель пожарный ручной | D48: 1 шт. | E48: 10 | F48: 13.89 | G48: 12.78 | K48: 139 | L48: 128 | O48: 1 | P48: 10
A49: 22 | B49: Цена поставщика | C49: Светоуказатель Выход "Люкс-24" (Ц:165руб :1,18:5,56) | D49: шт | E49: 15 | F49: 25.15 | K49: 377
A50: 23 | B50: ТЕРм10-04-066-06 | C50: Монтаж: оповещатель световой | D50: 1 шт. | E50: 14 | F50: 98.76 | G50: 74.88 | K50: 1383 | L50: 1048 | O50: 6 | P50: 84
A51: 24 | B51: Цена поставщика | C51: Оповещатель звуковой "Маяк-24-3М" (Ц:150руб :1,18:5,56) | D51: шт | E51: 22 | F51: 22.86 | K51: 503
A52: 25 | B52: ТЕРм10-04-066-05 | C52: Монтаж: оповещатель звуковой | D52: 1 шт. | E52: 20 | F52: 13.89 | G52: 12.78 | K52: 278 | L52: 256 | O52: 1 | P52: 20
A53: 26 | B53: Цена поставщика | C53: Оповещатель комбинированный "Маяк-24КП" (Ц:330руб :1,18:5,56) | D53: шт | E53: 1 | F53: 50.3 | K53: 50
A54: 27 | B54: ТЕРм10-04-066-06 | C54: Монтаж: оповещатель комбинированный | D54: 1 шт. | E54: 1 | F54: 98.76 | G54: 74.88 | K54: 99 | L54: 75 | O54: 6 | P54: 6
A55: 28 | B55: Цена поставщика | C55: Размыкатель линии "РЛ-1" (Ц:192руб :1,18:4,19) | D55: шт | E55: 7 | J55: 272 | K55: 272
A56: 29 | B56: ТЕРм10-08-003-05 прим. | C56: Монтаж: размыкатель линии РЛ-1 | D56: 1 шт. | E56: 7 | F56: 86.32 | G56: 78.05 | H56: 0.37 | K56: 604 | L56: 546 | M56: 3 | O56: 5.76 | P56: 40.32
A57: 30 | B57: Цена поставщика | C57: Блок защиты от скачков напряжения "Альбатрос-500" (Ц:528руб:1,18:4,19) | D57: шт | E57: 1 | J57: 107 | K57: 107
A58: 31 | B58: ТЕРм10-08-003-03 | C58: Монтаж: блок защиты от скачков напряжения "АЛЬБАТРОС-500" | D58: 1 шт. | E58: 1 | F58: 59.97 | G58: 51.77 | H58: 0.37 | K58: 60 | L58: 52 | O58: 3.6 | P58: 3.6
A59: 32 | B59: Цена поставщика | C59: АКБ 12в 26 А/ч (Ц:2952,40руб:1,18:5.56) | D59: шт | E59: 2 | F59: 450.01 | K59: 900
A60: 33 | B60: Цена поставщика | C60: Кабель для информационных сетей UT 105нг(А)-FRLS FE180 1х2х0,52мм (Ц:17500руб :1,18:5,56) | D60: 1000м | E60: 0.786 | F60: 2667.36 | K60: 2097
A61: 34 | B61: Цена поставщика | C61: Кабель КПСнг(А)-FRLS 1х2х0,5 (Ц:24301руб :1,18:5,56) | D61: 1000 м | E61: 0.055 | F61: 3703.97 | K61: 204
A62: 35 | B62: Цена поставщика | C62: Кабель КПСнг(А)-FRLS 1х4х0,5 (Ц:45877руб :1,18:5,56) | D62: 1000 м | E62: 0.253 | F62: 6992.59 | K62: 1769
A63: 36 | B63: Цена поставщика | C63: Кабель КПСнг(А)-FRLS 1х2х1,0 (Ц:39620руб :1,18:5,56) | D63: 1000 м | E63: 1.1 | F63: 6038.9 | K63: 6643
A64: 37 | B64: Цена поставщика | C64: Кабель КПСнг(А)-FRLS 1х2х1,5 (Ц:52921руб :1,18:5,56) | D64: 1000 м | E64: 0.094 | F64: 8066.24 | K64: 758
A65: 38 | B65: ТСЦ-501-8190 | C65: Кабель силовой с медными жилами с поливинилхлоридной изоляцией в поливинилхлоридной оболочке без защитного покрова ВВГ, напряжением 0,66 Кв, число жил 3 и сечением 1,5 мм2 | D65: 1000 м | E65: 0.013 | F65: 6962.8 | K65: 91
A66: 39 | B66: ТЕРм08-02-399-01 | C66: Провод (кабель) в коробах, сечением до 6 мм2 | D66: 100 м | E66: 18 | F66: 189.23 | G66: 46.64 | H66: 56.09 | I66: 24.55 | K66: 3406 | L66: 840 | M66: 1010 | N66: 442 | O66: 3.52 | P66: 63.36
A67: 40 | B67: ТЕРм08-02-402-01 | C67: Кабель двух-четырехжильный по установленным конструкциям и лоткам с установкой ответвительных коробок в помещениях с нормальной средой сечением жилы до 10 мм2 | D67: 100 м | E67: 2.92 | F67: 1131.61 | G67: 202.73 | H67: 704.04 | I67: 87.33 | K67: 3304 | L67: 592 | M67: 2056 | N67: 255 | O67: 15.3 | P67: 44.68
A68: 41 | B68: Цена поставщика | C68: Коробка распределительная DKC 150х110x70 IP55 54000 (Ц:151руб:1,18:5,56) | D68: шт | E68: 22 | F68: 23.02 | K68: 506
A69: 42 | B69: ТСЦ-509-0584 | C69: Резисторы, диоды | D69: шт. | E69: 80 | F69: 1.19 | K69: 95
A70: 43 | B70: ТЕРм11-03-001-01 | C70: Монтаж: резисторы, диоды | D70: 1 шт. | E70: 80 | F70: 8.41 | G70: 7.26 | K70: 673 | L70: 581 | O70: 0.52 | P70: 41.6
A71: 44 | B71: ТЕРм10-06-037-05 | C71: Шкаф настенный для приборов, размер 800х600х250мм | D71: 1 шт. | E71: 1 | F71: 121.87 | G71: 26.33 | H71: 2.39 | K71: 122 | L71: 26 | M71: 2 | O71: 2.06 | P71: 2.06
A72: 45 | B72: Цена поставщика | C72: Шкаф автоматики со стеклянной дверцей 800х600х250 SR 8625V (Ц:9262,94руб :1,18:5,56) | D72: шт | E72: 1 | F72: 1411.86 | K72: 1412
A73: 46 | B73: Цена поставщика | C73: Плата монтажная PF 8060 (Ц:2817,94руб :1,18:5,56) | D73: шт | E73: 1 | F73: 429.51 | K73: 430
A74: 47 | B74: Цена поставщика | C74: Петли для крепления шкафа АА 1206 (Ц:351,13руб :1,18:5,56) | D74: копл-кт | E74: 1 | F74: 53.52 | K74: 54
A75: 48 | B75: Цена поставщика | C75: Комплект стоек длиной 50 мм (12 шт) АА 8050 (Ц:839,23руб :1,18:5,56) | D75: шт | E75: 1 | F75: 127.92 | K75: 128
A76: 49 | B76: ТСЦ-509-0324 прим. | C76: Выключатели автоматические ВА47-29 | D76: шт. | E76: 1 | F76: 27.74 | K76: 28
A77: 50 | B77: ТЕРм08-03-526-01 | C77: Автомат одно-, двух-, трехполюсный, устанавливаемый на конструкции, на ток до 25 А | D77: 1 шт. | E77: 1 | F77: 174.77 | G77: 20.9 | H77: 1.28 | K77: 175 | L77: 21 | M77: 1 | O77: 1.56 | P77: 1.56
A78: 51 | B78: Цена поставщика | C78: Бокс КМПн 1/2 (25,51руб:1,18:5,56) | D78: шт. | E78: 1 | F78: 3.89 | K78: 4
A79: 52 | B79: ТЕРм08-03-573-04 | C79: Шкаф (пульт) управления навесной, высота, ширина и глубина до 600х600х350 мм | D79: 1 шт. | E79: 1 | F79: 99.26 | G79: 33.11 | H79: 62.05 | I79: 4.71 | K79: 99 | L79: 33 | M79: 62 | N79: 5 | O79: 2.37 | P79: 2.37
A80: 53 | B80: ТЕРм10-04-030-04 | C80: Дополнительная установка на пультах и панелях колодки клеммной на 20 клемм | D80: 1 шт. | E80: 20 | F80: 27.06 | G80: 11.51 | K80: 541 | L80: 230 | O80: 1 | P80: 20
A81: 54 | B81: Цена поставщика | C81: Клеммная колодка 43412NY DKC (Цена:47,65руб :1,18:5,56) | D81: шт | E81: 20 | F81: 7.26 | K81: 145
A82: 55 | B82: ФЕРм08-02-390-01 | C82: Короба пластмассовые: шириной до 40 мм КОЭФ. К ПОЗИЦИИ: Приведение расценок ФЕР к территориальному уровню (Письмо УРЦЦС Ц-297 от 12.04.2011) ОЗП=1,41; ЭМ=1,242; ЗПМ=1,41; МАТ=1,052 | D82: 100 м | E82: 8.2 | F82: 311.4 | G82: 218.44 | H82: 38.75 | I82: 0.17 | K82: 2553 | L82: 1791 | M82: 318 | N82: 1 | O82: 16.29 | P82: 133.58
A83: 56 | B83: Цена поставщика | C83: Кабель-канал 40х25 "ЭЛЕКОР" CKK10-040-025-1-K01-018 (Ц:43,43руб:1,18:5,56) | D83: м | E83: 70 | F83: 6.62 | K83: 463
A84: 57 | B84: Цена поставщика | C84: Соединитель на стык КМС 40х25 "ЭЛЕКОР" CKK10D-S-040-025-K01 (Ц:14,91руб:1,18:5,56) | D84: шт | E84: 1 | F84: 2.27 | K84: 2
A85: 58 | B85: Цена поставщика | C85: Поворот 90 гр. КМП 40х25 "ЭЛЕКОР" CKK10D-P-040-025-K01 (Ц:17,70руб:1,18:5,56) | D85: шт | E85: 1 | F85: 2.7 | K85: 3
A86: 59 | B86: Цена поставщика | C86: Т-образный угол КМТ 40х25 "ЭЛЕКОР" CKK10D-T-040-025-K01 (Ц:17,70руб:1,18:5,56) | D86: шт | E86: 1 | F86: 2.7 | K86: 3
A87: 60 | B87: Цена поставщика | C87: Внутренний угол КМВ 40х25 "ЭЛЕКОР" CKK10D-V-040-025-K01 (Ц:17,70руб:1,18:5,56) | D87: шт | E87: 1 | F87: 2.7 | K87: 3
A88: 61 | B88: Цена поставщика | C88: Внешний угол КМН 40х25 "ЭЛЕКОР" CKK10D-N-040-025-K01 (Ц:17,70руб:1,18:5,56) | D88: шт | E88: 1 | F88: 2.7 | K88: 3
A89: 62 | B89: Цена поставщика | C89: Кабель-канал 25х16 "ЭЛЕКОР" CKK10-025-016-1-K01 (Ц:25,40руб:1,18:5.56) | D89: м | E89: 750 | F89: 3.87 | K89: 2903
A90: 63 | B90: Цена поставщика | C90: Внутренний угол КМВ 25х16 "ЭЛЕКОР" CKK10D-V-025-016-K01 (Ц:10,30руб:1,18:5.56) | D90: шт | E90: 1 | F90: 1.57 | K90: 2
A91: 64 | B91: Цена поставщика | C91: Внешний угол КМН 25х16 "ЭЛЕКОР" CKK10D-N-025-016-K01 (Ц:10,30руб:1,18:5.56) | D91: шт | E91: 1 | F91: 1.57 | K91: 2
A92: 65 | B92: Цена поставщика | C92: Соединитель на стык КМС 25х16 "ЭЛЕКОР" CKK10D-S-025-016-K01 (Ц:9,44руб:1,18:5.56) | D92: шт | E92: 1 | F92: 1.44 | K92: 1
A93: 66 | B93: Цена поставщика | C93: Т-образный угол КМТ 25х16 "ЭЛЕКОР" CKK10D-T-025-016-K01 (Ц:10,30руб:1,18:5,56) | D93: шт | E93: 1 | F93: 1.57 | K93: 2
A94: Раздел 2. Пусконаладочные работы (в холостую 80%)
A95: Пусконаладочные работы пожарной сигнализации и СОУЭ
A96: 67 | B96: ТЕРп01-10-001-01 | C96: Сбор и реализация сигналов информации устройств защиты, автоматики электрических и технологических режимов КОЭФ. К ПОЗИЦИИ: 0.10 При выполнении пусконаладочных работ на высоте от 2 до 8м ОЗП=1,1; ТЗ=1,1 | D96: 1 сигнал | E96: 120 | F96: 27.19 | G96: 27.19 | K96: 3263 | L96: 3263 | O96: 1.65 | P96: 198
A97: 68 | B97: ТЕРп01-10-010-01 | C97: Схема контроля изоляции электрической сети с помощью электроизмерительных приборов | D97: 1 схема | E97: 2 | F97: 95.38 | G97: 95.38 | K97: 191 | L97: 191 | O97: 6 | P97: 12
A98: 69 | B98: ТЕРп02-01-002-01 | C98: Автоматизированная система управления II категории технической сложности с количеством каналов (Кобщ) 2 | D98: 1 система | E98: 1 | F98: 366.98 | G98: 366.98 | K98: 367 | L98: 367 | O98: 17.6 | P98: 17.6
A99: Пусконаладочные работы автоматического отключения вентиляции при пожаре
A100: 70 | B100: ТЕРп01-09-010-04 | C100: Функциональная группа управления релейно-контакторная с общим числом внешних блокировочных связей до 20 | D100: 1 шт. | E100: 1 | F100: 367.07 | G100: 367.07 | K100: 367 | L100: 367 | O100: 22 | P100: 22
A101: Итого прямые затраты по смете в ценах 2001г. | K101: 152315 | L101: 16592 | M101: 3657 | N101: 727 | P101: 1178.71
A102: Итого прямые затраты по смете с учетом коэффициентов к итогам | K102: 162250 | L102: 21483 | M102: 4979 | N102: 1024 | P102: 1483.93
A103: В том числе, справочно:
...

Sheet 24715
A1: СОГЛАСОВАНО: | E1: ФГУП "Комбинат "Электрохимприбор" | M1: УТВЕРЖДАЮ:
G2: (наименование стройки) | M2: Зам. генерального директора
M3: Е.В.Гордеев
A4: _________________ | M4: _________________
A5: " _____ " ________________ 2012 г. | M5: "______ " __________2012 г.
G6: ЛОКАЛЬНЫЙ СМЕТНЫЙ РАСЧЕТ № 24715
G7: (локальная смета)
C9: на | D9: автоматическую установку пожарной сигнализации и СОУЭ. Отключение вентиляции
E10: Площадка 1. АБК здания 141. МСП121. Инв.№ 5700278
H11: (наименование работ и затрат, наименование объекта)
D13: Основание: проект № 24480-12-ПТ Тема КПМ Т6274.121 | N13: Справочно, в тыс.руб. :
D14: Сметная стоимость _______________________________________________________________________________________________ | J14: ___________________________94,898 | L14: тыс. руб. | N14: ВСЕГО: | P14: =P15+P16+P17 -> 558.44825
D15: монтажных работ _______________________________________________________________________________________________ | J15: _______________________________________________________________________________________________79,238 | L15: тыс. руб. | N15: с К=5,56 | P15: =79.238*5.56 -> 440.56328
D16: прочих (ПНР "в холостую") _______________________________________________________________________________________________ | J16: _______________________________________________________________________________________________10,189 | L16: тыс. руб. | N16: с К=9,32 | P16: =10.189*9.32 -> 94.96148
D17: оборудования _______________________________________________________________________________________________ | J17: _______________________________________________________________________________________________5,471 | L17: тыс. руб. | N17: с К=4,19 | P17: =5.471*4.19 -> 22.92349
D18: Средства на оплату труда _______________________________________________________________________________________________ | J18: ___________________________19,886 | L18: тыс. руб. | N18: с К=4,19 | P18: =19.886*5.56 -> 110.56616
D19: Сметная трудоемкость _______________________________________________________________________________________________ | J19: _______________________________________________________________________________________________1321,8 | L19: чел.час
D20: Материалы ______________________________________ | K20: =K121/1000 -> 40.541 | L20: тыс.руб. | N20: с К=5,56 | P20: =K20*5.56 -> 225.40796
D21: Составлен(а) в базовых ценах 2001г. в редакции 2009г.
A23: № пп | B23: Обоснова-ние | C23: Наименование | D23: Ед. изм. | E23: Кол. | F23: Стоимость единицы, руб. | J23: Общая стоимость, руб. | O23: Т/з осн. раб.на ед. | P23: Т/з осн. раб. Всего | Q23: Общая масса обору-дования, т
F24: Всего | G24: В том числе | J24: Обору-дование | K24: Всего | L24: В том числе
G25: Осн.З/п | H25: Эк.Маш | I25: З/пМех | L25: Осн.З/п | M25: Эк.Маш | N25: З/пМех
A26: 1 | B26: 2 | C26: 3 | D26: 4 | E26: 5 | F26: 6 | G26: 7 | H26: 8 | I26: 9 | J26: 10 | K26: 11 | L26: 12 | M26: 13 | N26: 14 | O26: 15 | P26: 16 | Q26: 17
A27: Раздел 1. Демонтажные работы
A28: 1 | B28: ТЕРм10-08-002-02 | C28: Демонтаж извещателя ИП-104 КОЭФ. К ПОЗИЦИИ: демонтаж ОЗП=0,4; ЭМ=0,4 к расх.; ЗПМ=0,4; МАТ=0 к расх.; ТЗ=0,4; ТЗМ=0,4 | D28: 1 шт. | E28: 40 | F28: 9.29 | G28: 9.11 | H28: 0.18 | K28: 372 | L28: 365 | M28: 7 | O28: 0.67 | P28: 26.8
A29: 2 | B29: ТЕРр67-3-1 | C29: Демонтаж кабеля | D29: 100 м | E29: 7 | F29: 106.34 | G29: 105.94 | H29: 0.4 | I29: 0.16 | K29: 744 | L29: 742 | M29: 2 | N29: 1 | O29: 9.64 | P29: 67.48
A30: Раздел 2. Монтажные работы
A31: 3 | B31: Цена поставщика | C31: ППКОПУ 03041-4-1 "Юнитроник-496" (Ц:14240руб :1,18:4,19) | D31: шт | E31: 1 | J31: 2880 | K31: 2880
A32: 4 | B32: ТЕРм10-08-001-01 | C32: Приборы ПС приемно-контрольные, пусковые, концентратор блок базовый на 10 лучей "Юнитроник-496" | D32: 1 шт. | E32: 1 | F32: 117.52 | G32: 102.02 | H32: 0.46 | K32: 118 | L32: 102 | O32: 7.2 | P32: 7.2
A33: 5 | B33: Цена поставщика | C33: Источник питания СКАТ2400М (Ц:3175руб:1,18:4,19) | D33: 1 шт. | E33: 1 | J33: 642 | K33: 642
A34: 6 | B34: ТЕРм10-02-016-06 | C34: Монтаж: преобразователь или блок питания | D34: 1 шт. | E34: 1 | F34: 256.7 | G34: 157.76 | H34: 33.83 | I34: 6.87 | K34: 257 | L34: 158 | M34: 34 | N34: 7 | O34: 10.1 | P34: 10.1
A35: 7 | B35: Цена поставщика | C35: АКБ 12в 4,5 А/ч (Ц:429,77руб:1,18:5.56) | D35: шт | E35: 1 | F35: 65.51 | K35: 66
A36: 8 | B36: Цена поставщика | C36: АКБ 12в 7,0 А/ч (Ц:551,65руб:1,18:5.56) | D36: шт | E36: 1 | F36: 84.08 | K36: 84
A37: 9 | B37: Цена поставщика | C37: Метка пожарная адресная МА-7ТС24 (Ц:590руб :1,18:4,19) | D37: шт | E37: 10 | J37: 1193 | K37: 1193
A38: 10 | B38: Цена поставщика | C38: Метка адресная управляющая "МА-УОП" (Ц:1150руб :1,18:4,19) | D38: шт | E38: 1 | J38: 233 | K38: 233
A39: 11 | B39: ТЕРм10-08-003-05 прим. | C39: Монтаж: метка адресная "Юнитроник" "МА-УОП"; "МА-7ТС24" | D39: 1 шт. | E39: 10 | F39: 86.32 | G39: 78.05 | H39: 0.37 | K39: 863 | L39: 781 | M39: 4 | O39: 5.76 | P39: 57.6
A40: 12 | B40: Цена поставщика | C40: Дымовой извещатель "ИП-212-92" (Ц:595руб :1,18:5,56) | D40: шт | E40: 155 | F40: 90.69 | K40: 14057
A41: 13 | B41: ТЕРм10-08-002-02 | C41: Извещатель ПС автоматический дымовой, фотоэлектрический, радиоизотопный, световой в нормальном исполнении | D41: 1 шт. | E41: 141 | F41: 28.38 | G41: 22.76 | H41: 0.46 | K41: 4002 | L41: 3209 | M41: 65 | O41: 1.68 | P41: 236.88
A42: 14 | B42: Цена поставщика | C42: Извещатель пожарный тепловой взрывозащищенный ИП 101-7е (комп.06) (Ц:3744руб:1,18:5,56) | D42: шт | E42: 3 | F42: 570.66 | K42: 1712
A43: 15 | B43: ТЕРм10-08-002-03 | C43: Извещатель ПС автоматический тепловой, дымовой, световой во взрывозащищенном исполнении | D43: 1 шт. | E43: 2 | F43: 34.49 | G43: 27.97 | H43: 0.54 | K43: 69 | L43: 56 | M43: 1 | O43: 1.68 | P43: 3.36
A44: 16 | B44: Цена поставщика | C44: Извещатель пожарный ручной "ИПР-3СУ" (Ц:171,93руб :1,18:5,56) | D44: шт | E44: 7 | F44: 26.21 | K44: 183
A45: 17 | B45: ТЕРм10-04-066-05 | C45: Монтаж: извещатель пожарный ручной | D45: 1 шт. | E45: 6 | F45: 13.89 | G45: 12.78 | K45: 83 | L45: 77 | O45: 1 | P45: 6
A46: 18 | B46: Цена поставщика | C46: Светоуказатель Выход "Люкс-24" (Ц:165руб :1,18:5,56) | D46: шт | E46: 10 | F46: 25.15 | K46: 252
A47: 19 | B47: ТЕРм10-04-066-06 | C47: Монтаж: оповещатель световой | D47: 1 шт. | E47: 9 | F47: 98.76 | G47: 74.88 | K47: 889 | L47: 674 | O47: 6 | P47: 54
A48: 20 | B48: Цена поставщика | C48: Оповещатель звуковой "Антишок" (Ц:520,20руб :1,18:5,56) | D48: шт | E48: 25 | F48: 79.26 | K48: 1982
A49: 21 | B49: ТЕРм10-04-066-05 | C49: Монтаж: оповещатель звуковой | D49: 1 шт. | E49: 23 | F49: 13.89 | G49: 12.78 | K49: 319 | L49: 294 | O49: 1 | P49: 23
A50: 22 | B50: Цена поставщика | C50: Размыкатель линии "РЛ-1" (Ц:192руб :1,18:4,19) | D50: шт | E50: 5 | J50: 194 | K50: 194
A51: 23 | B51: ТЕРм10-08-003-05 прим. | C51: Монтаж: размыкатель линии РЛ-1 | D51: 1 шт. | E51: 4 | F51: 86.32 | G51: 78.05 | H51: 0.37 | K51: 345 | L51: 312 | M51: 1 | O51: 5.76 | P51: 23.04
A52: 24 | B52: Цена поставщика | C52: Блок защиты от скачков напряжения "Альбатрос-500" (Ц:528руб:1,18:4,19) | D52: шт | E52: 1 | J52: 107 | K52: 107
A53: 25 | B53: ТЕРм10-08-003-03 | C53: Монтаж: блок защиты от скачков напряжения "АЛЬБАТРОС-500" | D53: 1 шт. | E53: 1 | F53: 59.97 | G53: 51.77 | H53: 0.37 | K53: 60 | L53: 52 | O53: 3.6 | P53: 3.6
A54: 26 | B54: Цена поставщика | C54: Кабель для информационных сетей UT 105нг(А)-FRLS FE180 1х2х0,52мм (Ц:17500руб :1,18:5,56) | D54: 1000м | E54: 1.1 | F54: 2667.36 | K54: 2934
A55: 27 | B55: Цена поставщика | C55: Кабель КПСнг(А)-FRLS 1х2х0,5 (Ц:30018руб :1,18:5,56) | D55: 1000 м | E55: 0.028 | F55: 4575.36 | K55: 128
A56: 28 | B56: Цена поставщика | C56: Кабель КПСнг(А)-FRLS 1х2х1,0 (Ц:48942руб :1,18:5,56) | D56: 1000 м | E56: 0.792 | F56: 7459.76 | K56: 5908
A57: 29 | B57: ТЕРм08-02-399-01 | C57: Провод (кабель) в коробах, сечением до 6 мм2 | D57: 100 м | E57: 17.45 | F57: 189.23 | G57: 46.64 | H57: 56.09 | I57: 24.55 | K57: 3302 | L57: 814 | M57: 979 | N57: 428 | O57: 3.52 | P57: 61.42
A58: 30 | B58: ТСЦ-501-8190 | C58: Кабель силовой с медными жилами с поливинилхлоридной изоляцией в поливинилхлоридной оболочке без защитного покрова ВВГ, напряжением 0,66 Кв, число жил 3 и сечением 1,5 мм2 | D58: 1000 м | E58: 0.013 | F58: 6962.8 | K58: 91
A59: 31 | B59: ТЕРм08-02-402-01 | C59: Кабель двух-четырехжильный по установленным конструкциям и лоткам с установкой ответвительных коробок в помещениях с нормальной средой сечением жилы до 10 мм2 | D59: 100 м | E59: 0.12 | F59: 1131.61 | G59: 202.73 | H59: 704.04 | I59: 87.33 | K59: 136 | L59: 24 | M59: 84 | N59: 10 | O59: 15.3 | P59: 1.84
A60: 32 | B60: ТСЦ-509-0584 | C60: Резисторы, диоды | D60: шт. | E60: 36 | F60: 1.19 | K60: 43
A61: 33 | B61: ТЕРм11-03-001-01 | C61: Монтаж: резисторы, диоды | D61: 1 шт. | E61: 36 | F61: 8.41 | G61: 7.26 | K61: 303 | L61: 261 | O61: 0.52 | P61: 18.72
A62: 34 | B62: ТЕРм10-06-037-05 | C62: Шкаф настенный для приборов, размер 700х500х250мм | D62: 1 шт. | E62: 1 | F62: 121.87 | G62: 26.33 | H62: 2.39 | K62: 122 | L62: 26 | M62: 2 | O62: 2.06 | P62: 2.06
A63: 35 | B63: цена поставщика | C63: Шкаф автоматики со стеклянной дверцей 800х600х250 SR 8625V (Ц:9262,94руб :1,18:5,56) | D63: шт | E63: 1 | F63: 1411.86 | K63: 1412
A64: 36 | B64: цена поставщика | C64: Плата монтажная PF 8060 (Ц:2817,94руб :1,18:5,56) | D64: шт | E64: 1 | F64: 429.51 | K64: 430
A65: 37 | B65: цена поставщика | C65: Петли для крепления шкафа АА 1206 (Ц:351,13руб :1,18:5,56) | D65: копл-кт | E65: 1 | F65: 53.52 | K65: 54
A66: 38 | B66: цена поставщика | C66: Комплект стоек длиной 50 мм (12 шт) АА 8050 (Ц:839,23руб :1,18:5,56) | D66: шт | E66: 1 | F66: 127.92 | K66: 128
A67: 39 | B67: ТСЦ-509-0324 прим. | C67: Выключатели автоматические ВА47-29 | D67: шт. | E67: 1 | F67: 27.74 | K67: 28
A68: 40 | B68: ТЕРм08-03-526-01 | C68: Автомат одно-, двух-, трехполюсный, устанавливаемый на конструкции, на ток до 25 А | D68: 1 шт. | E68: 1 | F68: 174.77 | G68: 20.9 | H68: 1.28 | K68: 175 | L68: 21 | M68: 1 | O68: 1.56 | P68: 1.56
A69: 41 | B69: Цена поставщика | C69: Бокс КМПн 1/2 (25,51руб:1,18:5,56) | D69: шт. | E69: 1 | F69: 3.89 | K69: 4
A70: 42 | B70: ТЕРм08-03-573-04 | C70: Шкаф (пульт) управления навесной, высота, ширина и глубина до 600х600х350 мм | D70: 1 шт. | E70: 1 | F70: 99.26 | G70: 33.11 | H70: 62.05 | I70: 4.71 | K70: 99 | L70: 33 | M70: 62 | N70: 5 | O70: 2.37 | P70: 2.37
A71: 43 | B71: ТЕРм10-04-030-04 | C71: Дополнительная установка на пультах и панелях колодки клеммной на 20 клемм | D71: 1 шт. | E71: 30 | F71: 27.06 | G71: 11.51 | K71: 812 | L71: 345 | O71: 1 | P71: 30
A72: 44 | B72: Цена поставщика | C72: Клеммная колодка 43412NY DKC (Цена:47,65руб :1,18:5,56) | D72: шт | E72: 30 | F72: 7.26 | K72: 218
A73: 45 | B73: Цена поставщика | C73: Коробка распределительная DKC 150х110x70 IP55 54000 (Ц:151руб:1,18:5,56) | D73: шт | E73: 5 | F73: 23.02 | K73: 115
A74: 46 | B74: ФЕРм08-02-390-01 | C74: Короба пластмассовые: шириной до 40 мм КОЭФ. К ПОЗИЦИИ: Приведение расценок ФЕР к территориальному уровню (Письмо УРЦЦС Ц-297 от 12.04.2011) ОЗП=1,41; ЭМ=1,242; ЗПМ=1,41; МАТ=1,052 | D74: 100 м | E74: 9.1 | F74: 311.4 | G74: 218.44 | H74: 38.75 | I74: 0.17 | K74: 2834 | L74: 1988 | M74: 353 | N74: 2 | O74: 16.29 | P74: 148.24
A75: 47 | B75: Цена поставщика | C75: Кабель-канал 25х16 "ЭЛЕКОР" CKK10-025-016-1-K01 (Ц:25,40руб:1,18:5.56) | D75: м | E75: 800 | F75: 3.87 | K75: 3096
A76: 48 | B76: Цена поставщика | C76: Внутренний угол КМВ 25х16 "ЭЛЕКОР" CKK10D-V-025-016-K01 (Ц:10,30руб:1,18:5.56) | D76: шт | E76: 112 | F76: 1.57 | K76: 176
A77: 49 | B77: Цена поставщика | C77: Внешний угол КМН 25х16 "ЭЛЕКОР" CKK10D-N-025-016-K01 (Ц:10,30руб:1,18:5.56) | D77: шт | E77: 140 | F77: 1.57 | K77: 220
A78: 50 | B78: Цена поставщика | C78: Соединитель на стык КМС 25х16 "ЭЛЕКОР" CKK10D-S-025-016-K01 (Ц:9,44руб:1,18:5.56) | D78: шт | E78: 240 | F78: 1.44 | K78: 346
A79: 51 | B79: Цена поставщика | C79: Поворот 90 гр. КМП 25х16 "ЭЛЕКОР" CKK10D-P-025-016-K01 (Ц:10,30руб:1,18:5.56) | D79: шт | E79: 130 | F79: 1.57 | K79: 204
A80: 52 | B80: Цена поставщика | C80: Т-образный угол КМТ 25х16 "ЭЛЕКОР" CKK10D-T-025-016-K01 (Ц:10,30руб:1,18:5,56) | D80: шт | E80: 90 | F80: 1.57 | K80: 141
A81: 53 | B81: Цена поставщика | C81: Кабель-канал 40х25 "ЭЛЕКОР" CKK10-040-025-1-K01-018 (Ц:43,43руб:1,18:5,56) | D81: м | E81: 110 | F81: 6.62 | K81: 728
A82: 54 | B82: Цена поставщика | C82: Соединитель на стык КМС 40х25 "ЭЛЕКОР" CKK10D-S-040-025-K01 (Ц:14,91руб:1,18:5,56) | D82: шт | E82: 80 | F82: 2.27 | K82: 182
A83: 55 | B83: Цена поставщика | C83: Поворот 90 гр. КМП 40х25 "ЭЛЕКОР" CKK10D-P-040-025-K01 (Ц:17,70руб:1,18:5,56) | D83: шт | E83: 40 | F83: 2.7 | K83: 108
A84: 56 | B84: Цена поставщика | C84: Т-образный угол КМТ 40х25 "ЭЛЕКОР" CKK10D-T-040-025-K01 (Ц:17,70руб:1,18:5,56) | D84: шт | E84: 40 | F84: 2.7 | K84: 108
A85: 57 | B85: Цена поставщика | C85: Внутренний угол КМВ 40х25 "ЭЛЕКОР" CKK10D-V-040-025-K01 (Ц:17,70руб:1,18:5,56) | D85: шт | E85: 78 | F85: 2.7 | K85: 211
A86: 58 | B86: Цена поставщика | C86: Внешний угол КМН 40х25 "ЭЛЕКОР" CKK10D-N-040-025-K01 (Ц:17,70руб:1,18:5,56) | D86: шт | E86: 60 | F86: 2.7 | K86: 162
A87: 59 | B87: Цена поставщика | C87: Коробка универсальная КМКУ 88х88х44 "ЭЛЕКОР" CKK10D-U-1-K01 (Ц:40,81руб:1,18:5,56) | D87: шт | E87: 55 | F87: 6.22 | K87: 342
A88: Раздел 3. Пусконаладочные работы (в холостую 80%)
A89: 60 | B89: ТЕРп01-10-001-01 | C89: Сбор и реализация сигналов информации устройств защиты, автоматики электрических и технологических режимов КОЭФ. К ПОЗИЦИИ: 0.10 При выполнении пусконаладочных работ на высоте от 2 до 8м ОЗП=1,1; ТЗ=1,1 | D89: 1 сигнал | E89: 170 | F89: 27.19 | G89: 27.19 | K89: 4622 | L89: 4622 | O89: 1.65 | P89: 280.5
A90: 61 | B90: ТЕРп01-10-010-01 | C90: Схема контроля изоляции электрической сети с помощью электроизмерительных приборов | D90: 1 схема | E90: 2 | F90: 95.38 | G90: 95.38 | K90: 191 | L90: 191 | O90: 6 | P90: 12
A91: 62 | B91: ТЕРп02-01-002-01 | C91: Автоматизированная система управления II категории технической сложности с количеством каналов (Кобщ) 2 | D91: 1 система | E91: 1 | F91: 366.98 | G91: 366.98 | K91: 367 | L91: 367 | O91: 17.6 | P91: 17.6
A92: Итого прямые затраты по смете в ценах 2001г. | K92: 62186 | L92: 15514 | M92: 1595 | N92: 453 | P92: 1095.37
A93: Итого прямые затраты по смете с учетом коэффициентов к итогам | K93: 67440 | L93: 19250 | M93: 2178 | N93: 636 | P93: 1321.8
A94: В том числе, справочно:
A95: Районный к-т 4,3% (Поз. 1, 4, 6, 11, 13, 15, 23, 25, 33, 2, 17, 19, 21, 43, 29, 31, 40, 42, 46, 34, 60-62) | K95: 687 | L95: 667 | M95: 19 | N95: 19
A96: Заготовительно-складские расходы на материалы - согласно п.4.64 из МДС 81-35.2004 МАТ=1,02 (Поз. 7-8, 14, 16, 20, 35-38, 44, 12, 18, 26-28, 41, 45, 47-59) | K96: 713
A97: Транспортные расходы на оборудование - согласно п.4.60 из МДС 81-35.2004 ПЗ=1,03 (ОЗП=1,03; ЭМ=1,03; МАТ=1,03) (Поз. 3, 9-10, 22, 24, 5) | K97: 157
A98: Заготовительно-складские расходы на оборудование - согласно п.4.64 из МДС 81-35.2004 ПЗ=1,012 (ОЗП=1,012; ЭМ=1,012; МАТ=1,012) (Поз. 3, 9-10, 22, 24, 5) | K98: 65
A99: 2. Производство монтажных работ в существующих зданиях и сооружениях в стесненных условиях ОЗП=1,35; ЭМ=1,35; ЗПМ=1,35; ТЗ=1,35; ТЗМ=1,35 (Поз. 1, 4, 6, 11, 13, 15, 23, 25, 33, 17, 19, 21, 43, 29, 31, 40, 42, 46, 34) | K99: 4065 | L99: 3502 | M99: 564 | N99: 165 | P99: 251.2265
A100: 3. ПНР на действующих предприятиях в зданиях при наличии в зоне производства работ загромождающих помещения предметов ОЗП=1,15; ТЗ=1,15 (Поз. 60-62) | K100: 810 | L100: 810 | P100: 46.515
A101: Пусконаладочные работы (в холостую 80%) ПЗ=0,8 (ОЗП=0,8; ЭМ=0,8; ЗПМ=0,8; МАТ=0,8; ТЗ=0,8; ТЗМ=0,8) (Поз. 60-62) | K101: -1243 | L101: -1243 | P101: -71.324
A102: Накладные расходы | K102: 16147
A103: В том числе, справочно:
...

Sheet 24780
A1: СОГЛАСОВАНО: | E1: ФГУП "Комбинат "Электрохимприбор" | M1: УТВЕРЖДАЮ:
G2: (наименование стройки) | M2: Зам. генерального директора
M3: Е.В.Гордеев
A4: _________________ | M4: _________________
A5: " _____ " ________________ 2013 г. | M5: "______ " __________2013 г.
G6: ЛОКАЛЬНЫЙ СМЕТНЫЙ РАСЧЕТ № 24780
G7: (локальная смета)
C9: на | D9: автоматическую установку пожарной сигнализации и СОУЭ. Отключение вентиляции
E10: Площадка 1. Цех 005. Здание 141. Инв.№ 5700278
H11: (наименование работ и затрат, наименование объекта)
D13: Основание: проект № 24530-13-ПС Тема КПМ Т6177.005 | N13: Справочно, в тыс.руб. :
D14: Сметная стоимость _______________________________________________________________________________________________ | J14: ___________________________47,797 | L14: тыс. руб. | N14: ВСЕГО: | P14: =P15+P16+P17 -> 275.07786
D15: монтажных работ _______________________________________________________________________________________________ | J15: _______________________________________________________________________________________________37,979 | L15: тыс. руб. | N15: с К=5,56 | P15: =5.56*37.979 -> 211.16324
D16: прочих (ПНР "в холостую") _______________________________________________________________________________________________ | J16: _______________________________________________________________________________________________4,440 | L16: тыс. руб. | N16: с К=9,32 | P16: =9.32*4.44 -> 41.3808
D17: оборудования _______________________________________________________________________________________________ | J17: _______________________________________________________________________________________________5,378 | L17: тыс. руб. | N17: с К=4,19 | P17: =4.19*5.378 -> 22.53382
D18: Средства на оплату труда _______________________________________________________________________________________________ | J18: ___________________________10,461 | L18: тыс. руб. | N18: с К=5,56 | P18: =5.56*10.461 -> 58.16316
D19: Сметная трудоемкость _______________________________________________________________________________________________ | J19: _______________________________________________________________________________________________709,72 | L19: чел.час
D20: Материалы ______________________________________ | K20: =K113/1000 -> 16.291 | L20: тыс.руб. | N20: с К=5,56 | P20: =K20*5.56 -> 90.57796
D21: Составлен(а) в базовых ценах 2001г. в редакции 2009г.
A23: № пп | B23: Обоснова-ние | C23: Наименование | D23: Ед. изм. | E23: Кол. | F23: Стоимость единицы, руб. | J23: Общая стоимость, руб. | O23: Т/з осн. раб.на ед. | P23: Т/з осн. раб. Всего | Q23: Общая масса обору-дования, т
F24: Всего | G24: В том числе | J24: Обору-дование | K24: Всего | L24: В том числе
G25: Осн.З/п | H25: Эк.Маш | I25: З/пМех | L25: Осн.З/п | M25: Эк.Маш | N25: З/пМех
A26: 1 | B26: 2 | C26: 3 | D26: 4 | E26: 5 | F26: 6 | G26: 7 | H26: 8 | I26: 9 | J26: 10 | K26: 11 | L26: 12 | M26: 13 | N26: 14 | O26: 15 | P26: 16 | Q26: 17
A27: Раздел 1. Монтажные работы
A28: 1 | B28: Цена поставщика | C28: ППКОПУ 03041-4-1 "Юнитроник-496" (Ц:14240руб :1,18:4,19) | D28: шт | E28: 1 | J28: 2880 | K28: 2880
A29: 2 | B29: ТЕРм10-08-001-01 | C29: Приборы ПС приемно-контрольные, пусковые, концентратор блок базовый на 10 лучей "Юнитроник-496" | D29: 1 шт. | E29: 1 | F29: 117.52 | G29: 102.02 | H29: 0.46 | K29: 118 | L29: 102 | O29: 7.2 | P29: 7.2
A30: 3 | B30: Цена поставщика | C30: АКБ 12в 7,0 А/ч (Ц:399руб :1,18:5,56) | D30: шт. | E30: 1 | F30: 60.82 | K30: 61
A31: 4 | B31: Цена поставщика | C31: Источник питания СКАТ2400М (Ц:3175руб:1,18:4,19) | D31: 1 шт. | E31: 1 | J31: 642 | K31: 642
A32: 5 | B32: ТЕРм10-02-016-06 | C32: Монтаж: преобразователь или блок питания | D32: 1 шт. | E32: 1 | F32: 256.7 | G32: 157.76 | H32: 33.83 | I32: 6.87 | K32: 257 | L32: 158 | M32: 34 | N32: 7 | O32: 10.1 | P32: 10.1
A33: 6 | B33: Цена поставщика | C33: Метка пожарная адресная МА-7ТСН (Ц:590руб :1,18:4,19) | D33: шт | E33: 6 | J33: 716 | K33: 716
A34: 7 | B34: Цена поставщика | C34: Метка адресная управляющая "МА-4У" (Ц:3520руб :1,18:4,19) | D34: шт | E34: 2 | J34: 465 | K34: 465
A35: 8 | B35: Цена поставщика | C35: Метка адресная управляющая "МА-УОП" (Ц:1150руб :1,18:4,19) | D35: шт | E35: 1 | J35: 233 | K35: 233
A36: 9 | B36: ТЕРм10-08-003-05 прим. | C36: Монтаж: метка адресная "Юнитроник" | D36: 1 шт. | E36: 7 | F36: 86.32 | G36: 78.05 | H36: 0.37 | K36: 604 | L36: 546 | M36: 3 | O36: 5.76 | P36: 40.32
A37: 10 | B37: Цена поставщика | C37: Дымовой извещатель "ИП-212-92" (Ц:595руб :1,18:5,56) | D37: шт | E37: 21 | F37: 90.69 | K37: 1904
A38: 11 | B38: ТЕРм10-08-002-02 | C38: Извещатель ПС автоматический дымовой, фотоэлектрический, радиоизотопный, световой в нормальном исполнении | D38: 1 шт. | E38: 19 | F38: 28.38 | G38: 22.76 | H38: 0.46 | K38: 539 | L38: 432 | M38: 9 | O38: 1.68 | P38: 31.92
A39: 12 | B39: Цена поставщика | C39: Извещатель пожарный ручной "ИПР-3СУ" (Ц:171,93руб :1,18:5,56) | D39: шт | E39: 6 | F39: 26.21 | K39: 157
A40: 13 | B40: ТЕРм10-04-066-05 | C40: Монтаж: извещатель пожарный ручной | D40: 1 шт. | E40: 5 | F40: 13.89 | G40: 12.78 | K40: 69 | L40: 64 | O40: 1 | P40: 5
A41: 14 | B41: Цена поставщика | C41: Светоуказатель Выход "Люкс-24" (Ц:165руб :1,18:5,56) | D41: шт | E41: 10 | F41: 25.15 | K41: 252
A42: 15 | B42: ТЕРм10-04-066-06 | C42: Монтаж: оповещатель световой | D42: 1 шт. | E42: 9 | F42: 98.76 | G42: 74.88 | K42: 889 | L42: 674 | O42: 6 | P42: 54
A43: 16 | B43: Цена поставщика | C43: Оповещатель звуковой "Антишок" (Ц:520,20руб :1,18:5,56) | D43: шт | E43: 9 | F43: 79.26 | K43: 713
A44: 17 | B44: Цена поставщика | C44: Оповещатель "Маяк-24-3М" (Ц:293,64руб :1,18:5,56) | D44: шт | E44: 9 | F44: 44.76 | K44: 403
A45: 18 | B45: ТЕРм10-04-066-05 | C45: Монтаж: оповещатель звуковой | D45: 1 шт. | E45: 16 | F45: 13.89 | G45: 12.78 | K45: 222 | L45: 204 | O45: 1 | P45: 16
A46: 19 | B46: Цена поставщика | C46: Размыкатель линии "РЛ-1" (Ц:192руб :1,18:4,19) | D46: шт | E46: 3 | J46: 116 | K46: 116
A47: 20 | B47: ТЕРм10-08-003-05 прим. | C47: Монтаж: размыкатель линии РЛ-1 | D47: 1 шт. | E47: 3 | F47: 86.32 | G47: 78.05 | H47: 0.37 | K47: 259 | L47: 234 | M47: 1 | O47: 5.76 | P47: 17.28
A48: 21 | B48: Цена поставщика | C48: Блок защиты от скачков напряжения "Альбатрос-500" (Ц:528руб:1,18:4,19) | D48: шт | E48: 1 | J48: 107 | K48: 107
A49: 22 | B49: ТЕРм10-08-003-03 | C49: Монтаж: блок защиты от скачков напряжения "АЛЬБАТРОС-500" | D49: 1 шт. | E49: 1 | F49: 59.97 | G49: 51.77 | H49: 0.37 | K49: 60 | L49: 52 | O49: 3.6 | P49: 3.6
A50: 23 | B50: ТСЦ-509-0584 | C50: Резисторы, диоды | D50: шт. | E50: 35 | F50: 1.19 | K50: 42
A51: 24 | B51: ТЕРм11-03-001-01 | C51: Монтаж: резисторы, диоды | D51: 1 шт. | E51: 31 | F51: 8.41 | G51: 7.26 | K51: 261 | L51: 225 | O51: 0.52 | P51: 16.12
A52: 25 | B52: ТЕРм08-02-401-01 | C52: Кабель двух-четырехжильный сечением жилы до 16 мм2 с креплением накладными скобами, полосками с установкой ответвительных коробок | D52: 100 м | E52: 0.2 | F52: 4032.86 | G52: 683.7 | H52: 957.86 | I52: 390.47 | K52: 807 | L52: 137 | M52: 192 | N52: 78 | O52: 51.6 | P52: 10.32
A53: 26 | B53: ТСЦ-501-8190 | C53: Кабель силовой с медными жилами с поливинилхлоридной изоляцией в поливинилхлоридной оболочке без защитного покрова ВВГ, напряжением 0,66 Кв, число жил 3 и сечением 1,5 мм2 | D53: 1000 м | E53: 0.22 | F53: 6962.8 | K53: 1532
A54: 27 | B54: Цена поставщика | C54: Кабель для информационных сетей UT 105нг(А)-FRLS FE180 1х2х0,5мм (Ц:17500руб :1,18:5,56) | D54: 1000м | E54: 0.275 | F54: 2667.36 | K54: 734
A55: 28 | B55: Цена поставщика | C55: Кабель КПСнг(А)-FRLS 1х2х0,5 (Ц:30018руб :1,18:5,56) | D55: 1000 м | E55: 0.055 | F55: 4575.36 | K55: 252
A56: 29 | B56: Цена поставщика | C56: Кабель КПСнг(А)-FRLS 1х2х1,0 (Ц:48942руб :1,18:5,56) | D56: 1000 м | E56: 0.506 | F56: 7459.76 | K56: 3775
A57: 30 | B57: Цена поставщика | C57: Кабель КПСнг(А)-FRLS 1х2х1,5 (Ц:65373руб :1,18:5,56) | D57: 1000 м | E57: 0.022 | F57: 9964.18 | K57: 219
A58: 31 | B58: ТЕРм08-02-399-01 | C58: Провод (кабель) в коробах, сечением до 6 мм2 | D58: 100 м | E58: 7.8 | F58: 189.23 | G58: 46.64 | H58: 56.09 | I58: 24.55 | K58: 1476 | L58: 364 | M58: 438 | N58: 191 | O58: 3.52 | P58: 27.46
A59: 32 | B59: ФЕРм08-02-390-01 | C59: Короба пластмассовые: шириной до 40 мм КОЭФ. К ПОЗИЦИИ: Приведение расценок ФЕР к территориальному уровню (Письмо УРЦЦС Ц-297 от 12.04.2011) ОЗП=1,41; ЭМ=1,242; ЗПМ=1,41; МАТ=1,052 | D59: 100 м | E59: 3.4 | F59: 311.4 | G59: 218.44 | H59: 38.75 | I59: 0.17 | K59: 1059 | L59: 743 | M59: 132 | N59: 1 | O59: 16.29 | P59: 55.39
A60: 33 | B60: ФССЦ-509-1834 | C60: Кабель-канал (короб) "Электропласт" 40x25 мм КОЭФ. К ПОЗИЦИИ: Приведение расценок ФЕР к территориальному уровню (Письмо УРЦЦС Ц-297 от 12.04.2011) ОЗП=1,41; ЭМ=1,242; ЗПМ=1,41; МАТ=1,052 | D60: м | E60: 20 | F60: 3.47 | K60: 69
A61: 34 | B61: ФССЦ-509-1831 | C61: Кабель-канал (короб) "Электропласт" 25x16 мм КОЭФ. К ПОЗИЦИИ: Приведение расценок ФЕР к территориальному уровню (Письмо УРЦЦС Ц-297 от 12.04.2011) ОЗП=1,41; ЭМ=1,242; ЗПМ=1,41; МАТ=1,052 | D61: м | E61: 320 | F61: 1.8 | K61: 576
A62: 35 | B62: ТЕРм10-04-066-04 | C62: Монтаж: коробка ответвительная с кабельными вводами DKC | D62: 1 шт. | E62: 3 | F62: 58.16 | G62: 48.04 | K62: 174 | L62: 144 | O62: 4 | P62: 12
A63: 36 | B63: ТСЦ-503-0461 | C63: Разветвительная коробка | D63: шт. | E63: 3 | F63: 20.82 | K63: 62
A64: 37 | B64: ТЕРм10-04-030-04 | C64: Дополнительная установка на пультах и панелях колодки клеммной на 20 клемм | D64: 1 шт. | E64: 25 | F64: 27.06 | G64: 11.51 | K64: 677 | L64: 288 | O64: 1 | P64: 25
A65: 38 | B65: ТСЦ-509-0100 прим. | C65: Клеммная колодка | D65: шт. | E65: 25 | F65: 4.52 | K65: 113
A66: 39 | B66: ТСЦ-509-0323 | C66: Выключатели автоматические ВА47-29 | D66: шт. | E66: 1 | F66: 33.29 | K66: 33
A67: 40 | B67: ТЕРм08-03-526-01 | C67: Автомат одно-, двух-, трехполюсный, устанавливаемый на конструкции, на ток до 25 А | D67: 1 шт. | E67: 1 | F67: 174.77 | G67: 20.9 | H67: 1.28 | K67: 175 | L67: 21 | M67: 1 | O67: 1.56 | P67: 1.56
A68: 41 | B68: Цена поставщика | C68: Бокс КМПн 1/2 для 1-2-х авт.выкл. наружн. уст. ИЭК MKP31-N-02-30-252 (Ц:25,51руб :1,18:5,56) | D68: шт | E68: 1 | F68: 3.89 | K68: 4
A69: 42 | B69: ТЕРм10-06-037-09 | C69: Ящик для трубных проводок протяжной или коробка, размер до 500х500 мм | D69: 1 шт. | E69: 1 | F69: 32.23 | G69: 26.18 | H69: 1.91 | K69: 32 | L69: 26 | M69: 2 | O69: 2.18 | P69: 2.18
A70: 43 | B70: Цена поставщика | C70: Шкаф автоматики со стеклянной дверцей 700х500х250 SR 7525V (Ц:7093,40руб :1,18:5,56) | D70: шт | E70: 1 | F70: 1081.18 | K70: 1081
A71: 44 | B71: Цена поставщика | C71: Панель модульная PF 7050 (Ц:2180,56руб :1,18:5,56) | D71: шт | E71: 1 | F71: 332.36 | K71: 332
A72: 45 | B72: Цена поставщика | C72: Петли для крепления шкафа АА 1206 (Ц:351,13руб :1,18:5,56) | D72: копл-кт | E72: 1 | F72: 53.52 | K72: 54
A73: 46 | B73: Цена поставщика | C73: Комплект стоек длиной 50 мм (12 шт) АА 8050 (Ц:839,23руб :1,18:5,56) | D73: шт | E73: 1 | F73: 127.92 | K73: 128
A74: 47 | B74: ТЕРм10-04-066-04 | C74: Коробка кабельная соединительная или разветвительная | D74: 1 шт. | E74: 25 | F74: 58.16 | G74: 48.04 | K74: 1454 | L74: 1201 | O74: 4 | P74: 100
A75: 48 | B75: ТСЦ-503-0461 | C75: Разветвительная коробка | D75: шт. | E75: 28 | F75: 20.82 | K75: 583
A76: 49 | B76: Цена поставщика | C76: АКБ 12в 4,5 А/ч (Ц:429,77руб:1,18:5.56) | D76: шт | E76: 2 | F76: 65.51 | K76: 131
A77: 50 | B77: Цена поставщика | C77: АКБ 12в 7,0 А/ч (Ц:551,65руб:1,18:5.56) | D77: шт | E77: 2 | F77: 84.08 | K77: 168
A78: Раздел 2. Пусконаладочные работы (в холостую 80%)
A79: Пусконаладочные работы пожарной сигнализации и СОУЭ
A80: 51 | B80: ТЕРп01-10-001-01 | C80: Сбор и реализация сигналов информации устройств защиты, автоматики электрических и технологических режимов КОЭФ. К ПОЗИЦИИ: 0.10 При выполнении пусконаладочных работ на высоте от 2 до 8м ОЗП=1,1; ТЗ=1,1 | D80: 1 сигнал | E80: 49 | F80: 27.19 | G80: 27.19 | K80: 1332 | L80: 1332 | O80: 1.65 | P80: 80.85
A81: 52 | B81: ТЕРп01-10-010-01 | C81: Схема контроля изоляции электрической сети с помощью электроизмерительных приборов | D81: 1 схема | E81: 2 | F81: 95.38 | G81: 95.38 | K81: 191 | L81: 191 | O81: 6 | P81: 12
A82: 53 | B82: ТЕРп02-01-002-01 | C82: Автоматизированная система управления II категории технической сложности с количеством каналов (Кобщ) 2 | D82: 1 система | E82: 1 | F82: 366.98 | G82: 366.98 | K82: 367 | L82: 367 | O82: 17.6 | P82: 17.6
A83: Пусконаладочные работы автоматического отключения вентиляции при пожаре
A84: 54 | B84: ТЕРп01-09-010-04 | C84: Функциональная группа управления релейно-контакторная с общим числом внешних блокировочных связей до 20 | D84: 1 шт. | E84: 1 | F84: 367.07 | G84: 367.07 | K84: 367 | L84: 367 | O84: 22 | P84: 22
A85: Итого прямые затраты по смете в ценах 2001г. | K85: 29926 | L85: 7872 | M85: 812 | N85: 277 | P85: 567.9
A86: Итого прямые затраты по смете с учетом коэффициентов к итогам | K86: 32852 | L86: 10071 | M86: 1112 | N86: 390 | P86: 709.72
A87: В том числе, справочно:
A88: Районный к-т 4,3% (Поз. 2, 5, 9, 11, 20, 22, 24, 13, 15, 18, 35, 37, 47, 25, 31-32, 40, 42, 51-54) | K88: 350 | L88: 338 | M88: 12 | N88: 12
A89: Заготовительно-складские расходы на материалы - согласно п.4.64 из МДС 81-35.2004 МАТ=1,02 (Поз. 3, 10, 14, 27-30, 43, 12, 16-17, 41, 44-46, 49-50) | K89: 208
A90: Транспортные расходы на оборудование - согласно п.4.60 из МДС 81-35.2004 ПЗ=1,03 (ОЗП=1,03; ЭМ=1,03; МАТ=1,03) (Поз. 1, 6-8, 19, 21, 4) | K90: 155
A91: Заготовительно-складские расходы на оборудование - согласно п.4.64 из МДС 81-35.2004 ПЗ=1,012 (ОЗП=1,012; ЭМ=1,012; МАТ=1,012) (Поз. 1, 6-8, 19, 21, 4) | K91: 64
A92: 2. Производство монтажных работ в существующих зданиях и сооружениях в стесненных условиях ОЗП=1,35; ЭМ=1,35; ЗПМ=1,35; ТЗ=1,35; ТЗМ=1,35 (Поз. 2, 5, 9, 11, 20, 22, 24, 13, 15, 18, 35, 37, 47, 25, 31-32, 40, 42) | K92: 2337 | L92: 2050 | M92: 288 | N92: 101 | P92: 152.4075
A93: 3. ПНР на действующих предприятиях в зданиях при наличии в зоне производства работ загромождающих помещения предметов ОЗП=1,15; ТЗ=1,15 (Поз. 51-54) | K93: 353 | L93: 353 | P93: 19.8675
A94: Пусконаладочные работы (в холостую 80%) ПЗ=0,8 (ОЗП=0,8; ЭМ=0,8; ЗПМ=0,8; МАТ=0,8; ТЗ=0,8; ТЗМ=0,8) (Поз. 51-54) | K94: -541 | L94: -541 | P94: -30.464
A95: Накладные расходы | K95: 8811
A96: В том числе, справочно:
A97: 65% ФОТ (от 2166) (Поз. 51-54) | K97: 1408
A98: 80% ФОТ (от 2471) (Поз. 2, 5, 9, 11, 20, 22, 24) | K98: 1977
A99: 92% ФОТ (от 3626) (Поз. 13, 15, 18, 35, 37, 47) | K99: 3336
A100: 95% ФОТ (от 2162) (Поз. 25, 31-32, 40) | K100: 2054
A101: 100% ФОТ (от 36) (Поз. 42) | K101: 36
A102: Сметная прибыль | K102: 6134
A103: В том числе, справочно:
...

Sheet 24798
A1: СОГЛАСОВАНО: | E1: ФГУП "Комбинат "Электрохимприбор" | M1: УТВЕРЖДАЮ:
G2: (наименование стройки) | M2: Зам. генерального директора
M3: Е.В.Гордеев
A4: _________________ | M4: _________________
A5: " _____ " ________________ 2013 г. | M5: "______ " __________2013 г.
G6: ЛОКАЛЬНЫЙ СМЕТНЫЙ РАСЧЕТ № 24798
G7: (локальная смета)
C9: на | D9: автоматическую установку пожарной сигнализации и СОУЭ.
E10: Площадка 6. Здание 714.
H11: (наименование работ и затрат, наименование объекта)
D13: Основание: проект № 24531-13-ПС Тема КПМ Т6265.015 | N13: Справочно, в тыс.руб. :
D14: Сметная стоимость _______________________________________________________________________________________________ | J14: ___________________________55,584 | L14: тыс. руб. | N14: ВСЕГО: | P14: =P15+P16+P17 -> 302.17915
D15: монтажных работ _______________________________________________________________________________________________ | J15: _______________________________________________________________________________________________36,851 | L15: тыс. руб. | N15: с К=5,56 | P15: =36.851*5.56 -> 204.89156
D16: прочих (ПНР "в холостую") _______________________________________________________________________________________________ | J16: _______________________________________________________________________________________________3,664 | L16: тыс. руб. | N16: с К=9,32 | P16: =9.32*3.664 -> 34.14848
D17: оборудования _______________________________________________________________________________________________ | J17: _______________________________________________________________________________________________15,069 | L17: тыс. руб. | N17: с К=4,19 | P17: =4.19*15.069 -> 63.13911
D18: Средства на оплату труда _______________________________________________________________________________________________ | J18: ___________________________6,794 | L18: тыс. руб. | N18: с К=5,56 | P18: =5.56*6.794 -> 37.77464
D19: Сметная трудоемкость _______________________________________________________________________________________________ | J19: _______________________________________________________________________________________________436,28 | L19: чел.час
D20: Материалы ______________________________________ | K20: =K115/1000 -> 23.825 | L20: тыс.руб. | N20: с К=5,56 | P20: =K20*5.56 -> 132.467
D21: Составлен(а) в базовых ценах 2001г. в редакции 2009г.
A23: № пп | B23: Обоснова-ние | C23: Наименование | D23: Ед. изм. | E23: Кол. | F23: Стоимость единицы, руб. | J23: Общая стоимость, руб. | O23: Т/з осн. раб.на ед. | P23: Т/з осн. раб. Всего | Q23: Общая масса обору-дования, т
F24: Всего | G24: В том числе | J24: Обору-дование | K24: Всего | L24: В том числе
G25: Осн.З/п | H25: Эк.Маш | I25: З/пМех | L25: Осн.З/п | M25: Эк.Маш | N25: З/пМех
A26: 1 | B26: 2 | C26: 3 | D26: 4 | E26: 5 | F26: 6 | G26: 7 | H26: 8 | I26: 9 | J26: 10 | K26: 11 | L26: 12 | M26: 13 | N26: 14 | O26: 15 | P26: 16 | Q26: 17
A27: Раздел 1. Монтажные работы
A28: 1 | B28: Цена поставщика | C28: Пульт контроля и управления С2000-М (Ц:6504,30руб:1,18:4,19) | D28: 1 шт. | E28: 1 | J28: 1316 | K28: 1316
A29: 2 | B29: ТЕРм10-08-001-13 | C29: Монтаж: пульт контроля и управления С2000-М | D29: 1 шт. | E29: 1 | F29: 64.92 | G29: 57.52 | H29: 0.37 | K29: 65 | L29: 58 | O29: 4 | P29: 4
A30: 3 | B30: Цена поставщика | C30: Контроль по двухпроводной линии С2000-КДЛ-2И (Ц:2168,10руб:1,18:4,19) | D30: 1 шт. | E30: 2 | J30: 877 | K30: 877
A31: 4 | B31: ТЕРм10-08-001-13 | C31: Монтаж: контроллер С2000-КДЛ-2И | D31: 1 шт. | E31: 2 | F31: 64.92 | G31: 57.52 | H31: 0.37 | K31: 130 | L31: 115 | M31: 1 | O31: 4 | P31: 8
A32: 5 | B32: Цена поставщика | C32: Адресный релейный блок на два реле С2000-СП2 (Ц:1084,16руб:1,18:4,19) | D32: 1 шт. | E32: 2 | J32: 439 | K32: 439
A33: 6 | B33: ТЕРм10-08-001-13 | C33: Монтаж: блок сигнально-пусковой С2000-СП2 | D33: 1 шт. | E33: 2 | F33: 64.92 | G33: 57.52 | H33: 0.37 | K33: 130 | L33: 115 | M33: 1 | O33: 4 | P33: 8
A34: 7 | B34: Цена поставщика | C34: Преобразователь интерфейса RS-232 – RS-485 С2000-Ethernet (Ц:3143.80руб:1,18:4,19) | D34: 1 шт. | E34: 1 | J34: 636 | K34: 636
A35: 8 | B35: ТЕРм10-08-001-13 | C35: Монтаж преобразователя интерфейсов | D35: 1 шт. | E35: 1 | F35: 64.92 | G35: 57.52 | H35: 0.37 | K35: 65 | L35: 58 | O35: 4 | P35: 4
A36: 9 | B36: Цена поставщика | C36: Источник питания СКАТ2400И7 (Ц:4752руб:1,18:4,19) | D36: 1 шт. | E36: 1 | J36: 961 | K36: 961
A37: 10 | B37: ТЕРм10-02-016-06 | C37: Монтаж: преобразователь или блок питания | D37: 1 шт. | E37: 1 | F37: 256.7 | G37: 157.76 | H37: 33.83 | I37: 6.87 | K37: 257 | L37: 158 | M37: 34 | N37: 7 | O37: 10.1 | P37: 10.1
A38: 11 | B38: Цена поставщика | C38: АКБ 12в 12,0 А/ч (Ц:1403,60руб:1,18:5.56) | D38: шт | E38: 2 | F38: 213.94 | K38: 428
A39: 12 | B39: Цена поставщика | C39: Дымовой адресно-аналоговый извещатель "ИП 212-34А" (ДИП-34А-) (Ц:770руб :1,18:5,56) | D39: шт | E39: 33 | F39: 117.36 | K39: 3873
A40: 13 | B40: ТЕРм10-08-002-02 | C40: Извещатель ПС автоматический дымовой, фотоэлектрический, радиоизотопный, световой в нормальном исполнении | D40: 1 шт. | E40: 30 | F40: 28.38 | G40: 22.76 | H40: 0.46 | K40: 851 | L40: 683 | M40: 14 | O40: 1.68 | P40: 50.4
A41: 14 | B41: Цена поставщика | C41: Извещатель пожарный тепловой адресно-аналоговый С2000-ИП-02-02 (Ц:723,25руб :1,18:5,56) | D41: шт | E41: 5 | F41: 110.24 | K41: 551
A42: 15 | B42: ТЕРм10-08-002-02 | C42: Извещатель ПС автоматический дымовой, фотоэлектрический, радиоизотопный, световой в нормальном исполнении | D42: 1 шт. | E42: 4 | F42: 28.38 | G42: 22.76 | H42: 0.46 | K42: 114 | L42: 91 | M42: 2 | O42: 1.68 | P42: 6.72
A43: 16 | B43: Цена поставщика | C43: Извещатель ручной "ИПР 513-ЗАМ" исп. 01 (Ц:600руб 1,18:5,56) | D43: шт | E43: 6 | F43: 91.45 | K43: 549
A44: 17 | B44: ТЕРм10-04-066-05 | C44: Монтаж: извещатель пожарный ручной | D44: 1 шт. | E44: 5 | F44: 13.89 | G44: 12.78 | K44: 69 | L44: 64 | O44: 1 | P44: 5
A45: 18 | B45: Цена поставщика | C45: Адресный расширитель на 2 шл. С2000-АР2 (Ц:479,71руб:1,18:4,19) | D45: 1 шт. | E45: 1 | J45: 97 | K45: 97
A46: 19 | B46: ТЕРм10-08-001-13 | C46: Монтаж: адресный расширитель | D46: 1 шт. | E46: 1 | F46: 64.92 | G46: 57.52 | H46: 0.37 | K46: 65 | L46: 58 | O46: 4 | P46: 4
A47: 20 | B47: Цена поставщика | C47: Извещатель пламени т.Пульсар 3-015НК (Ц:16520руб :1,18:4,19)(Ц:479,71руб:1,18:4,19) | D47: 1 шт. | E47: 3 | J47: 10024 | K47: 10024
A48: 21 | B48: ТЕРм10-08-003-07 | C48: Монтаж извещателей пламени "Пульсар 3-015" | D48: 1 компл. | E48: 2 | F48: 104.48 | G48: 87.8 | H48: 1 | K48: 209 | L48: 176 | M48: 2 | O48: 6.48 | P48: 12.96
A49: 22 | B49: Цена поставщика | C49: Кабель оптоволоконный в металлорукаве для извещателя пламени пожарный "Пульсар 3-015 (Ц:859руб :1,18:5,56) | D49: м | E49: 75 | F49: 130.93 | K49: 9820
A50: 23 | B50: ТЕРм10-01-055-02 | C50: Прокладка оптоволоконного кабеля в металлорукаве для "ПУЛЬСАР 3-015" | D50: 100 м кабеля | E50: 0.5 | F50: 1837.57 | G50: 474.14 | H50: 129.78 | I50: 23.9 | K50: 919 | L50: 237 | M50: 65 | N50: 12 | O50: 37.1 | P50: 18.55
A51: 24 | B51: Цена поставщика | C51: Оповещатель звуковой "Антишок" (Ц:520,20руб :1,18:5,56) | D51: шт | E51: 6 | F51: 79.26 | K51: 476
A52: 25 | B52: ТЕРм10-04-066-05 | C52: Монтаж: оповещатель звуковой | D52: 1 шт. | E52: 6 | F52: 13.89 | G52: 12.78 | K52: 83 | L52: 77 | O52: 1 | P52: 6
A53: 26 | B53: Цена поставщика | C53: Светоуказатель Выход "Люкс-24" (Ц:175руб :1,18:5,56) | D53: шт | E53: 5 | F53: 26.67 | K53: 133
A54: 27 | B54: ТЕРм10-04-066-06 | C54: Монтаж: оповещатель световой | D54: 1 шт. | E54: 5 | F54: 98.76 | G54: 74.88 | K54: 494 | L54: 374 | O54: 6 | P54: 30
A55: 28 | B55: Цена поставщика | C55: Блок защиты от скачков напряжения "Альбатрос-500" (Ц:528руб:1,18:4,19) | D55: шт | E55: 1 | J55: 107 | K55: 107
A56: 29 | B56: ТЕРм10-08-003-03 | C56: Монтаж: блок защиты от скачков напряжения "АЛЬБАТРОС-500" | D56: 1 шт. | E56: 1 | F56: 59.97 | G56: 51.77 | H56: 0.37 | K56: 60 | L56: 52 | O56: 3.6 | P56: 3.6
A57: 30 | B57: ТСЦ-509-0323 | C57: Выключатели автоматические ВА47-29 | D57: шт. | E57: 1 | F57: 33.29 | K57: 33
A58: 31 | B58: ТЕРм08-03-526-01 | C58: Автомат одно-, двух-, трехполюсный, устанавливаемый на конструкции, на ток до 25 А | D58: 1 шт. | E58: 1 | F58: 174.77 | G58: 20.9 | H58: 1.28 | K58: 175 | L58: 21 | M58: 1 | O58: 1.56 | P58: 1.56
A59: 32 | B59: ТСЦ-501-8190 | C59: Кабель силовой с медными жилами с поливинилхлоридной изоляцией в поливинилхлоридной оболочке без защитного покрова ВВГ, напряжением 0,66 Кв, число жил 3 и сечением 1,5 мм2 | D59: 1000 м | E59: 0.08 | F59: 6962.8 | K59: 557
A60: 33 | B60: ТСЦ-501-8183 | C60: Кабель силовой с медными жилами с поливинилхлоридной изоляцией в поливинилхлоридной оболочке без защитного покрова ВВГ, напряжением 0,66 Кв, число жил 2 и сечением 1,5 мм2 | D60: 1000 м | E60: 0.004 | F60: 4439.3 | K60: 18
A61: 34 | B61: ТЕРм08-02-401-01 | C61: Кабель двух-четырехжильный сечением жилы до 16 мм2 с креплением накладными скобами, полосками с установкой ответвительных коробок | D61: 100 м | E61: 0.12 | F61: 4032.86 | G61: 683.7 | H61: 957.86 | I61: 390.47 | K61: 484 | L61: 82 | M61: 115 | N61: 47 | O61: 51.6 | P61: 6.19
A62: 35 | B62: Цена поставщика | C62: Кабель КПСнг(А)-FRLS 1х2х0,5 (Ц:30018руб :1,18:5,56) | D62: 1000 м | E62: 0.556 | F62: 4575.36 | K62: 2544
A63: 36 | B63: Цена поставщика | C63: КПСЭнг(А)-FRLS 2х2х0,5 (Ц:61843руб :1,18:5,56) | D63: 1000 м | E63: 0.012 | F63: 9426.14 | K63: 113
A64: 37 | B64: Цена поставщика | C64: КИПЭВнг(А)-LS 1х2х0,6 (Ц:54600руб :1,18:5,56) | D64: 1000 м | E64: 0.003 | F64: 8322.16 | K64: 25
A65: 38 | B65: ТЕРм08-02-399-01 | C65: Провод (кабель) в коробах, сечением до 6 мм2 | D65: 100 м | E65: 5.71 | F65: 189.23 | G65: 46.64 | H65: 56.09 | I65: 24.55 | K65: 1081 | L65: 266 | M65: 320 | N65: 140 | O65: 3.52 | P65: 20.1
A66: 39 | B66: ТСЦ-503-0460 | C66: Разветвительная коробка УК-2 | D66: шт. | E66: 7 | F66: 2.85 | K66: 20
A67: 40 | B67: ТЕРм10-08-019-01 | C67: Коробка ответвительная на стене | D67: 1 шт. | E67: 6 | F67: 7.32 | G67: 6.88 | K67: 44 | L67: 41 | O67: 0.5 | P67: 3
A68: 41 | B68: ТЕРм10-04-030-04 | C68: Дополнительная установка на пультах и панелях колодки клеммной на 20 клемм | D68: 1 шт. | E68: 4 | F68: 27.06 | G68: 11.51 | K68: 108 | L68: 46 | O68: 1 | P68: 4
A69: 42 | B69: ТСЦ-509-0100 прим. | C69: Клеммная колодка | D69: шт. | E69: 4 | F69: 4.52 | K69: 18
A70: 43 | B70: ТЕРм10-06-037-06 | C70: Шкаф для трубных проводок настенный, размер до 700х1000 мм | D70: 1 шт. | E70: 1 | F70: 140.74 | G70: 27.86 | H70: 3.58 | K70: 141 | L70: 28 | M70: 4 | O70: 2.18 | P70: 2.18
A71: 44 | B71: Цена поставщика | C71: Шкаф автоматики со стеклянной дверцей 700х500х200 SR 7520V (Ц:6838,11руб :1,18:5,56) | D71: шт | E71: 1 | F71: 1042.27 | K71: 1042
A72: 45 | B72: Цена поставщика | C72: Панель модульная PF 7050 (Ц:2180,56руб :1,18:5,56) | D72: шт | E72: 1 | F72: 332.36 | K72: 332
A73: 46 | B73: Цена поставщика | C73: Петли для крепления шкафа АА 1206 (Ц:351,13руб :1,18:5,56) | D73: копл-кт | E73: 1 | F73: 53.52 | K73: 54
A74: 47 | B74: Цена поставщика | C74: Комплект стоек длиной 25 мм (12 шт) АА 8025 (Ц:554,68руб :1,18:5,56) | D74: шт | E74: 1 | F74: 84.54 | K74: 85
A75: 48 | B75: ФЕРм08-02-390-01 | C75: Короба пластмассовые: шириной до 40 мм КОЭФ. К ПОЗИЦИИ: Приведение расценок ФЕР к территориальному уровню (Письмо УРЦЦС Ц-297 от 12.04.2011) ОЗП=1,41; ЭМ=1,242; ЗПМ=1,41; МАТ=1,052 | D75: 100 м | E75: 2.05 | F75: 311.4 | G75: 218.44 | H75: 38.75 | I75: 0.17 | K75: 638 | L75: 448 | M75: 79 | O75: 16.29 | P75: 33.39
A76: 49 | B76: ФССЦ-509-1831 прим. | C76: Кабель-канал (короб) "Электропласт" 15x17 мм КОЭФ. К ПОЗИЦИИ: Приведение расценок ФЕР к территориальному уровню (Письмо УРЦЦС Ц-297 от 12.04.2011) ОЗП=1,41; ЭМ=1,242; ЗПМ=1,41; МАТ=1,052 | D76: м | E76: 205 | F76: 1.8 | K76: 369
A77: 50 | B77: ТСЦ-509-0584 | C77: Резисторы, диоды | D77: шт. | E77: 20 | F77: 1.19 | K77: 24
A78: 51 | B78: ТЕРм11-03-001-01 | C78: Монтаж: резисторы, диоды | D78: 1 шт. | E78: 14 | F78: 8.41 | G78: 7.26 | K78: 118 | L78: 102 | O78: 0.52 | P78: 7.28
A79: 52 | B79: Цена поставщика | C79: Шина нул в корп изол на DIN-рейку ШНИ-6х9-12-К-З ИЭК YNN10-69-12KD-K06 (Ц:59,37руб :1,18:5,56) | D79: шт | E79: 2 | F79: 9.05 | K79: 18
A80: 53 | B80: Цена поставщика | C80: DIN-рейка (40см) оцинкованная (Ц:40,40руб :1,18:5,56) | D80: шт | E80: 1 | F80: 6.16 | K80: 6
A81: 54 | B81: Цена поставщика | C81: Шина "N"нулевая 6х9мм 14/2 (14групп/крепеж по краям) ИЭК YNN11-14-100 (Ц:64,96руб :1,18:5,56) | D81: шт | E81: 2 | F81: 9.9 | K81: 20
A82: 55 | B82: Цена поставщика | C82: Изолятор DIN желтый YIS21 (Ц:8,75руб :1,18:5,56) | D82: шт | E82: 2 | F82: 1.33 | K82: 3
A83: Раздел 2. Пусконаладочные работы (в холостую 80%)
A84: 56 | B84: ТЕРп01-10-001-01 | C84: Сбор и реализация сигналов информации устройств защиты, автоматики электрических и технологических режимов КОЭФ. К ПОЗИЦИИ: 0.10 При выполнении пусконаладочных работ на высоте от 2 до 8м ОЗП=1,1; ТЗ=1,1 | D84: 1 сигнал | E84: 48 | F84: 27.19 | G84: 27.19 | K84: 1305 | L84: 1305 | O84: 1.65 | P84: 79.2
A85: 57 | B85: ТЕРп01-10-010-01 | C85: Схема контроля изоляции электрической сети с помощью электроизмерительных приборов | D85: 1 схема | E85: 2 | F85: 95.38 | G85: 95.38 | K85: 191 | L85: 191 | O85: 6 | P85: 12
A86: 58 | B86: ТЕРп02-01-002-01 | C86: Автоматизированная система управления II категории технической сложности с количеством каналов (Кобщ) 2 | D86: 1 система | E86: 1 | F86: 366.98 | G86: 366.98 | K86: 367 | L86: 367 | O86: 17.6 | P86: 17.6
A87: Итого прямые затраты по смете в ценах 2001г. | K87: 43731 | L87: 5213 | M87: 638 | N87: 206 | P87: 357.83
A88: Итого прямые затраты по смете с учетом коэффициентов к итогам | K88: 46271 | L88: 6504 | M88: 873 | N88: 290 | P88: 436.28
A89: В том числе, справочно:
A90: Районный к-т 4,3% (Поз. 2, 4, 6, 8, 10, 13, 15, 19, 21, 23, 29, 40, 51, 17, 25, 27, 41, 31, 34, 38, 48, 43, 56-58) | K90: 233 | L90: 224 | M90: 9 | N90: 9
A91: Заготовительно-складские расходы на материалы - согласно п.4.64 из МДС 81-35.2004 МАТ=1,02 (Поз. 11, 22, 24, 45-47, 52-55, 12, 14, 16, 26, 35-37, 39, 44) | K91: 402
A92: Транспортные расходы на оборудование - согласно п.4.60 из МДС 81-35.2004 ПЗ=1,03 (ОЗП=1,03; ЭМ=1,03; МАТ=1,03) (Поз. 1, 3, 5, 7, 9, 18, 20, 28) | K92: 434
A93: Заготовительно-складские расходы на оборудование - согласно п.4.64 из МДС 81-35.2004 ПЗ=1,012 (ОЗП=1,012; ЭМ=1,012; МАТ=1,012) (Поз. 1, 3, 5, 7, 9, 18, 20, 28) | K93: 178
A94: 2. Производство монтажных работ в существующих зданиях и сооружениях в стесненных условиях ОЗП=1,35; ЭМ=1,35; ЗПМ=1,35; ТЗ=1,35; ТЗМ=1,35 (Поз. 2, 4, 6, 8, 10, 13, 15, 19, 21, 23, 29, 40, 51, 17, 25, 27, 41, 31, 34, 38, 48, 43) | K94: 1449 | L94: 1223 | M94: 226 | N94: 75 | P94: 87.1605
A95: 3. ПНР на действующих предприятиях в зданиях при наличии в зоне производства работ загромождающих помещения предметов ОЗП=1,15; ТЗ=1,15 (Поз. 56-58) | K95: 291 | L95: 291 | P95: 16.32
A96: Пусконаладочные работы (в холостую 80%) ПЗ=0,8 (ОЗП=0,8; ЭМ=0,8; ЗПМ=0,8; МАТ=0,8; ТЗ=0,8; ТЗМ=0,8) (Поз. 56-58) | K96: -447 | L96: -447 | P96: -25.024
A97: Накладные расходы | K97: 5482
A98: В том числе, справочно:
A99: 65% ФОТ (от 1787) (Поз. 56-58) | K99: 1162
A100: 80% ФОТ (от 2765) (Поз. 2, 4, 6, 8, 10, 13, 15, 19, 21, 23, 29, 40, 51) | K100: 2212
A101: 92% ФОТ (от 790) (Поз. 17, 25, 27, 41) | K101: 727
A102: 95% ФОТ (от 1413) (Поз. 31, 34, 38, 48) | K102: 1342
A103: 100% ФОТ (от 39) (Поз. 43) | K103: 39
...

Sheet 24817
A1: СОГЛАСОВАНО: | E1: ФГУП "Комбинат "Электрохимприбор" | M1: УТВЕРЖДАЮ:
G2: (наименование стройки) | M2: Зам. генерального директора
M3: Е.В.Гордеев
A4: _________________ | M4: _________________
A5: " _____ " ________________ 2013 г. | M5: "______ " __________2013 г.
G6: ЛОКАЛЬНЫЙ СМЕТНЫЙ РАСЧЕТ № 24817
G7: (локальная смета)
C9: на | D9: автоматическую установку пожарной сигнализации и СОУЭ. Отключение вентиляции
E10: Площадка V А. Здание 700. Инв. № 9912226
H11: (наименование работ и затрат, наименование объекта)
D13: Основание: проект № 24546-13-ПС Тема КПМ Т6264.015 | N13: Справочно, в тыс.руб. :
D14: Сметная стоимость _______________________________________________________________________________________________ | J14: ___________________________49,149 | L14: тыс. руб. | N14: ВСЕГО: | P14: =P15+P16+P17 -> 279.30695
D15: монтажных работ _______________________________________________________________________________________________ | J15: _______________________________________________________________________________________________33,325 | L15: тыс. руб. | N15: с К=5,56 | P15: =33.325*5.56 -> 185.287
D16: прочих (ПНР "в холостую") _______________________________________________________________________________________________ | J16: _______________________________________________________________________________________________5,403 | L16: тыс. руб. | N16: с К=9,32 | P16: =5.403*9.32 -> 50.35596
D17: оборудования _______________________________________________________________________________________________ | J17: _______________________________________________________________________________________________10,421 | L17: тыс. руб. | N17: с К=4,19 | P17: =4.19*10.421 -> 43.66399
D18: Средства на оплату труда _______________________________________________________________________________________________ | J18: ___________________________8,450 | L18: тыс. руб. | N18: с К=5,56 | P18: =8.45*5.56 -> 46.982
D19: Сметная трудоемкость _______________________________________________________________________________________________ | J19: _______________________________________________________________________________________________535,1 | L19: чел.час
D20: Материалы ______________________________________ | K20: =K115/1000 -> 17.53 | L20: тыс.руб. | N20: с К=5,56 | P20: =K20*5.56 -> 97.4668
D21: Составлен(а) в базовых ценах 2001г. в редакции 2009г.
A23: № пп | B23: Обоснова-ние | C23: Наименование | D23: Ед. изм. | E23: Кол. | F23: Стоимость единицы, руб. | J23: Общая стоимость, руб. | O23: Т/з осн. раб.на ед. | P23: Т/з осн. раб. Всего | Q23: Общая масса обору-дования, т
F24: Всего | G24: В том числе | J24: Обору-дование | K24: Всего | L24: В том числе
G25: Осн.З/п | H25: Эк.Маш | I25: З/пМех | L25: Осн.З/п | M25: Эк.Маш | N25: З/пМех
A26: 1 | B26: 2 | C26: 3 | D26: 4 | E26: 5 | F26: 6 | G26: 7 | H26: 8 | I26: 9 | J26: 10 | K26: 11 | L26: 12 | M26: 13 | N26: 14 | O26: 15 | P26: 16 | Q26: 17
A27: Раздел 1. Монтажные работы
A28: 1 | B28: Цена поставщика | C28: Пульт контроля и управления С2000-М (Ц:6504,30руб:1,18:4,19) | D28: 1 шт. | E28: 1 | J28: 1316 | K28: 1316
A29: 2 | B29: ТЕРм10-08-001-13 | C29: Монтаж: пульт контроля и управления С2000-М | D29: 1 шт. | E29: 1 | F29: 64.92 | G29: 57.52 | H29: 0.37 | K29: 65 | L29: 58 | O29: 4 | P29: 4
A30: 3 | B30: Цена поставщика | C30: Контроль по двухпроводной линии С2000-КДЛ-2И (Ц:2168,10руб:1,18:4,19) | D30: 1 шт. | E30: 3 | J30: 1316 | K30: 1316
A31: 4 | B31: ТЕРм10-08-001-13 | C31: Монтаж: контроллер С2000-КДЛ-2И | D31: 1 шт. | E31: 3 | F31: 64.92 | G31: 57.52 | H31: 0.37 | K31: 195 | L31: 173 | M31: 1 | O31: 4 | P31: 12
A32: 5 | B32: Цена поставщика | C32: Адресный релейный блок на два реле С2000-СП1 (Ц:1700,60руб:1,18:4,19) | D32: 1 шт. | E32: 2 | J32: 688 | K32: 688
A33: 6 | B33: ТЕРм10-08-001-13 | C33: Монтаж: блок сигнально-пусковой С2000-СП2 | D33: 1 шт. | E33: 2 | F33: 64.92 | G33: 57.52 | H33: 0.37 | K33: 130 | L33: 115 | M33: 1 | O33: 4 | P33: 8
A34: 7 | B34: Цена поставщика | C34: Преобразователь интерфейса RS-232 – RS-485 С2000-Ethernet (Ц:3143.80руб:1,18:4,19) | D34: 1 шт. | E34: 1 | J34: 636 | K34: 636
A35: 8 | B35: ТЕРм10-08-001-13 | C35: Монтаж преобразователя интерфейсов | D35: 1 шт. | E35: 1 | F35: 64.92 | G35: 57.52 | H35: 0.37 | K35: 65 | L35: 58 | O35: 4 | P35: 4
A36: 9 | B36: Цена поставщика | C36: SKAT -V.24DC-18 исп. 5000 (Ц:25006руб:1,18:4,19) | D36: 1 шт. | E36: 1 | J36: 5058 | K36: 5058
A37: 10 | B37: ТЕРм10-02-016-06 | C37: Монтаж: преобразователь или блок питания | D37: 1 шт. | E37: 1 | F37: 256.7 | G37: 157.76 | H37: 33.83 | I37: 6.87 | K37: 257 | L37: 158 | M37: 34 | N37: 7 | O37: 10.1 | P37: 10.1
A38: 11 | B38: Цена поставщика | C38: АКБ 12в 17,0 А/ч (Ц:1755.60руб:1,18:5.56) | D38: шт | E38: 2 | F38: 267.59 | K38: 535
A39: 12 | B39: Цена поставщика | C39: Дымовой адресно-аналоговый извещатель "ИП 212-34А" (ДИП-34А-) (Ц:770руб :1,18:5,56) | D39: шт | E39: 54 | F39: 117.36 | K39: 6337
A40: 13 | B40: ТЕРм10-08-002-02 | C40: Извещатель ПС автоматический дымовой, фотоэлектрический, радиоизотопный, световой в нормальном исполнении | D40: 1 шт. | E40: 49 | F40: 28.38 | G40: 22.76 | H40: 0.46 | K40: 1391 | L40: 1115 | M40: 23 | O40: 1.68 | P40: 82.32
A41: 14 | B41: Цена поставщика | C41: Блок индикации С2000-БИ (Ц:4336,20руб:1,18:4,19) | D41: 1 шт. | E41: 1 | J41: 877 | K41: 877
A42: 15 | B42: ТЕРм10-08-001-13 | C42: Монтаж: блок индикации С2000-БИ | D42: 1 шт. | E42: 1 | F42: 64.92 | G42: 57.52 | H42: 0.37 | K42: 65 | L42: 58 | O42: 4 | P42: 4
A43: 16 | B43: Цена поставщика | C43: Извещатель ручной "ИПР 513-ЗАМ" исп. 01 (Ц:550руб 1,18:5,56) | D43: шт | E43: 7 | F43: 83.83 | K43: 587
A44: 17 | B44: ТЕРм10-04-066-05 | C44: Монтаж: извещатель пожарный ручной | D44: 1 шт. | E44: 6 | F44: 13.89 | G44: 12.78 | K44: 83 | L44: 77 | O44: 1 | P44: 6
A45: 18 | B45: Цена поставщика | C45: Блок разветвительно-изолирующий "Бриз" (Ц:385руб 1,18:5,56) | D45: шт | E45: 7 | F45: 58.68 | K45: 411
A46: 19 | B46: ТЕРм10-08-001-13 | C46: Монтаж: блок БРИЗ | D46: 1 шт. | E46: 6 | F46: 64.92 | G46: 57.52 | H46: 0.37 | K46: 390 | L46: 345 | M46: 2 | O46: 4 | P46: 24
A47: 20 | B47: Цена поставщика | C47: Оповещатель звуковой "Антишок" (Ц:520,20руб :1,18:5,56) | D47: шт | E47: 6 | F47: 79.26 | K47: 476
A48: 21 | B48: ТЕРм10-04-066-05 | C48: Монтаж: оповещатель звуковой | D48: 1 шт. | E48: 6 | F48: 13.89 | G48: 12.78 | K48: 83 | L48: 77 | O48: 1 | P48: 6
A49: 22 | B49: Цена поставщика | C49: Светоуказатель Выход "Люкс-24" (Ц:175руб :1,18:5,56) | D49: шт | E49: 6 | F49: 26.67 | K49: 160
A50: 23 | B50: ТЕРм10-04-066-06 | C50: Монтаж: оповещатель световой | D50: 1 шт. | E50: 6 | F50: 98.76 | G50: 74.88 | K50: 593 | L50: 449 | O50: 6 | P50: 36
A51: 24 | B51: Цена поставщика | C51: Блок защиты от скачков напряжения "Альбатрос-500" (Ц:528руб:1,18:4,19) | D51: шт | E51: 1 | J51: 107 | K51: 107
A52: 25 | B52: ТЕРм10-08-003-03 | C52: Монтаж: блок защиты от скачков напряжения "АЛЬБАТРОС-500" | D52: 1 шт. | E52: 1 | F52: 59.97 | G52: 51.77 | H52: 0.37 | K52: 60 | L52: 52 | O52: 3.6 | P52: 3.6
A53: 26 | B53: ТСЦ-509-0323 | C53: Выключатели автоматические | D53: шт. | E53: 1 | F53: 33.29 | K53: 33
A54: 27 | B54: ТЕРм08-03-526-01 | C54: Автомат одно-, двух-, трехполюсный, устанавливаемый на конструкции, на ток до 25 А | D54: 1 шт. | E54: 1 | F54: 174.77 | G54: 20.9 | H54: 1.28 | K54: 175 | L54: 21 | M54: 1 | O54: 1.56 | P54: 1.56
A55: 28 | B55: ТСЦ-501-8190 | C55: Кабель силовой с медными жилами с поливинилхлоридной изоляцией в поливинилхлоридной оболочке без защитного покрова ВВГ, напряжением 0,66 Кв, число жил 3 и сечением 1,5 мм2 | D55: 1000 м | E55: 0.16 | F55: 6962.8 | K55: 1114
A56: 29 | B56: ТСЦ-501-8183 | C56: Кабель силовой с медными жилами с поливинилхлоридной изоляцией в поливинилхлоридной оболочке без защитного покрова ВВГ, напряжением 0,66 Кв, число жил 2 и сечением 1,5 мм2 | D56: 1000 м | E56: 0.098 | F56: 4439.3 | K56: 435
A57: 30 | B57: ТЕРм08-02-402-01 | C57: Кабель двух-четырехжильный по установленным конструкциям и лоткам с установкой ответвительных коробок в помещениях с нормальной средой сечением жилы до 10 мм2 | D57: 100 м | E57: 1.14 | F57: 1131.61 | G57: 202.73 | H57: 704.04 | I57: 87.33 | K57: 1290 | L57: 231 | M57: 803 | N57: 100 | O57: 15.3 | P57: 17.44
A58: 31 | B58: Цена поставщика | C58: Кабель КПСнг(А)-FRLS 1х2х0,5 (Ц:30018руб :1,18:5,56) | D58: 1000 м | E58: 0.549 | F58: 4575.36 | K58: 2512
A59: 32 | B59: Цена поставщика | C59: КИПЭВнг(А)-LS 1х2х0,6 (Ц:54600руб :1,18:5,56) | D59: 1000 м | E59: 0.045 | F59: 8322.16 | K59: 374
A60: 33 | B60: ТЕРм08-02-399-01 | C60: Провод (кабель) в коробах, сечением до 6 мм2 | D60: 100 м | E60: 5.94 | F60: 189.23 | G60: 46.64 | H60: 56.09 | I60: 24.55 | K60: 1124 | L60: 277 | M60: 333 | N60: 146 | O60: 3.52 | P60: 20.91
A61: 34 | B61: ТСЦ-503-0460 | C61: Разветвительная коробка УК-2 | D61: шт. | E61: 17 | F61: 2.85 | K61: 48
A62: 35 | B62: ТЕРм10-08-019-01 | C62: Коробка ответвительная на стене | D62: 1 шт. | E62: 15 | F62: 7.32 | G62: 6.88 | K62: 110 | L62: 103 | O62: 0.5 | P62: 7.5
A63: 36 | B63: ТЕРм10-04-030-04 | C63: Дополнительная установка на пультах и панелях колодки клеммной на 20 клемм | D63: 1 шт. | E63: 4 | F63: 27.06 | G63: 11.51 | K63: 108 | L63: 46 | O63: 1 | P63: 4
A64: 37 | B64: ТСЦ-509-0100 прим. | C64: Клеммная колодка | D64: шт. | E64: 4 | F64: 4.52 | K64: 18
A65: 38 | B65: ТЕРм10-06-037-06 | C65: Шкаф для трубных проводок настенный, размер до 700х1000 мм | D65: 1 шт. | E65: 1 | F65: 140.74 | G65: 27.86 | H65: 3.58 | K65: 141 | L65: 28 | M65: 4 | O65: 2.18 | P65: 2.18
A66: 39 | B66: Цена поставщика | C66: Шкаф автоматики со стеклянной дверцей 800х600х250 SR 8625V (Ц:9262,94руб :1,18:5,56) | D66: шт | E66: 1 | F66: 1411.86 | K66: 1412
A67: 40 | B67: Цена поставщика | C67: Плата монтажная PF 8060 (Ц:2817,94руб :1,18:5,56) | D67: шт | E67: 1 | F67: 429.51 | K67: 430
A68: 41 | B68: Цена поставщика | C68: Петли для крепления шкафа АА 1206 (Ц:351,13руб :1,18:5,56) | D68: копл-кт | E68: 1 | F68: 53.52 | K68: 54
A69: 42 | B69: Цена поставщика | C69: Комплект стоек длиной 25 мм (12 шт) АА 8025 (Ц:554,68руб :1,18:5,56) | D69: шт | E69: 1 | F69: 84.54 | K69: 85
A70: 43 | B70: ФЕРм08-02-390-01 | C70: Короба пластмассовые: шириной до 40 мм КОЭФ. К ПОЗИЦИИ: Приведение расценок ФЕР к территориальному уровню (Письмо УРЦЦС Ц-297 от 12.04.2011) ОЗП=1,41; ЭМ=1,242; ЗПМ=1,41; МАТ=1,052 | D70: 100 м | E70: 1.08 | F70: 311.4 | G70: 218.44 | H70: 38.75 | I70: 0.17 | K70: 336 | L70: 236 | M70: 42 | O70: 16.29 | P70: 17.59
A71: 44 | B71: ФССЦ-509-1831 прим. | C71: Кабель-канал (короб) "Электропласт" 15x17 мм КОЭФ. К ПОЗИЦИИ: Приведение расценок ФЕР к территориальному уровню (Письмо УРЦЦС Ц-297 от 12.04.2011) ОЗП=1,41; ЭМ=1,242; ЗПМ=1,41; МАТ=1,052 | D71: м | E71: 108 | F71: 1.8 | K71: 194
A72: 45 | B72: ФЕРм08-02-390-02 | C72: Короба пластмассовые: шириной до 63 мм КОЭФ. К ПОЗИЦИИ: Приведение расценок ФЕР к территориальному уровню (Письмо УРЦЦС Ц-297 от 12.04.2011) ОЗП=1,41; ЭМ=1,242; ЗПМ=1,41; МАТ=1,052 | D72: 100 м | E72: 0.43 | F72: 363.95 | G72: 246.59 | H72: 43.79 | I72: 0.17 | K72: 156 | L72: 106 | M72: 19 | O72: 18.39 | P72: 7.91
A73: 46 | B73: ФССЦ-509-1835 прим. | C73: Кабель-канал (короб) "Электропласт" 50x20 мм КОЭФ. К ПОЗИЦИИ: Приведение расценок ФЕР к территориальному уровню (Письмо УРЦЦС Ц-297 от 12.04.2011) ОЗП=1,41; ЭМ=1,242; ЗПМ=1,41; МАТ=1,052 | D73: м | E73: 43 | F73: 4.5 | K73: 194
A74: 47 | B74: ТСЦ-509-0584 | C74: Резисторы, диоды | D74: шт. | E74: 16 | F74: 1.19 | K74: 19
A75: 48 | B75: ТЕРм11-03-001-01 | C75: Монтаж: резисторы, диоды | D75: 1 шт. | E75: 13 | F75: 8.41 | G75: 7.26 | K75: 109 | L75: 94 | O75: 0.52 | P75: 6.76
A76: 49 | B76: Цена поставщика | C76: Шина нул в корп изол на DIN-рейку ШНИ-6х9-12-К-З ИЭК YNN10-69-12KD-K06 (Ц:59,37руб :1,18:5,56) | D76: шт | E76: 2 | F76: 9.05 | K76: 18
A77: 50 | B77: Цена поставщика | C77: DIN-рейка (40см) оцинкованная (Ц:40,40руб :1,18:5,56) | D77: шт | E77: 1 | F77: 6.16 | K77: 6
A78: 51 | B78: Цена поставщика | C78: Шина "N"нулевая 6х9мм 14/2 (14групп/крепеж по краям) ИЭК YNN11-14-100 (Ц:64,96руб :1,18:5,56) | D78: шт | E78: 2 | F78: 9.9 | K78: 20
A79: 52 | B79: Цена поставщика | C79: Изолятор DIN желтый YIS21 (Ц:8,75руб :1,18:5,56) | D79: шт | E79: 2 | F79: 1.33 | K79: 3
A80: Раздел 2. Пусконаладочные работы (в холостую 80%)
A81: Пусконаладочные работы пожарной сигнализации и СОУЭ
A82: 53 | B82: ТЕРп01-10-001-01 | C82: Сбор и реализация сигналов информации устройств защиты, автоматики электрических и технологических режимов КОЭФ. К ПОЗИЦИИ: 0.10 При выполнении пусконаладочных работ на высоте от 2 до 8м ОЗП=1,1; ТЗ=1,1 | D82: 1 сигнал | E82: 67 | F82: 27.19 | G82: 27.19 | K82: 1822 | L82: 1822 | O82: 1.65 | P82: 110.55
A83: 54 | B83: ТЕРп01-10-010-01 | C83: Схема контроля изоляции электрической сети с помощью электроизмерительных приборов | D83: 1 схема | E83: 2 | F83: 95.38 | G83: 95.38 | K83: 191 | L83: 191 | O83: 6 | P83: 12
A84: 55 | B84: ТЕРп02-01-002-01 | C84: Автоматизированная система управления II категории технической сложности с количеством каналов (Кобщ) 2 | D84: 1 система | E84: 1 | F84: 366.98 | G84: 366.98 | K84: 367 | L84: 367 | O84: 17.6 | P84: 17.6
A85: Пусконаладочные работы автоматического отключения вентиляции при пожаре
A86: 56 | B86: ТЕРп01-09-010-04 | C86: Функциональная группа управления релейно-контакторная с общим числом внешних блокировочных связей до 20 | D86: 1 шт. | E86: 1 | F86: 367.07 | G86: 367.07 | K86: 367 | L86: 367 | O86: 22 | P86: 22
A87: Итого прямые затраты по смете в ценах 2001г. | K87: 35146 | L87: 6624 | M87: 1263 | N87: 253 | P87: 448.02
A88: Итого прямые затраты по смете с учетом коэффициентов к итогам | K88: 37764 | L88: 8094 | M88: 1719 | N88: 356 | P88: 535.1
A89: В том числе, справочно:
A90: Районный к-т 4,3% (Поз. 2, 4, 6, 8, 10, 13, 15, 19, 25, 35, 48, 17, 21, 23, 36, 27, 30, 33, 43, 45, 38, 53-56) | K90: 295 | L90: 285 | M90: 11 | N90: 11
A91: Заготовительно-складские расходы на материалы - согласно п.4.64 из МДС 81-35.2004 МАТ=1,02 (Поз. 11, 20, 39-42, 49-52, 12, 16, 18, 22, 31-32) | K91: 269
A92: Транспортные расходы на оборудование - согласно п.4.60 из МДС 81-35.2004 ПЗ=1,03 (ОЗП=1,03; ЭМ=1,03; МАТ=1,03) (Поз. 1, 3, 5, 7, 9, 14, 24) | K92: 300
A93: Заготовительно-складские расходы на оборудование - согласно п.4.64 из МДС 81-35.2004 ПЗ=1,012 (ОЗП=1,012; ЭМ=1,012; МАТ=1,012) (Поз. 1, 3, 5, 7, 9, 14, 24) | K93: 123
A94: 2. Производство монтажных работ в существующих зданиях и сооружениях в стесненных условиях ОЗП=1,35; ЭМ=1,35; ЗПМ=1,35; ТЗ=1,35; ТЗМ=1,35 (Поз. 2, 4, 6, 8, 10, 13, 15, 19, 25, 35, 48, 17, 21, 23, 36, 27, 30, 33, 43, 45, 38) | K94: 1860 | L94: 1415 | M94: 446 | N94: 92 | P94: 100.0545
A95: 3. ПНР на действующих предприятиях в зданиях при наличии в зоне производства работ загромождающих помещения предметов ОЗП=1,15; ТЗ=1,15 (Поз. 53-56) | K95: 430 | L95: 430 | P95: 24.3225
A96: Пусконаладочные работы (в холостую 80%) ПЗ=0,8 (ОЗП=0,8; ЭМ=0,8; ЗПМ=0,8; МАТ=0,8; ТЗ=0,8; ТЗМ=0,8) (Поз. 53-56) | K96: -659 | L96: -659 | P96: -37.294
A97: Накладные расходы | K97: 6717
A98: В том числе, справочно:
A99: 65% ФОТ (от 2636) (Поз. 53-56) | K99: 1713
A100: 80% ФОТ (от 3288) (Поз. 2, 4, 6, 8, 10, 13, 15, 19, 25, 35, 48) | K100: 2630
A101: 92% ФОТ (от 914) (Поз. 17, 21, 23, 36) | K101: 841
A102: 95% ФОТ (от 1573) (Поз. 27, 30, 33, 43, 45) | K102: 1494
A103: 100% ФОТ (от 39) (Поз. 38) | K103: 39
...

Sheet 24865
A1: СОГЛАСОВАНО: | E1: ФГУП "Комбинат "Электрохимприбор" | M1: УТВЕРЖДАЮ:
G2: (наименование стройки) | M2: Зам. генерального директора
M3: Е.В.Гордеев
A4: _________________ | M4: _________________
A5: " _____ " ________________ 2013 г. | M5: "______ " __________2013 г.
G6: ЛОКАЛЬНЫЙ СМЕТНЫЙ РАСЧЕТ № 24865
G7: (взамен сметы № 24712)
D9: на монтаж АПС. Площадка 1. Здание 133. Инв.№ 6510001
H10: (наименование работ и затрат, наименование объекта)
D12: Основание: проект № 24436-12-ПС Изм №53-13 Тема КПМ Т6268.121Н | N12: Справочно, в тыс.руб. :
D13: Сметная стоимость _______________________________________________________________________________________________ | J13: ___________________________25,470 | L13: тыс. руб. | N13: ВСЕГО: | P13: =P14+P15+P16+P17 -> 146.85832
D14: строительных работ _______________________________________________________________________________________________ | J14: _______________________________________________________________________________________________0,244 | L14: тыс. руб. | N14: с К=5,56 | P14: =0.244*5.56 -> 1.35664
D15: монтажных работ _______________________________________________________________________________________________ | J15: _______________________________________________________________________________________________22,936 | L15: тыс. руб. | N15: с К=5,56 | P15: =5.56*22.936 -> 127.52416
D16: прочих (ПНР "в холостую") _______________________________________________________________________________________________ | J16: _______________________________________________________________________________________________1,634 | L16: тыс. руб. | N16: с К=9,32 | P16: =9.32*1.634 -> 15.22888
D17: оборудования _______________________________________________________________________________________________ | J17: _______________________________________________________________________________________________0,656 | L17: тыс. руб. | N17: с К=4,19 | P17: =4.19*0.656 -> 2.74864
D18: Средства на оплату труда _______________________________________________________________________________________________ | J18: ___________________________4,678 | L18: тыс. руб. | N18: с К=5,56 | P18: =5.56*4.678 -> 26.00968
D19: Сметная трудоемкость _______________________________________________________________________________________________ | J19: _______________________________________________________________________________________________302,76 | L19: чел.час
D20: Материалы ______________________________________ | K20: =K103/1000 -> 11.296 | L20: тыс.руб. | N20: с К=5,56 | P20: =K20*5.56 -> 62.80576
D21: Составлен(а) в базовых ценах 2001г. в редакции 2009г.
A23: № пп | B23: Обоснова-ние | C23: Наименование | D23: Ед. изм. | E23: Кол. | F23: Стоимость единицы, руб. | J23: Общая стоимость, руб. | O23: Т/з осн. раб.на ед. | P23: Т/з осн. раб. Всего | Q23: Общая масса обору-дования, т
F24: Всего | G24: В том числе | J24: Обору-дование | K24: Всего | L24: В том числе
G25: Осн.З/п | H25: Эк.Маш | I25: З/пМех | L25: Осн.З/п | M25: Эк.Маш | N25: З/пМех
A26: 1 | B26: 2 | C26: 3 | D26: 4 | E26: 5 | F26: 6 | G26: 7 | H26: 8 | I26: 9 | J26: 10 | K26: 11 | L26: 12 | M26: 13 | N26: 14 | O26: 15 | P26: 16 | Q26: 17
A27: Раздел 1. Монтажные работы
A28: 1 | B28: Цена поставщика | C28: Дымовой пожарный извещатель ИП-212-90 (Ц:230руб :1,18:5,56) | D28: шт | E28: 3 | F28: 35.06 | K28: 105
A29: 2 | B29: ТЕРм10-08-002-02 | C29: Извещатель ПС автоматический дымовой, фотоэлектрический, радиоизотопный, световой в нормальном исполнении | D29: 1 шт. | E29: 2 | F29: 28.38 | G29: 22.76 | H29: 0.46 | K29: 57 | L29: 46 | M29: 1 | O29: 1.68 | P29: 3.36
A30: 3 | B30: Цена поставщика | C30: Извещатель пожарный ручной уличного исполнения WCP3A-R000SF (Ц:4823руб :1,18:5.56) | D30: шт | E30: 2 | F30: 739.11 | K30: 1478
A31: 4 | B31: ТЕРм10-04-066-05 | C31: Монтаж: извещатель пожарный ручной | D31: 1 шт. | E31: 1 | F31: 13.89 | G31: 12.78 | K31: 14 | L31: 13 | O31: 1 | P31: 1
A32: 5 | B32: Цена поставщика | C32: Дымовой пожарный извещатель ИП 103-5/С2-А1 (Ц:47,50руб :1,18:5,56) | D32: шт | E32: 5 | F32: 7.24 | K32: 36
A33: 6 | B33: ТЕРм10-08-002-01 | C33: Извещатель ПС автоматический тепловой электро-контактный, магнитоконтактный в нормальном исполнении | D33: 1 шт. | E33: 4 | F33: 13.84 | G33: 11.38 | H33: 0.17 | K33: 55 | L33: 46 | M33: 1 | O33: 0.84 | P33: 3.36
A34: 7 | B34: Цена поставщика | C34: Извещатель пожарный тепловой взрывозащищенный ИП 101-7е (комп.02) (Ц:3382руб:1,18:5,56) | D34: шт | E34: 2 | F34: 515.49 | K34: 1031
A35: 8 | B35: Цена поставщика | C35: Извещатель пожарный тепловой взрывозащищенный ИП 101-7е (комп.06) (Ц:3497руб:1,18:5,56) | D35: шт | E35: 1 | F35: 533.01 | K35: 533
A36: 9 | B36: ТЕРм10-08-002-03 | C36: Извещатель ПС автоматический тепловой, дымовой, световой во взрывозащищенном исполнении | D36: 1 шт. | E36: 2 | F36: 34.49 | G36: 27.97 | H36: 0.54 | K36: 69 | L36: 56 | M36: 1 | O36: 1.68 | P36: 3.36
A37: 10 | B37: Цена поставщика | C37: Метка адресная управляющая "МА-УОП" (Ц:1150руб :1,18:4,19) | D37: шт | E37: 1 | J37: 233 | K37: 233
A38: 11 | B38: Цена поставщика | C38: Метка пожарно-охранная адресная МА-7ТС (Ц:490руб :1,18:4,19) | D38: шт | E38: 4 | J38: 396 | K38: 396
A39: 12 | B39: ТЕРм10-08-003-05 прим. | C39: Монтаж: метка адресная "Юнитроник" "МА-УОП"; "МА-4У"; "МА-У"; "МА-7ТСН" | D39: 1 шт. | E39: 5 | F39: 86.32 | G39: 78.05 | H39: 0.37 | K39: 432 | L39: 390 | M39: 2 | O39: 5.76 | P39: 28.8
A40: 13 | B40: Цена поставщика | C40: Оповещатель "Маяк-24-КПМ2" (Ц:250руб :1,18:5,56) | D40: шт | E40: 1 | F40: 38.11 | K40: 38
A41: 14 | B41: ТЕРм10-04-066-06 | C41: Монтаж: оповещатель комбинированный | D41: 1 шт. | E41: 1 | F41: 98.76 | G41: 74.88 | K41: 99 | L41: 75 | O41: 6 | P41: 6
A42: 15 | B42: Цена поставщика | C42: Выносное устройство оптической сигнализации УШК-02 (Ц:194,70руб.:1,18:5,56) | D42: шт | E42: 2 | F42: 29.68 | K42: 59
A43: 16 | B43: ТЕРм10-01-039-06 | C43: Монтаж: выносное устройство оптической сигнализации УШК (ВУОС) | D43: 1 шт. | E43: 2 | F43: 24.5 | G43: 24.02 | K43: 49 | L43: 48 | O43: 2 | P43: 4
A44: 17 | B44: Цена поставщика | C44: Коробка распределительная DKC 65мм 53500 (Цена:23руб :1,18:5,56) | D44: шт | E44: 3 | F44: 3.51 | K44: 11
A45: 18 | B45: Цена поставщика | C45: Коробка распределительная DKC 150х110х70 IP55 54000 (Цена:151руб :1,18:5,56) | D45: шт | E45: 7 | F45: 23.02 | K45: 161
A46: 19 | B46: ТЕРм10-04-066-04 | C46: Коробка кабельная соединительная или разветвительная | D46: 1 шт. | E46: 10 | F46: 58.16 | G46: 48.04 | K46: 582 | L46: 480 | O46: 4 | P46: 40
A47: 20 | B47: Цена поставщика | C47: Клеммная колодка 43412NY DKC (Цена:47,65руб :1,18:5,56) | D47: шт | E47: 7 | F47: 7.26 | K47: 51
A48: 21 | B48: ТЕРм10-04-030-04 | C48: Дополнительная установка на пультах и панелях колодки клеммной на 20 клемм | D48: 1 шт. | E48: 7 | F48: 27.06 | G48: 11.51 | K48: 189 | L48: 81 | O48: 1 | P48: 7
A49: 22 | B49: ТСЦ-509-0584 | C49: Резисторы, диоды | D49: шт. | E49: 11 | F49: 1.19 | K49: 13
A50: 23 | B50: ТЕРм11-03-001-01 | C50: Монтаж: резисторы, диоды | D50: 1 шт. | E50: 11 | F50: 8.41 | G50: 7.26 | K50: 93 | L50: 80 | O50: 0.52 | P50: 5.72
A51: 24 | B51: Цена поставщика | C51: Кабель-канал 16х16 "ЭЛЕКОР" CKK10-016-016-1-K01 (Ц:15,82руб:1,18:5.56) | D51: м | E51: 15 | F51: 2.41 | K51: 36
A52: 25 | B52: ФЕРм08-02-390-01 | C52: Короба пластмассовые: шириной до 40 мм КОЭФ. К ПОЗИЦИИ: Приведение расценок ФЕР к территориальному уровню (Письмо УРЦЦС Ц-297 от 12.04.2011) ОЗП=1,41; ЭМ=1,242; ЗПМ=1,41; МАТ=1,052 | D52: 100 м | E52: 0.15 | F52: 311.4 | G52: 218.44 | H52: 38.75 | I52: 0.17 | K52: 47 | L52: 33 | M52: 6 | O52: 16.29 | P52: 2.44
A53: 26 | B53: ТЕРм08-02-399-01 | C53: Провод (кабель) в коробах, сечением до 6 мм2 | D53: 100 м | E53: 0.16 | F53: 189.23 | G53: 46.64 | H53: 56.09 | I53: 24.55 | K53: 30 | L53: 7 | M53: 9 | N53: 4 | O53: 3.52 | P53: 0.56
A54: 27 | B54: Цена поставщика | C54: Кабель КПСнг(А)-FRLS 1х2х0,5 (Ц:24301руб :1,18:5,56) | D54: 1000 м | E54: 0.97 | F54: 3703.97 | K54: 3593
A55: 28 | B55: Цена поставщика | C55: Кабель КВПП-5Е 4х2х0,5 (Ц:17670руб :1,18:5,56) | D55: 1000 м | E55: 0.088 | F55: 269.33 | K55: 24
A56: 29 | B56: Цена поставщика | C56: Кабель для информационных сетей UT 105нг(А)-FRLS FE180 1х2х0,52мм (Ц:17500руб :1,18:5,56) | D56: 1000м | E56: 0.029 | F56: 2667.36 | K56: 77
A57: 30 | B57: ТСЦ-501-8365 прим. | C57: Кабель КВБбШзнг 2х075 | D57: 1000 м | E57: 0.009 | F57: 18467 | K57: 166
A58: 31 | B58: ТЕРм10-01-055-02 | C58: Прокладка кабеля, масса 1 м до 1 кг, по стене кирпичной | D58: 100 м кабеля | E58: 1.87 | F58: 1837.57 | G58: 474.14 | H58: 129.78 | I58: 23.9 | K58: 3436 | L58: 887 | M58: 243 | N58: 45 | O58: 37.1 | P58: 69.38
A59: 32 | B59: ТЕРм08-02-149-01 | C59: Кабель до 35 кВ, подвешиваемый на тросе, масса 1 м кабеля до 1 кг | D59: 100 м кабеля | E59: 0.25 | F59: 4535.61 | G59: 231.71 | H59: 2581.44 | I59: 295.76 | K59: 1134 | L59: 58 | M59: 645 | N59: 74 | O59: 17.1 | P59: 4.28
A60: 33 | B60: ТСЦ-508-0087 | C60: Канат двойной свивки типа ТК, конструкции 6х19(1+6+12)+1 о.с., без покрытия из проволок марки В, маркировочная группа 1770 н/мм2, диаметром 6,5 мм | D60: 10 м | E60: 2.8 | F60: 77.28 | K60: 216
A61: 34 | B61: ТСЦ-103-0002 | C61: Трубы стальные сварные водогазопроводные с резьбой черные легкие (неоцинкованные) диаметр условного прохода 20 мм, толщина стенки 2,5 мм | D61: м | E61: 5 | F61: 14.72 | K61: 74
A62: 35 | B62: ТЕРм08-02-407-01 | C62: Труба стальная по установленным конструкциям, по стенам с креплением скобами, диаметр до 25 мм | D62: 100 м | E62: 0.05 | F62: 2527.2 | G62: 408.1 | H62: 897.93 | I62: 320.97 | K62: 126 | L62: 20 | M62: 45 | N62: 16 | O62: 30.8 | P62: 1.54
A63: 36 | B63: ТСЦ-301-1380 | C63: Трубки защитные гофрированные | D63: м | E63: 9 | F63: 10.01 | K63: 90
A64: 37 | B64: ТЕРм08-02-409-01 | C64: Труба винипластовая по установленным конструкциям, по стенам и колоннам с креплением скобами, диаметр до 25 мм | D64: 100 м | E64: 0.09 | F64: 2435.2 | G64: 315.35 | H64: 611.58 | I64: 248.83 | K64: 219 | L64: 28 | M64: 55 | N64: 22 | O64: 23.8 | P64: 2.14
A65: 38 | B65: ТЕРм08-02-374-01 | C65: Устройство ввода в здание в стальной трубе, провод сечением до 16 мм2, количество проводов в линии 2 | D65: 1 шт. | E65: 2 | F65: 499.66 | G65: 47.48 | H65: 437.69 | I65: 50.96 | K65: 999 | L65: 95 | M65: 875 | N65: 102 | O65: 3.21 | P65: 6.42
A66: 39 | B66: ТЕРм08-02-155-01 | C66: Герметизация проходов при вводе кабелей в помещения уплотнительной массой | D66: 1 проход кабеля | E66: 2 | F66: 22.58 | G66: 6.37 | K66: 45 | L66: 13 | O66: 0.47 | P66: 0.94
A67: 40 | B67: ТЕР46-03-009-08 | C67: Пробивка в кирпичных стенах отверстий круглых диаметром до 50 мм при толщине стен до 51 см | D67: 100 шт. | E67: 0.02 | F67: 5264.08 | G67: 1256.86 | H67: 4007.22 | I67: 443.92 | K67: 105 | L67: 25 | M67: 80 | N67: 9 | O67: 97.13 | P67: 1.94
A68: 41 | B68: ТЕР46-03-017-05 | C68: Заделка отверстий, гнезд и борозд в стенах и перегородках бетонных площадью до 0,1 м2 | D68: 1 м3 заделки | E68: 0.02 | F68: 2078.32 | G68: 857.51 | H68: 44.07 | K68: 42 | L68: 17 | M68: 1 | O68: 75.22 | P68: 1.5
A69: Раздел 2. Пусконаладочные работы
A70: 42 | B70: ТЕРп01-10-001-01 | C70: Сбор и реализация сигналов информации устройств защиты, автоматики электрических и технологических режимов КОЭФ. К ПОЗИЦИИ: 0.10 При выполнении пусконаладочных работ на высоте от 2 до 8м ОЗП=1,1; ТЗ=1,1 | D70: 1 сигнал | E70: 10 | F70: 27.19 | G70: 27.19 | K70: 272 | L70: 272 | O70: 1.65 | P70: 16.5
A71: 43 | B71: ТЕРп01-10-010-01 | C71: Схема контроля изоляции электрической сети с помощью электроизмерительных приборов | D71: 1 схема | E71: 2 | F71: 95.38 | G71: 95.38 | K71: 191 | L71: 191 | O71: 6 | P71: 12
A72: 44 | B72: ТЕРп02-01-002-01 | C72: Автоматизированная система управления II категории технической сложности с количеством каналов (Кобщ) 2 | D72: 1 система | E72: 1 | F72: 366.98 | G72: 366.98 | K72: 367 | L72: 367 | O72: 17.6 | P72: 17.6
A73: Итого прямые затраты по смете в ценах 2001г. | K73: 17073 | L73: 3328 | M73: 1964 | N73: 272 | P73: 239.84
A74: Итого прямые затраты по смете с учетом коэффициентов к итогам | K74: 18890 | L74: 4300 | M74: 2638 | N74: 378 | P74: 302.76
A75: В том числе, справочно:
A76: Районный к-т 4,3% (Поз. 40-41, 2, 6, 9, 12, 16, 23, 31, 4, 14, 19, 21, 25-26, 32, 35, 37-39, 42-44) | K76: 155 | L76: 143 | M76: 12 | N76: 12
A77: Заготовительно-складские расходы на материалы - согласно п.4.64 из МДС 81-35.2004 МАТ=1,02 (Поз. 1, 15, 17-18, 24, 27-29, 3, 5, 7-8, 13, 20) | K77: 144
A78: Транспортные расходы на оборудование - согласно п.4.60 из МДС 81-35.2004 ПЗ=1,03 (ОЗП=1,03; ЭМ=1,03; МАТ=1,03) (Поз. 10-11) | K78: 19
A79: Заготовительно-складские расходы на оборудование - согласно п.4.64 из МДС 81-35.2004 ПЗ=1,012 (ОЗП=1,012; ЭМ=1,012; МАТ=1,012) (Поз. 10-11) | K79: 8
A80: 2. Производство монтажных работ в существующих зданиях и сооружениях в стесненных условиях ОЗП=1,35; ЭМ=1,35; ЗПМ=1,35; ТЗ=1,35; ТЗМ=1,35 (Поз. 2, 6, 9, 12, 16, 23, 31, 4, 14, 19, 21, 25-26, 32, 35, 37-39) | K80: 1560 | L80: 897 | M80: 663 | N80: 96 | P80: 66.605
A81: 3. ПНР на действующих предприятиях в зданиях при наличии в зоне производства работ загромождающих помещения предметов ОЗП=1,15; ТЗ=1,15 (Поз. 42-44) | K81: 130 | L81: 130 | P81: 6.915
A82: Пусконаладочные работы (в холостую 80%) ПЗ=0,8 (ОЗП=0,8; ЭМ=0,8; ЗПМ=0,8; МАТ=0,8; ТЗ=0,8; ТЗМ=0,8) (Поз. 42-44) | K82: -199 | L82: -199 | P82: -10.604
A83: Накладные расходы | K83: 3848
A84: В том числе, справочно:
A85: 65% ФОТ (от 797) (Поз. 42-44) | K85: 518
A86: 80% ФОТ (от 2250) (Поз. 2, 6, 9, 12, 16, 23, 31) | K86: 1800
A87: 92% ФОТ (от 914) (Поз. 4, 14, 19, 21) | K87: 841
A88: 95% ФОТ (от 664) (Поз. 25-26, 32, 35, 37-39) | K88: 631
A89: 110% ФОТ (от 53) (Поз. 40-41) | K89: 58
A90: Сметная прибыль | K90: 2732
A91: В том числе, справочно:
A92: 40% ФОТ (от 797) (Поз. 42-44) | K92: 319
A93: 60% ФОТ (от 2250) (Поз. 2, 6, 9, 12, 16, 23, 31) | K93: 1350
A94: 65% ФОТ (от 1578) (Поз. 4, 14, 19, 21, 25-26, 32, 35, 37-39) | K94: 1026
A95: 70% ФОТ (от 53) (Поз. 40-41) | K95: 37
A96: Итоги по смете:
A97: Итого Строительные работы | K97: 244 | P97: 3.44
A98: Итого Монтажные работы | K98: 22936 | P98: 256.9
A99: Итого Оборудование | K99: 656
A100: Итого Прочие затраты | K100: 1634 | P100: 42.42
A101: Итого | K101: 25470 | P101: 302.76
A102: В том числе:
A103: Материалы | K103: 11296
...

Sheet 24903
A1: СОГЛАСОВАНО: | E1: ФГУП "Комбинат "Электрохимприбор" | M1: УТВЕРЖДАЮ:
G2: (наименование стройки) | M2: Зам. генерального директора
M3: Е.В.Гордеев
A4: _________________ | M4: _________________
A5: " _____ " ________________ 2013 г. | M5: "______ " __________2013 г.
G6: ЛОКАЛЬНЫЙ СМЕТНЫЙ РАСЧЕТ № 24903
G7: (локальная смета)
C9: на | D9: реконструкцию автоматической пожарной сигнализации и СОУЭ. Отключение вентиляции
E10: Площадка 1. Отдел 015. Здание 144А-1. Инв. № 0012108
H11: (наименование работ и затрат, наименование объекта)
D13: Основание: проект № 24524-13-ПТ Тема КПМ Т6263.015 | N13: Справочно, в тыс.руб. :
D14: Сметная стоимость _______________________________________________________________________________________________ | J14: ___________________________663,136 | L14: тыс. руб. | N14: ВСЕГО: | P14: =P15+P16+P17 -> 3365.6775
D15: монтажных работ _______________________________________________________________________________________________ | J15: _______________________________________________________________________________________________382,158 | L15: тыс. руб. | N15: с К=5,56 | P15: =382.158*5.56 -> 2124.7985
D16: прочих (ПНР "в холостую") _______________________________________________________________________________________________ | J16: _______________________________________________________________________________________________12,394 | L16: тыс. руб. | N16: с К=9,32 | P16: =9.32*12.394 -> 115.51208
D17: оборудования _______________________________________________________________________________________________ | J17: _______________________________________________________________________________________________268,584 | L17: тыс. руб. | N17: с К=4,19 | P17: =4.19*268.584 -> 1125.367
D18: Средства на оплату труда _______________________________________________________________________________________________ | J18: ___________________________49,459 | L18: тыс. руб. | N18: с К=5,56 | P18: =5.56*49.459 -> 274.99204
D19: Сметная трудоемкость _______________________________________________________________________________________________ | J19: _______________________________________________________________________________________________3426,98 | L19: чел.час
D20: Материалы ______________________________________ | K20: =K147/1000 -> 271.201 | L20: тыс.руб. | N20: с К=5,56 | P20: =K20*5.56 -> 1507.8776
D21: Составлен(а) в базовых ценах 2001г. в редакции 2009г.
A23: № пп | B23: Обоснова-ние | C23: Наименование | D23: Ед. изм. | E23: Кол. | F23: Стоимость единицы, руб. | J23: Общая стоимость, руб. | O23: Т/з осн. раб.на ед. | P23: Т/з осн. раб. Всего | Q23: Общая масса обору-дования, т
F24: Всего | G24: В том числе | J24: Обору-дование | K24: Всего | L24: В том числе
G25: Осн.З/п | H25: Эк.Маш | I25: З/пМех | L25: Осн.З/п | M25: Эк.Маш | N25: З/пМех
A26: 1 | B26: 2 | C26: 3 | D26: 4 | E26: 5 | F26: 6 | G26: 7 | H26: 8 | I26: 9 | J26: 10 | K26: 11 | L26: 12 | M26: 13 | N26: 14 | O26: 15 | P26: 16 | Q26: 17
A27: Раздел 1. Монтажные работы
A28: 1 | B28: Цена поставщика | C28: Контроль по двухпроводной линии С2000-КДЛ-2И (Ц:2168,10руб:1,18:4,19) | D28: 1 шт. | E28: 2 | J28: 877 | K28: 877
A29: 2 | B29: ТЕРм10-08-001-13 | C29: Монтаж: контроллер С2000-КДЛ-2И | D29: 1 шт. | E29: 2 | F29: 64.92 | G29: 57.52 | H29: 0.37 | K29: 130 | L29: 115 | M29: 1 | O29: 4 | P29: 8
A30: 3 | B30: Цена поставщика | C30: SKAT -V.24DC-18 исп. 5000 (Ц:25006руб:1,18:4,19) | D30: 1 шт. | E30: 1 | J30: 5058 | K30: 5058
A31: 4 | B31: ТЕРм10-02-016-06 | C31: Монтаж: преобразователь или блок питания | D31: 1 шт. | E31: 1 | F31: 256.7 | G31: 157.76 | H31: 33.83 | I31: 6.87 | K31: 257 | L31: 158 | M31: 34 | N31: 7 | O31: 10.1 | P31: 10.1
A32: 5 | B32: Цена поставщика | C32: АКБ 12в 65 А/ч (Ц:2015руб:1,18:5.56) | D32: шт | E32: 2 | F32: 307.13 | K32: 614
A33: 6 | B33: Цена поставщика | C33: Адресный расширитель "С2000-АР2" (Ц:479,71руб:1,18:4,19) | D33: 1 шт. | E33: 2 | J33: 194 | K33: 194
A34: 7 | B34: Цена поставщика | C34: Адресный расширитель "С2000-АР8" (Ц:1601,60руб:1,18:4,19) | D34: 1 шт. | E34: 9 | J34: 2915 | K34: 2915
A35: 8 | B35: ТЕРм10-08-001-13 | C35: Монтаж: адресный расширитель "С2000-АР" | D35: 1 шт. | E35: 10 | F35: 64.92 | G35: 57.52 | H35: 0.37 | K35: 649 | L35: 575 | M35: 4 | O35: 4 | P35: 40
A36: 9 | B36: Цена поставщика | C36: Пульт контроля и управления С2000-М (Ц:6504,30руб:1,18:4,19) | D36: 1 шт. | E36: 2 | J36: 2631 | K36: 2631
A37: 10 | B37: ТЕРм10-08-001-13 | C37: Монтаж: пульт контроля и управления С2000-М | D37: 1 шт. | E37: 1 | F37: 64.92 | G37: 57.52 | H37: 0.37 | K37: 65 | L37: 58 | O37: 4 | P37: 4
A38: 11 | B38: Цена поставщика | C38: Адресный релейный блок на два реле С2000-СП1 (Ц:1700,60руб:1,18:4,19) | D38: 1 шт. | E38: 9 | J38: 1974 | K38: 1974
A39: 12 | B39: ТЕРм10-08-001-13 | C39: Монтаж: блок сигнально-пусковой С2000-СП1 | D39: 1 шт. | E39: 8 | F39: 64.92 | G39: 57.52 | H39: 0.37 | K39: 519 | L39: 460 | M39: 3 | O39: 4 | P39: 32
A40: 13 | B40: Цена поставщика | C40: Извещатель пожарный дымовой оптико-электронный ДИП-34А (Ц:650руб :1,18:5,56) | D40: шт | E40: 48 | F40: 99.07 | K40: 4755
A41: 14 | B41: ТЕРм10-08-003-01 | C41: Монтаж: извещатель пожарный дымовой оптико-электронный ДИП-34А | D41: 1 шт. | E41: 44 | F41: 118.78 | G41: 108.98 | H41: 0.37 | K41: 5226 | L41: 4795 | M41: 16 | O41: 7.92 | P41: 348.48
A42: 15 | B42: Цена поставщика | C42: Извещатель тепловой PHSC-155-EPR (термокабель) (Ц:360руб 1,18:5,56) | D42: м | E42: 1880 | F42: 54.87 | K42: 103156
A43: 16 | B43: ТЕРм10-01-055-08 прим. | C43: Прокладка термокабеля с креплением зажимами монтажными по стене кирпичной | D43: 100 м | E43: 17.1 | F43: 896.52 | G43: 201.77 | H43: 64.43 | I43: 10.62 | K43: 15330 | L43: 3450 | M43: 1102 | N43: 182 | O43: 16.8 | P43: 287.28
A44: 17 | B44: Цена поставщика | C44: Крепежное устройство (зажимам монтажный) WAW-N (Ц:0,89руб :1,18:5,56) | D44: шт | E44: 650 | F44: 0.14 | K44: 91
A45: 18 | B45: Цена поставщика | C45: Извещатель ручной "ИПР 513-ЗАМ" исп. 01 (Ц:650руб 1,18:5,56) | D45: шт | E45: 14 | F45: 99.07 | K45: 1387
A46: 19 | B46: ТЕРм10-04-066-05 | C46: Монтаж: извещатель пожарный ручной | D46: 1 шт. | E46: 13 | F46: 13.89 | G46: 12.78 | K46: 181 | L46: 166 | O46: 1 | P46: 13
A47: 20 | B47: Цена поставщика | C47: Светоуказатель Выход "Люкс-24" (Ц:165руб :1,18:5,56) | D47: шт | E47: 12 | F47: 25.15 | K47: 302
A48: 21 | B48: ТЕРм10-04-066-06 | C48: Монтаж: оповещатель световой | D48: 1 шт. | E48: 11 | F48: 98.76 | G48: 74.88 | K48: 1086 | L48: 824 | O48: 6 | P48: 66
A49: 22 | B49: Цена поставщика | C49: Оповещатель звуковой "Маяк-24-3М" (Ц:150руб :1,18:5,56) | D49: шт | E49: 17 | F49: 22.86 | K49: 389
A50: 23 | B50: ТЕРм10-04-066-05 | C50: Монтаж: оповещатель звуковой | D50: 1 шт. | E50: 15 | F50: 13.89 | G50: 12.78 | K50: 208 | L50: 192 | O50: 1 | P50: 15
A51: 24 | B51: Цена поставщика | C51: Блок защиты от скачков напряжения "Альбатрос-500" (Ц:528руб:1,18:4,19) | D51: шт | E51: 1 | J51: 107 | K51: 107
A52: 25 | B52: ТЕРм10-08-003-03 | C52: Монтаж: блок защиты от скачков напряжения "АЛЬБАТРОС-500" | D52: 1 шт. | E52: 1 | F52: 59.97 | G52: 51.77 | H52: 0.37 | K52: 60 | L52: 52 | O52: 3.6 | P52: 3.6
A53: 26 | B53: ФЕРм08-02-390-01 | C53: Короба пластмассовые: шириной до 40 мм КОЭФ. К ПОЗИЦИИ: Приведение расценок ФЕР к территориальному уровню (Письмо УРЦЦС Ц-297 от 12.04.2011) ОЗП=1,41; ЭМ=1,242; ЗПМ=1,41; МАТ=1,052 | D53: 100 м | E53: 9 | F53: 311.4 | G53: 218.44 | H53: 38.75 | I53: 0.17 | K53: 2803 | L53: 1966 | M53: 349 | N53: 2 | O53: 16.29 | P53: 146.61
A54: 27 | B54: ФССЦ-509-1844 | C54: Кабель-канал (короб) 40х26 мм с комплектующими элементами КОЭФ. К ПОЗИЦИИ: Приведение расценок ФЕР к территориальному уровню (Письмо УРЦЦС Ц-297 от 12.04.2011) ОЗП=1,41; ЭМ=1,242; ЗПМ=1,41; МАТ=1,052 | D54: м | E54: 50 | F54: 30.1 | K54: 1505
A55: 28 | B55: ФССЦ-509-1842 | C55: Кабель-канал (короб) 25х16 мм с комплектующими элементами КОЭФ. К ПОЗИЦИИ: Приведение расценок ФЕР к территориальному уровню (Письмо УРЦЦС Ц-297 от 12.04.2011) ОЗП=1,41; ЭМ=1,242; ЗПМ=1,41; МАТ=1,052 | D55: м | E55: 850 | F55: 15.04 | K55: 12784
A56: 29 | B56: Цена поставщика | C56: Кабель КПСнг(А)-FRLS 1х2х0,5 (Ц:30018руб :1,18:5,56) | D56: 1000м | E56: 0.11 | F56: 4575.36 | K56: 503
A57: 30 | B57: Цена поставщика | C57: Кабель КПСнг(А)-FRLS 1х2х0,75 (Ц:38764руб :1,18:5,56) | D57: 1000м | E57: 1.21 | F57: 5908.43 | K57: 7149
A58: 31 | B58: ТСЦ-501-0787 | C58: Кабели контрольные с медными жилами с поливинилхлоридной изоляцией и оболочкой марки КВВГ, с числом жил - 5 и сечением 0,75 мм2 | D58: 1000 м | E58: 0.33 | F58: 5913.99 | K58: 1952
A59: 32 | B59: Цена поставщика | C59: КИПЭВнг(А)-LS 1х2х0,6 (Ц:54600руб :1,18:5,56) | D59: 1000 м | E59: 0.11 | F59: 8322.16 | K59: 915
A60: 33 | B60: ФССЦ-501-8183 | C60: Кабель силовой с медными жилами с поливинилхлоридной изоляцией в поливинилхлоридной оболочке без защитного покрова ВВГ, напряжением 0,66 Кв, число жил – 2 и сечением 1,5 мм2 КОЭФ. К ПОЗИЦИИ: Приведение расценок ФЕР к территориальному уровню (Письмо УРЦЦС Ц-297 от 12.04.2011) ОЗП=1,41; ЭМ=1,242; ЗПМ=1,41; МАТ=1,052 | D60: 1000 м | E60: 1.155 | F60: 2414.37 | K60: 2789
A61: 34 | B61: ФССЦ-501-8442 | C61: Кабель силовой с медными жилами с поливинилхлоридной изоляцией и оболочкой, не распространяющий горение марки ВВГнг, напряжением 0,66 кВ, с числом жил - 3 и сечением 1,5 мм2 КОЭФ. К ПОЗИЦИИ: Приведение расценок ФЕР к территориальному уровню (Письмо УРЦЦС Ц-297 от 12.04.2011) ОЗП=1,41; ЭМ=1,242; ЗПМ=1,41; МАТ=1,052 | D61: 1000 м | E61: 0.022 | F61: 3194.61 | K61: 70
A62: 35 | B62: ТЕРм08-02-399-01 | C62: Провод (кабель) в коробах, сечением до 6 мм2 | D62: 100 м | E62: 26.7 | F62: 189.23 | G62: 46.64 | H62: 56.09 | I62: 24.55 | K62: 5052 | L62: 1245 | M62: 1498 | N62: 655 | O62: 3.52 | P62: 93.98
A63: 36 | B63: ТСЦ-509-0584 | C63: Резисторы, диоды | D63: шт. | E63: 174 | F63: 1.19 | K63: 207
A64: 37 | B64: ТЕРм11-03-001-01 | C64: Монтаж: резисторы, диоды | D64: 1 шт. | E64: 158 | F64: 8.41 | G64: 7.26 | K64: 1329 | L64: 1147 | O64: 0.52 | P64: 82.16
A65: 38 | B65: ТЕРм10-06-037-06 | C65: Шкаф настенный для приборов, размер до 700х1000 мм | D65: 1 шт. | E65: 1 | F65: 140.74 | G65: 27.86 | H65: 3.58 | K65: 141 | L65: 28 | M65: 4 | O65: 2.18 | P65: 2.18
A66: 39 | B66: Цена поставщика | C66: Шкаф автоматики со стеклянной дверцей 1000х600х300 SRN 10830V (Ц:14796,16руб :1,18:5,56) | D66: шт | E66: 1 | F66: 2255.24 | K66: 2255
A67: 40 | B67: Цена поставщика | C67: Монтажная панель PF 1080 (Ц:2817,94руб :1,18:5,56) | D67: шт | E67: 1 | F67: 429.51 | K67: 430
A68: 41 | B68: Цена поставщика | C68: Петли для крепления шкафа АА 1206 (Ц:351,13руб :1,18:5,56) | D68: копл-кт | E68: 1 | F68: 53.52 | K68: 54
A69: 42 | B69: Цена поставщика | C69: Комплект стоек длиной 50 мм (12 шт) АА 8050 (Ц:839,23руб :1,18:5,56) | D69: шт | E69: 1 | F69: 127.92 | K69: 128
A70: 43 | B70: ТСЦ-503-0461 | C70: Монтажная коробка | D70: шт. | E70: 5 | F70: 20.82 | K70: 104
A71: 44 | B71: ТЕРм10-04-066-04 | C71: Монтаж: коробка ответвительная с кабельными вводами DKC | D71: 1 шт. | E71: 4 | F71: 58.16 | G71: 48.04 | K71: 233 | L71: 192 | O71: 4 | P71: 16
A72: 45 | B72: ТСЦ-509-0213 прим. | C72: Клеммная колодка | D72: шт. | E72: 88 | F72: 16.64 | K72: 1464
A73: 46 | B73: ТЕРм10-04-030-04 | C73: Дополнительная установка на пультах и панелях колодки клеммной на 20 клемм | D73: 1 шт. | E73: 80 | F73: 27.06 | G73: 11.51 | K73: 2165 | L73: 921 | O73: 1 | P73: 80
A74: 47 | B74: ТСЦ-509-0323 | C74: Выключатели автоматические | D74: шт. | E74: 2 | F74: 33.29 | K74: 67
A75: 48 | B75: ТЕРм08-03-526-01 | C75: Автомат одно-, двух-, трехполюсный, устанавливаемый на конструкции, на ток до 25 А | D75: 1 шт. | E75: 2 | F75: 174.77 | G75: 20.9 | H75: 1.28 | K75: 350 | L75: 42 | M75: 3 | O75: 1.56 | P75: 3.12
A76: 49 | B76: Цена поставщика | C76: Бокс КМПн 1/2 для 1-2-х авт.выкл. наружн. уст. ИЭК MKP31-N-02-30-252 (Ц:25,51руб :1,18:5,56) | D76: шт | E76: 1 | F76: 3.89 | K76: 4
A77: 50 | B77: ТЕРм10-06-037-09 | C77: Ящик для трубных проводок протяжной или коробка, размер до 500х500 мм | D77: 1 шт. | E77: 1 | F77: 32.23 | G77: 26.18 | H77: 1.91 | K77: 32 | L77: 26 | M77: 2 | O77: 2.18 | P77: 2.18
A78: 51 | B78: Цена поставщика | C78: Коробка распределительная DKC 80х80х40 IP55 53700 (Цена:34руб :1,18:5,56) | D78: шт | E78: 83 | F78: 5.18 | K78: 430
A79: 52 | B79: ТЕРм10-04-066-04 | C79: Монтаж: коробка ответвительная DKC | D79: 1 шт. | E79: 75 | F79: 58.16 | G79: 48.04 | K79: 4362 | L79: 3603 | O79: 4 | P79: 300
A80: 53 | B80: цена поставщика | C80: Антенна АН2-433 (Ц:1224,30руб :1,18:4,19) | D80: шт | E80: 1 | J80: 248 | K80: 248
A81: 54 | B81: ТЕРм10-04-077-03 | C81: Монтаж: антенна объектовая | D81: 1 шт. | E81: 1 | F81: 572.97 | G81: 383.47 | H81: 109.17 | I81: 22.18 | K81: 573 | L81: 383 | M81: 109 | N81: 22 | O81: 28.3 | P81: 28.3
A82: 55 | B82: ТЕРм10-06-037-05 | C82: Шкаф настенный для приборов, размер до 640х840 мм | D82: 1 шт. | E82: 1 | F82: 121.87 | G82: 26.33 | H82: 2.39 | K82: 122 | L82: 26 | M82: 2 | O82: 2.06 | P82: 2.06
A83: 56 | B83: Цена поставщика | C83: Корпус пластиковый 600х400х160мм с прозрачной крышкой DKC 564301 (Ц:3352,65руб :1,18:4,42) | D83: шт | E83: 1 | F83: 642.81 | K83: 643
A84: 57 | B84: Цена поставщика | C84: Монтажная плата 600х400мм DKC 503640 (Ц:834,62руб :1,18:4,42) | D84: шт | E84: 1 | F84: 160.02 | K84: 160
A85: 58 | B85: Цена поставщика | C85: Коплект стандартных петель DKC 502001 (Ц:66,95руб :1,18:4,42) | D85: комп-кт | E85: 2 | F85: 12.84 | K85: 26
A86: 59 | B86: Цена поставщика | C86: Коплект замка DKC 502003 (Ц:295руб :1,18:4,42) | D86: комп-кт | E86: 1 | F86: 56.56 | K86: 57
A87: 60 | B87: Цена поставщика | C87: Источник питания СКАТ1200 (Ц:3524руб:1,18:4,19) | D87: 1 шт. | E87: 1 | J87: 713 | K87: 713
A88: 61 | B88: ТЕРм10-02-016-06 | C88: Монтаж: преобразователь или блок питания | D88: 1 шт. | E88: 1 | F88: 256.7 | G88: 157.76 | H88: 33.83 | I88: 6.87 | K88: 257 | L88: 158 | M88: 34 | N88: 7 | O88: 10.1 | P88: 10.1
A89: 62 | B89: Цена поставщика | C89: АКБ 12в 17,0 А/ч (Ц:1755.60руб:1,18:5.56) | D89: шт | E89: 1 | F89: 267.59 | K89: 268
A90: 63 | B90: Цена поставщика | C90: Релейный модуль РМ-03 исп. 12VDC (Ц:360руб.:1,18:4,42) | D90: шт | E90: 1 | F90: 69.02 | K90: 69
A91: 64 | B91: ТЕРм11-04-008-01 | C91: Монтаж: релейный модуль | D91: 1 шт. | E91: 1 | F91: 13.88 | G91: 12.54 | H91: 1.09 | K91: 14 | L91: 13 | M91: 1 | O91: 1.03 | P91: 1.03
A92: 65 | B92: Цена поставщика | C92: Кабель КСБнг(А)-FRHF 4х2х0,64 (Ц:85192руб :1,18:4,42) | D92: 1000 м | E92: 0.002 | F92: 16334.07 | K92: 33
A93: 66 | B93: ТЕРм08-02-398-01 | C93: Провод в лотках, сечением до 6 мм2 | D93: 100 м | E93: 0.02 | F93: 138.47 | G93: 22.26 | H93: 30.19 | I93: 12.68 | K93: 3 | M93: 1 | O93: 1.68 | P93: 0.03
A94: 67 | B94: ТЕРм10-01-051-32 | C94: Разделка и включение кабеля или провода однопарного | D94: 10 концов кабеля | E94: 0.8 | F94: 69.11 | G94: 67.75 | K94: 55 | L94: 54 | O94: 5 | P94: 4
A95: 68 | B95: Цена поставщика | C95: Кабель антенный высокочастотный RG213U (50Ом) (Ц:205.93руб :1,18:4,42) | D95: м | E95: 20 | F95: 39.48 | K95: 790
A96: 69 | B96: ТЕРм10-01-055-02 | C96: Прокладка кабеля, масса 1 м до 1 кг, по стене кирпичной | D96: 100 м кабеля | E96: 0.02 | F96: 1837.57 | G96: 474.14 | H96: 129.78 | I96: 23.9 | K96: 37 | L96: 9 | M96: 3 | O96: 37.1 | P96: 0.74
A97: 70 | B97: ТЕРм10-01-051-33 | C97: Разделка и включение кабеля или провода однопарного высокочастотного | D97: 10 концов кабеля | E97: 0.2 | F97: 70.49 | G97: 69.11 | K97: 14 | L97: 14 | O97: 5.1 | P97: 1.02
A98: 71 | B98: Цена поставщика | C98: ВЧ-кабельный разъём N-111B (Ц:100руб :1,18:4,42) | D98: шт | E98: 1 | F98: 19.17 | K98: 19
A99: 72 | B99: Цена поставщика | C99: ВЧ-кабельный разъём N-211B (Ц:122руб :1,18:4,42) | D99: шт | E99: 1 | F99: 23.39 | K99: 23
A100: 73 | B100: Цена поставщика | C100: Передатчик-коммутатор RS-202TD (Ц:5787руб :1,18:4,19) | D100: шт | E100: 1 | J100: 1170 | K100: 1170
A101: 74 | B101: ТЕРм10-04-088-01 | C101: Монтаж: передатчик-коммуникатор RS-202ТD | D101: 1 компл. | E101: 1 | F101: 213.25 | G101: 135.5 | K101: 213 | L101: 136 | O101: 10 | P101: 10
A102: 75 | B102: Цена поставщика | C102: Модуль интерфейсный PIM-430D (Ц:18275руб :1,18:4,19) | D102: шт | E102: 4 | J102: 14785 | K102: 14785
A103: 76 | B103: ТЕРм10-01-001-10 | C103: Монтаж: модуль интерфейсный | D103: 1 шт. | E103: 3 | F103: 98.91 | G103: 76.83 | H103: 16.91 | I103: 3.44 | K103: 297 | L103: 230 | M103: 51 | N103: 10 | O103: 5.67 | P103: 17.01
...

Sheet НМЦ
A1: г. Лесной ФГУП "Комбинат "Электрохимприбор"
A3: Расчет начальной (максимальной) цены
A5: Выполнение работ по монтажу автоматической пожарной сигнализации и системы оповещения и управления эвакуации людей при пожаре на объектах ФГУП «Комбинат «Электрохимприбор»
A8: Составлен в ценах по состоянию на 01.01.2000 г. с переводом в текущие | D8: руб.
A9: Наименование глав ССР, объектных сметных расчетов, локальных сметных расчетов, видов работ | B9: Сметная стоимость в базисных ценах на 01.01.2000 | C9: Текущая стоимость на момент определения начальной (максимальной) цены | D9: № обосновывающего расчета
A13: 1 | B13: 2 | C13: 3 | D13: 4
A14: монтаж АПС и СОУЭ. Здание 411. Инв.№ 5500453 | B14: ='Сводка затрат'!H13 -> 23501 | C14: =ROUND('Сводка затрат'!E13*5.56,0)+ROUND('Сводка затрат'!D13*5.56,0)+ROUND('Сводка затрат'!F13*4.19,0)+ROUND('Сводка затрат'!G13*9.32,0) -> 134835 | D14: 23727
A15: монтаж СОУЭ, системы отключения вентиляции при пожаре. Здание 292. Инв. № 7612877. Раздел: Система оповещения и управления эвакуацией людей при пожаре | B15: ='Сводка затрат'!H14 -> 152475 | C15: =ROUND('Сводка затрат'!E14*5.56,0)+ROUND('Сводка затрат'!D14*5.56,0)+ROUND('Сводка затрат'!F14*4.19,0)+ROUND('Сводка затрат'!G14*9.32,0) -> 866512 | D15: 23857
A16: монтаж СОУЭ, системы отключения вентиляции при пожаре. Здание 292. Инв. № 7612877. Раздел: электроснабжение огнезадерживающих клапанов. | B16: ='Сводка затрат'!H15 -> 160906 | C16: =ROUND('Сводка затрат'!E15*5.56,0)+ROUND('Сводка затрат'!D15*5.56,0)+ROUND('Сводка затрат'!F15*4.19,0)+ROUND('Сводка затрат'!G15*9.32,0) -> 731217 | D16: 23938
A17: монтаж СОУЭ, системы отключения вентиляции при пожаре. Здание 292. Инв. № 7612877. Раздел: управление пожарной автоматикой | B17: ='Сводка затрат'!H16 -> 187278 | C17: =ROUND('Сводка затрат'!E16*5.56,0)+ROUND('Сводка затрат'!D16*5.56,0)+ROUND('Сводка затрат'!F16*4.19,0)+ROUND('Сводка затрат'!G16*9.32,0) -> 1041266 | D17: 24221
A18: монтаж СОУЭ, системы отключения вентиляции при пожаре. Здание 292. Инв. № 7612877. Раздел: управление пожарной автоматикой | B18: ='Сводка затрат'!H17 -> 9494 | C18: =ROUND('Сводка затрат'!E17*5.56,0)+ROUND('Сводка затрат'!D17*5.56,0)+ROUND('Сводка затрат'!F17*4.19,0)+ROUND('Сводка затрат'!G17*9.32,0) -> 49502 | D18: 24289
A19: Монтаж автоматических установок пожаротушения с подключением к существующей АПС в помещении большой окрасочной камеры. Здание 142 участок 2. Инв. № 6200279 | B19: ='Сводка затрат'!H18 -> 143066 | C19: =ROUND('Сводка затрат'!E18*5.56,0)+ROUND('Сводка затрат'!D18*5.56,0)+ROUND('Сводка затрат'!F18*4.19,0)+ROUND('Сводка затрат'!G18*9.32,0) -> 750309 | D19: 24659
A20: монтаж автоматической установки пожарной сигнализации и СОУЭ. Отключение вентсистем. Площадка 1. Здание 301 | B20: ='Сводка затрат'!H19 -> 193899 | C20: =ROUND('Сводка затрат'!E19*5.56,0)+ROUND('Сводка затрат'!D19*5.56,0)+ROUND('Сводка затрат'!F19*4.19,0)+ROUND('Сводка затрат'!G19*9.32,0) -> 983552 | D20: 24671
A21: монтаж автоматической установки пожарной сигнализации и СОУЭ. Отключение вентиляции. Площадка 1. АБК здания 141. МСП121. Инв.№ 5700278 | B21: ='Сводка затрат'!H20 -> 94898 | C21: =ROUND('Сводка затрат'!E20*5.56,0)+ROUND('Сводка затрат'!D20*5.56,0)+ROUND('Сводка затрат'!F20*4.19,0)+ROUND('Сводка затрат'!G20*9.32,0) -> 558447 | D21: 24715
A22: монтаж автоматической установки пожарной сигнализации и СОУЭ. Отключение вентиляции. Площадка 1. Цех 005. Здание 141. Инв.№ 5700278 | B22: ='Сводка затрат'!H21 -> 47797 | C22: =ROUND('Сводка затрат'!E21*5.56,0)+ROUND('Сводка затрат'!D21*5.56,0)+ROUND('Сводка затрат'!F21*4.19,0)+ROUND('Сводка затрат'!G21*9.32,0) -> 275078 | D22: 24780
A23: монтаж автоматической установки пожарной сигнализации и СОУЭ. Площадка 6. Здание 714. | B23: ='Сводка затрат'!H22 -> 55584 | C23: =ROUND('Сводка затрат'!E22*5.56,0)+ROUND('Сводка затрат'!D22*5.56,0)+ROUND('Сводка затрат'!F22*4.19,0)+ROUND('Сводка затрат'!G22*9.32,0) -> 302179 | D23: 24798
A24: монтаж автоматической установки пожарной сигнализации и СОУЭ. Отключение вентиляции. Площадка V А. Здание 700. Инв. № 9912226 | B24: ='Сводка затрат'!H23 -> 49149 | C24: =ROUND('Сводка затрат'!E23*5.56,0)+ROUND('Сводка затрат'!D23*5.56,0)+ROUND('Сводка затрат'!F23*4.19,0)+ROUND('Сводка затрат'!G23*9.32,0) -> 279307 | D24: 24817
A25: монтаж АПС. Площадка 1. Здание 133. Инв.№ 6510001 | B25: ='Сводка затрат'!H24 -> 25470 | C25: =ROUND('Сводка затрат'!E24*5.56,0)+ROUND('Сводка затрат'!D24*5.56,0)+ROUND('Сводка затрат'!F24*4.19,0)+ROUND('Сводка затрат'!G24*9.32,0) -> 146859 | D25: 24865
A26: реконструкция автоматической пожарной сигнализации и СОУЭ. Отключение вентиляции. Площадка 1. Отдел 015. Здание 144А-1. Инв. № 0012108 | B26: ='Сводка затрат'!H25 -> 663136 | C26: =ROUND('Сводка затрат'!E25*5.56,0)+ROUND('Сводка затрат'!D25*5.56,0)+ROUND('Сводка затрат'!F25*4.19,0)+ROUND('Сводка затрат'!G25*9.32,0) -> 3365677 | D26: 24903
A27: Итого | B27: =SUM(B14:B26) -> 1806653 | C27: =SUM(C14:C26) -> 9484740
A29: НДС 18% | C29: =ROUND(C27*18%,2) -> 1707253.2
A31: Всего | C31: =SUM(C27:C30) -> 11191993
A34: Начальник отдела
A35: капитального строительства | C35: В.В. Моляков
A37: Инженер по проектно-сметной работе | C37: Т.Ш. Ковязина
A40: Согласовано | C40: отдел 028

Sheet Сводка затрат
A1: Приложение №__ к договору от "__"______2013 №_______
A3: г. Лесной. ФГУП "Комбинат "Электрохимприбор"
A5: Сводка затрат
A7: Выполнение работ по монтажу автоматической пожарной сигнализации и системы оповещения и управления эвакуации людей при пожаре на объектах ФГУП «Комбинат «Электрохимприбор»
A9: Составлен в ценах по состоянию на 01.01.2000 г.
A10: № п/п | B10: Номера сметных расчетов и смет | C10: Наименование работ и затрат | D10: Сметная стоимость | H10: Общая сметная стоимость, руб.
D11: строительных работ | E11: монтажных работ | F11: оборудования, мебели, инвентаря | G11: прочих затрат
A12: 1 | B12: 2 | C12: 3 | D12: 4 | E12: 5 | F12: 6 | G12: 7 | H12: 8
A13: 1 | B13: 23727 | C13: монтаж АПС и СОУЭ. Здание 411. Инв.№ 5500453 | D13: 0 | E13: ='23727'!K89 -> 16120 | F13: ='23727'!K90 -> 4597 | G13: ='23727'!K91 -> 2784 | H13: =SUM(D13:G13) -> 23501 | I13: =ROUND(D13*5.56,0) -> 0 | J13: =ROUND(E13*5.56,0) -> 89627 | K13: =ROUND(F13*4.19,0) -> 19261 | L13: =ROUND(G13*9.32,0) -> 25947 | M13: =SUM(I13:L13) -> 134835
A14: 2 | B14: 23857 | C14: монтаж СОУЭ, системы отключения вентиляции при пожаре. Здание 292. Инв. № 7612877. Раздел: Система оповещения и управления эвакуацией людей при пожаре | D14: 0 | E14: ='23857'!J83 -> 147488 | F14: 0 | G14: ='23857'!J84 -> 4987 | H14: =SUM(D14:G14) -> 152475 | I14: =ROUND(D14*5.56,0) -> 0 | J14: =ROUND(E14*5.56,0) -> 820033 | K14: =ROUND(F14*4.19,0) -> 0 | L14: =ROUND(G14*9.32,0) -> 46479 | M14: =SUM(I14:L14) -> 866512
A15: 3 | B15: 23938 | C15: монтаж СОУЭ, системы отключения вентиляции при пожаре. Здание 292. Инв. № 7612877. Раздел: электроснабжение огнезадерживающих клапанов. | D15: 0 | E15: ='23938'!K57 -> 41621 | F15: ='23938'!K58 -> 119285 | G15: 0 | H15: =SUM(D15:G15) -> 160906 | I15: =ROUND(D15*5.56,0) -> 0 | J15: =ROUND(E15*5.56,0) -> 231413 | K15: =ROUND(F15*4.19,0) -> 499804 | L15: =ROUND(G15*9.32,0) -> 0 | M15: =SUM(I15:L15) -> 731217
A16: 4 | B16: 24221 | C16: монтаж СОУЭ, системы отключения вентиляции при пожаре. Здание 292. Инв. № 7612877. Раздел: управление пожарной автоматикой | D16: 0 | E16: ='24221'!J60 -> 187278 | F16: 0 | G16: 0 | H16: =SUM(D16:G16) -> 187278 | I16: =ROUND(D16*5.56,0) -> 0 | J16: =ROUND(E16*5.56,0) -> 1041266 | K16: =ROUND(F16*4.19,0) -> 0 | L16: =ROUND(G16*9.32,0) -> 0 | M16: =SUM(I16:L16) -> 1041266
A17: 5 | B17: 24289 | C17: монтаж СОУЭ, системы отключения вентиляции при пожаре. Здание 292. Инв. № 7612877. Раздел: управление пожарной автоматикой | D17: 0 | E17: ='24289'!J59 -> 7096 | F17: ='24289'!J60 -> 2398 | G17: 0 | H17: =SUM(D17:G17) -> 9494 | I17: =ROUND(D17*5.56,0) -> 0 | J17: =ROUND(E17*5.56,0) -> 39454 | K17: =ROUND(F17*4.19,0) -> 10048 | L17: =ROUND(G17*9.32,0) -> 0 | M17: =SUM(I17:L17) -> 49502
A18: 6 | B18: 24659 | C18: Монтаж автоматических установок пожаротушения с подключением к существующей АПС в помещении большой окрасочной камеры. Здание 142 участок 2. Инв. № 6200279 | D18: 0 | E18: ='24659'!K123 -> 103899 | F18: ='24659'!K124 -> 37506 | G18: ='24659'!K125 -> 1661 | H18: =SUM(D18:G18) -> 143066 | I18: =ROUND(D18*5.56,0) -> 0 | J18: =ROUND(E18*5.56,0) -> 577678 | K18: =ROUND(F18*4.19,0) -> 157150 | L18: =ROUND(G18*9.32,0) -> 15481 | M18: =SUM(I18:L18) -> 750309
A19: 7 | B19: 24671 | C19: монтаж автоматической установки пожарной сигнализации и СОУЭ. Отключение вентсистем. Площадка 1. Здание 301 | D19: 0 | E19: ='24671'!K123 -> 94058 | F19: ='24671'!K124 -> 91604 | G19: ='24671'!K125 -> 8237 | H19: =SUM(D19:G19) -> 193899 | I19: =ROUND(D19*5.56,0) -> 0 | J19: =ROUND(E19*5.56,0) -> 522962 | K19: =ROUND(F19*4.19,0) -> 383821 | L19: =ROUND(G19*9.32,0) -> 76769 | M19: =SUM(I19:L19) -> 983552
A20: 8 | B20: 24715 | C20: монтаж автоматической установки пожарной сигнализации и СОУЭ. Отключение вентиляции. Площадка 1. АБК здания 141. МСП121. Инв.№ 5700278 | D20: 0 | E20: ='24715'!K116 -> 79238 | F20: ='24715'!K117 -> 5471 | G20: ='24715'!K118 -> 10189 | H20: =SUM(D20:G20) -> 94898 | I20: =ROUND(D20*5.56,0) -> 0 | J20: =ROUND(E20*5.56,0) -> 440563 | K20: =ROUND(F20*4.19,0) -> 22923 | L20: =ROUND(G20*9.32,0) -> 94961 | M20: =SUM(I20:L20) -> 558447
A21: 9 | B21: 24780 | C21: монтаж автоматической установки пожарной сигнализации и СОУЭ. Отключение вентиляции. Площадка 1. Цех 005. Здание 141. Инв.№ 5700278 | D21: 0 | E21: ='24780'!K108 -> 37979 | F21: ='24780'!K109 -> 5378 | G21: ='24780'!K110 -> 4440 | H21: =SUM(D21:G21) -> 47797 | I21: =ROUND(D21*5.56,0) -> 0 | J21: =ROUND(E21*5.56,0) -> 211163 | K21: =ROUND(F21*4.19,0) -> 22534 | L21: =ROUND(G21*9.32,0) -> 41381 | M21: =SUM(I21:L21) -> 275078
A22: 10 | B22: 24798 | C22: монтаж автоматической установки пожарной сигнализации и СОУЭ. Площадка 6. Здание 714. | D22: 0 | E22: ='24798'!K110 -> 36851 | F22: ='24798'!K111 -> 15069 | G22: ='24798'!K112 -> 3664 | H22: =SUM(D22:G22) -> 55584 | I22: =ROUND(D22*5.56,0) -> 0 | J22: =ROUND(E22*5.56,0) -> 204892 | K22: =ROUND(F22*4.19,0) -> 63139 | L22: =ROUND(G22*9.32,0) -> 34148 | M22: =SUM(I22:L22) -> 302179
A23: 11 | B23: 24817 | C23: монтаж автоматической установки пожарной сигнализации и СОУЭ. Отключение вентиляции. Площадка V А. Здание 700. Инв. № 9912226 | D23: 0 | E23: ='24817'!K110 -> 33325 | F23: ='24817'!K111 -> 10421 | G23: ='24817'!K112 -> 5403 | H23: =SUM(D23:G23) -> 49149 | I23: =ROUND(D23*5.56,0) -> 0 | J23: =ROUND(E23*5.56,0) -> 185287 | K23: =ROUND(F23*4.19,0) -> 43664 | L23: =ROUND(G23*9.32,0) -> 50356 | M23: =SUM(I23:L23) -> 279307
A24: 12 | B24: 24865 | C24: монтаж АПС. Площадка 1. Здание 133. Инв.№ 6510001 | D24: ='24865'!K97 -> 244 | E24: ='24865'!K98 -> 22936 | F24: ='24865'!K99 -> 656 | G24: ='24865'!K100 -> 1634 | H24: =SUM(D24:G24) -> 25470 | I24: =ROUND(D24*5.56,0) -> 1357 | J24: =ROUND(E24*5.56,0) -> 127524 | K24: =ROUND(F24*4.19,0) -> 2749 | L24: =ROUND(G24*9.32,0) -> 15229 | M24: =SUM(I24:L24) -> 146859
A25: 13 | B25: 24903 | C25: реконструкция автоматической пожарной сигнализации и СОУЭ. Отключение вентиляции. Площадка 1. Отдел 015. Здание 144А-1. Инв. № 0012108 | D25: 0 | E25: ='24903'!K142 -> 382158 | F25: ='24903'!K143 -> 268584 | G25: ='24903'!K144 -> 12394 | H25: =SUM(D25:G25) -> 663136 | I25: =ROUND(D25*5.56,0) -> 0 | J25: =ROUND(E25*5.56,0) -> 2124798 | K25: =ROUND(F25*4.19,0) -> 1125367 | L25: =ROUND(G25*9.32,0) -> 115512 | M25: =SUM(I25:L25) -> 3365677
C26: Итого в базисных ценах 2000 г. | D26: =SUM(D13:D25) -> 244 | E26: =SUM(E13:E25) -> 1190047 | F26: =SUM(F13:F25) -> 560969 | G26: =SUM(G13:G25) -> 55393 | H26: =SUM(D26:G26) -> 1806653 | I26: =SUM(I13:I25) -> 1357 | J26: =SUM(J13:J25) -> 6616660 | K26: =SUM(K13:K25) -> 2350460 | L26: =SUM(L13:L25) -> 516263 | M26: =SUM(M13:M25) -> 9484740
C27: Всего в ценах 2013 (Ксмр=5,56, Коб.=4,19, Кпрочие = 9,32) | D27: =ROUND(D26*5.56,0) -> 1357 | E27: =ROUND(E26*5.56,0)-1 -> 6616660 | F27: =ROUND(F26*4.19,0) -> 2350460 | G27: =ROUND(G26*9.32,0) -> 516263 | H27: =SUM(D27:G27) -> 9484740
C28: НДС 18% | D28: =ROUND(D27*18%,2) -> 244.26 | E28: =ROUND(E27*18%,2) -> 1190998.8 | F28: =ROUND(F27*18%,2) -> 423082.8 | G28: =ROUND(G27*18%,2) -> 92927.34 | H28: =SUM(D28:G28) -> 1707253.2
C29: Всего в ценах 2012 с НДС | D29: =SUM(D27:D28) -> 1601.26 | E29: =SUM(E27:E28) -> 7807658.8 | F29: =SUM(F27:F28) -> 2773542.8 | G29: =SUM(G27:G28) -> 609190.34 | H29: =SUM(D29:G29) -> 11191993
C33: ЗАКАЗЧИК: | H33: ПОДРЯДЧИК:
C34: Генеральный директор
C35: ФГУП "Комбинат "Электрохимприбор"
C37: __________________ А.В. Новиков
